Workbook
Name Print_Area_MI: '22現有人數'!$A$3:$L$27
Name PRINT_AREA_MI: '22現有人數'!$A$3:$L$27

Sheet 目錄
A3: 中華民國109年 | L3: 2020
A5: 新竹市警政統計年報 | L5: The Statiatical Yearbook of Hcinchu City Police Bureau
A7: 第16期 | L7: Issue 16
A9: ★ 目錄 ★ | L9: ★ Content ★
C12: 重要警政統計指標 | M12: Statistical Indicators of Police Administration in Hsinchu City
C13: 一、治安 | M13: I.Public Security
D14: 表 1、新竹市刑事案件 | N14: 1、Criminal Cases in Hsinchu City
D15: 表 2、新竹市刑事案件嫌疑犯人數-按年齡組別 | N15: 2、Offenders by Age in Hsinchu City
D16: 表 3、新竹市檢肅毒品數量 | N16: 3、The Quantities of Drugs in Hsinchu City
D17: 表 4、新竹市防止及處理少年事件 | N17: 4、Preventing and Treatment Juvenile Delinquency in Hsinchu City
D18: 表 5、新竹市查獲槍砲彈藥刀械數量 | N18: 5、Illegal Guns, Pistols, Ammunition and Knives Captured in Hsinchu City
D19: 表 6、新竹市處理違反社會秩序維護法案件 | N19: 6、Violation of the Law for Maintaining Public Order in Hsinchu City
D20: 表 7、新竹市查獲經濟案件 | N20: 7、Discovered Economic Frauds in Hsinchu City
C21: 二、交通 | M21: II.Transportation
D22: 表 8、新竹市道路交通事故件數及死傷人數 | N22: 8、Cases of Traffic Accidents and Casualties in Hsinchu City
D23: 表 9、新竹市道路交通事故肇事原因分類件數 | N23: 9、Causes of Traffic Accidents in Hsinchu City
D24: 表10、新竹市道路交通事故肇事車種分類件數 | N24: 10、Related Vehicles of Traffic Accidents in Hsinchu City
D25: 表11、新竹市道路交通事故肇事場所分類件數 | N25: 11、Traffic Accidents by Highway Type and Road Type in Hsinchu City
D26: 表12、新竹市道路交通事故肇事時間分類件數 | N26: 12、Traffic Accidents by Happened Time in Hsinchu City
D27: 表13、新竹市舉發違反道路交通管理事件成果 | N27: 13、Statistics of the Reported Incidents of Traffic Violations in Hsinchu City
D28: 表14、新竹市舉發違反道路交通管理事件成果-按車種別 | N28: 14、Statistics of the Reported Incidents of Traffic Violations by vehicles in Hsinchu City
D29: 表15、新竹市機動車輛分類車輛數 | N29: 15、Number of Registered Motor Vehicles in Hsinchu City
C30: 三、戶口 | D30: 保安民防 | M30: III.Peace Preservation and Civil Defense
D31: 表16、新竹市處理集會遊行案件 | N31: 16、Number of Assembly and Parade Patrolled in Hsinchu City
D32: 表17、新竹市社區治安工作績效 | N32: 17、Community Security Performance in Hsinchu City
C33: 四、行政 | M33: IV.Administrative Affairs
D34: 表18、新竹市取締攤販績效 | N34: 18、Records of Banned Unlicensed Street Peddlers in Hsinchu City
D35: 表20、新竹市輔導民間建立守望相助組織協助維護治安績效 | N35: 20、Number of Cases Solved with the Assistance of Neighborhood Watches Connunities in Hsinchu City
C36: 五、戶口 | M36: V.Household Registration
D37: 表19、新竹市執行警勤區訪查工作成果統計 | N37: 19、 Household Registration Cases Statistics in Hsinchu City
D38: 表20、新竹市失蹤人口統計 | N38: 20、Missing Population in Hsinchu City
D39: 表21、新竹市里、鄰、戶數及現住人口數 | N39: 21、Number of Ts`uns & Lins，Neighborhood，Households and Population
C40: 六、人事及經費 | M40: VI.Personnel and Budgetary Expenditures
D41: 表22、新竹市警察局編制員額與現有人數 | N41: 22、The Personnel Management and Actual Number of Personnel of Hsinchu City Police Bureau
D42: 表23、新竹市警察局現有人數-按職等別 | N42: 23、Actual Number of Personnel of Hsinchu City Police Bureau by Official Grades
D43: 表24、新竹市警察局歲入預、決算 | N43: 24、Budget and Settled Account of Revenues of Hsinchu City Police Bureau
D44: 表25、新竹市警察局歲出預、決算 | N44: 25、Budget and Settled Account of Expenditures of Hsinchu City Police Bureau

Sheet 數據資料
E3: 公式 | F3: input data | G3: 公式
B4: 年(月)別 | F4: 全 般 刑 案 Crime Volume | O4: 竊 盜 | AA4: 暴 力 犯 罪 Violent Crime | AR4: 詐欺 Fraud | AT4: 毒 品 Drugs | BR4: 經 濟 案 件 Economic Frauds | CE4: 道 路 交 通 Traffic
B5: 先至指標表copy | D5: 人口數 | E5: 年中人口數 | F5: 發生數 | M5: 破獲數 | N5: 嫌疑犯 | O5: 發生數 | T5: 破獲數 | Y5: 嫌疑犯 | AA5: 發生數 | AI5: 破獲數 | AJ5: 破獲數 | AQ5: 嫌疑犯 | AR5: 發生數 | AS5: 破獲數 | AT5: 破獲數 | AY5: 嫌疑犯 | AZ5: 查獲數量 | BB5: 0-11 | BD5: 兒童嫌疑犯 Child Offenders | BF5: 12-17 | BH5: 少年嫌疑犯 Juvenile Offenders | BJ5: 18-23 | BL5: 青年嫌疑犯 Adolescent Offenders | BN5: 24~ | BP5: 成年嫌疑犯 Adult Offenders | BR5: 合計 Total | BT5: 違反金融 Against Finance Acts | BV5: 違反洗錢防制法 Violation of Money Laundering Control Act | BX5: 侵害智慧財產權 Infringement of Intellectual Property Rights | BZ5: 其他 Others | CC5: 車輛數 | CD5: 年中車輛 | CE5: A1道路交通事故 Traffic Accident | CH5: 舉發違反道路交通管理事件 Incidents of Traffic Violations
F6: （件） | G6: 竊盜 | H6: 暴力犯罪 | I6: 詐欺 | J6: 毒品 | K6: 公共危險 | L6: 其他 | M6: （件） | N6: （人） | O6: （件） | P6: 重大竊盜 | Q6: 普通竊盜 | R6: 汽車竊盜 | S6: 機車竊盜 | T6: （件） | U6: 重大竊盜 | V6: 普通竊盜 | W6: 汽車竊盜 | X6: 機車竊盜 | Y6: （人） | AA6: （件） | AB6: 故意殺人 | AC6: 擄人勒贖 | AD6: 強盜 | AE6: 搶奪 | AF6: 重傷害 | AG6: 恐嚇取財 | AH6: 強制性交 | AI6: （件） | AJ6: 故意殺人 | AK6: 擄人勒贖 | AL6: 強盜 | AM6: 搶奪 | AN6: 重傷害 | AO6: 恐嚇取財 | AP6: 強制性交 | AQ6: （人） | AR6: （件） | AS6: （件） | AT6: （件） | AU6: 第一級毒品 | AV6: 第二級毒品 | AW6: 第三級毒品 | AX6: 第四級毒品 及其他 | AY6: （人） | AZ6: (公克) | BB6: 兒童 人口數 | BC6: 年中 人口數 | BD6: 人數 | BE6: 兒童 犯罪人口率 | BF6: 少年 人口數 | BG6: 年中 人口數 | BH6: 人數 | BI6: 少年 犯罪人口率 | BJ6: 青年 人口數 | BK6: 年中 人口數 | BL6: 人數 | BM6: 青年 犯罪人口率 | BN6: 成年 人口數 | BO6: 年中 人口數 | BP6: 人數 | BQ6: 成年 犯罪人口率 | BR6: 件數 | BS6: 金額 | BT6: 件數 | BU6: 金額 | BV6: 件數 | BW6: 金額 | BX6: 件數 | BY6: 金額 | BZ6: 件數 | CA6: 金額 | CE6: 件數 | CF6: 死亡 | CG6: 受傷 | CH6: 件數 | CI6: 移公路 監理機關 | CJ6: 警察機關,其他
A7: 序號 | C7: 西元年 | E7: 須調整第1行公式 | G7: （%） | H7: （%） | I7: （%） | J7: （%） | K7: （%） | L7: （%） | O7: ** | P7: （%） | Q7: （%） | R7: （%） | S7: （%） | U7: （%） | V7: （%） | W7: （%） | X7: （%） | AU7: （%） | AV7: （%） | AW7: （%） | AX7: （%） | BR7: （件） | BS7: （千元） | BT7: （件） | BU7: （千元） | BV7: （件） | BW7: （千元） | BX7: （件） | BY7: （千元） | BZ7: （件） | CA7: （千元） | CE7: （件） | CF7: （人） | CG7: （人） | CH7: （件） | CI7: （件） | CJ7: （件）
B8: 民國89年 | D8: 368439 | E8: 365198.5 | F8: 12177 | G8: 10187 | H8: 238 | J8: 607 | K8: 262 | L8: =F8-SUM(G8:K8) -> 883 | M8: 5640 | N8: 2973 | O8: 10187 | P8: 7 | Q8: 1342 | R8: 1301 | S8: 7537 | T8: 4048 | U8: 4 | V8: 424 | W8: 617 | X8: 3003 | Y8: 826 | AA8: 238 | AB8: 30 | AC8: 0 | AD8: 55 | AE8: 126 | AF8: 1 | AG8: 0 | AH8: 26 | AI8: 182 | AJ8: 29 | AK8: 0 | AL8: 56 | AM8: 75 | AN8: 1 | AO8: 0 | AP8: 21 | AQ8: 189 | AR8: 0 | AS8: 0 | AT8: 572 | AU8: 99 | AV8: 464 | AW8: 1 | AX8: 8 | AY8: 824 | AZ8: 9580.79 | BB8: 67703 | BC8: 67386.5 | BD8: 8 | BE8: 1.1871814 | BF8: 33371 | BG8: 33574 | BH8: 358 | BI8: 106.63013 | BJ8: 37160 | BK8: 37175 | BL8: 655 | BM8: 176.19368 | BN8: 230205 | BO8: 227063 | BP8: 1952 | BQ8: 85.967331 | BR8: 85 | BS8: 48796 | BT8: 29 | BU8: 4362 | BX8: 49 | BY8: 44321 | BZ8: 7 | CA8: 113 | CC8: 312136 | CD8: 304502.5 | CE8: 51 | CF8: 52 | CG8: 18 | CJ8: 0
B9: 民國90年 | D9: 373296 | E9: 370867.5 | F9: 12300 | G9: 9710 | H9: 277 | J9: 440 | K9: 443 | L9: =F9-SUM(G9:K9) -> 1430 | M9: 6730 | N9: 3368 | O9: 9710 | P9: 5 | Q9: 1866 | R9: 1438 | S9: 6401 | T9: 4819 | U9: 4 | V9: 454 | W9: 752 | X9: 3609 | Y9: 811 | AA9: 277 | AB9: 35 | AC9: 4 | AD9: 79 | AE9: 105 | AF9: 1 | AG9: 7 | AH9: 46 | AI9: 228 | AJ9: 35 | AK9: 2 | AL9: 67 | AM9: 73 | AN9: 1 | AO9: 4 | AP9: 46 | AQ9: 269 | AR9: 0 | AS9: 0 | AT9: 427 | AU9: 157 | AV9: 248 | AW9: 0 | AX9: 22 | AY9: 609 | AZ9: 5750.86 | BB9: 68094 | BC9: 67898.5 | BD9: 12 | BE9: 1.7673439 | BF9: 32779 | BG9: 33075 | BH9: 395 | BI9: 119.42555 | BJ9: 37340 | BK9: 37250 | BL9: 640 | BM9: 171.81208 | BN9: 235083 | BO9: 232644 | BP9: 2321 | BQ9: 99.766166 | BR9: 51 | BS9: 9827 | BT9: 21 | BU9: 2626 | BX9: 30 | BY9: 7201 | BZ9: 0 | CA9: 0 | CC9: 320168 | CD9: =(CC8+CC9)/2 -> 316152 | CE9: 50 | CF9: 50 | CG9: 17 | CH9: 340179 | CI9: 324063 | CJ9: 16116
B10: 民國91年 | D10: 378797 | E10: =(D10+D9)/2 -> 376046.5 | F10: 12543 | G10: =O10 -> 9749 | H10: =AA10 -> 345 | J10: 528 | K10: 418 | L10: =F10-SUM(G10:K10) -> 1503 | M10: 8010 | N10: 3904 | O10: =SUM(P10:S10) -> 9749 | P10: 4 | Q10: 1792 | R10: 1238 | S10: 6715 | T10: 5904 | U10: 6 | V10: 725 | W10: 861 | X10: 4312 | Y10: 919 | AA10: =SUM(AB10:AH10) -> 345 | AB10: 24 | AC10: 3 | AD10: 100 | AE10: 158 | AF10: 1 | AG10: 1 | AH10: 58 | AI10: =SUM(AJ10:AP10) -> 294 | AJ10: 21 | AK10: 3 | AL10: 94 | AM10: 101 | AN10: 1 | AO10: 1 | AP10: 73 | AQ10: 308 | AR10: =I10 -> 0 | AS10: 0 | AT10: 581 | AU10: 306 | AV10: 264 | AW10: 0 | AX10: =AT10-SUM(AU10:AW10) -> 11 | AY10: 807 | AZ10: 4308.31 | BB10: 68126 | BC10: =(BB10+BB9)/2 -> 68110 | BD10: 9 | BE10: =BD10/BC10*10000 -> 1.3213919 | BF10: 32884 | BG10: =(BF10+BF9)/2 -> 32831.5 | BH10: 319 | BI10: =BH10/BG10*10000 -> 97.162786 | BJ10: 36903 | BK10: =(BJ10+BJ9)/2 -> 37121.5 | BL10: 686 | BM10: =BL10/BK10*10000 -> 184.79857 | BN10: 240884 | BO10: =(BN10+BN9)/2 -> 237983.5 | BP10: 2890 | BQ10: =BP10/BO10*10000 -> 121.43699 | BR10: 73 | BS10: 20346 | BT10: 20 | BU10: 3468 | BX10: 44 | BY10: 14384 | BZ10: =BR10-BT10-BX10 -> 9 | CA10: =BS10-BU10-BY10 -> 2494 | CC10: 323124 | CD10: =(CC9+CC10)/2 -> 321646 | CE10: 45 | CF10: 45 | CG10: 18 | CH10: 361918 | CI10: 350065 | CJ10: =CH10-CI10 -> 11853
B11: 民國92年 | D11: 382897 | E11: =(D11+D10)/2 -> 380847 | F11: 11870 | G11: =O11 -> 9514 | H11: =AA11 -> 203 | J11: 281 | K11: 356 | L11: =F11-SUM(G11:K11) -> 1516 | M11: 7089 | N11: 2502 | O11: =SUM(P11:S11) -> 9514 | P11: 2 | Q11: 1594 | R11: 1342 | S11: 6576 | T11: =SUM(U11:X11) -> 5380 | U11: 0 | V11: 483 | W11: 831 | X11: 4066 | Y11: 595 | AA11: =SUM(AB11:AH11) -> 203 | AB11: 19 | AC11: 3 | AD11: 63 | AE11: 59 | AF11: 3 | AG11: 0 | AH11: 56 | AI11: =SUM(AJ11:AP11) -> 158 | AJ11: 17 | AK11: 2 | AL11: 51 | AM11: 34 | AN11: 3 | AO11: 0 | AP11: 51 | AQ11: 183 | AR11: =I11 -> 0 | AS11: 0 | AT11: 345 | AU11: 185 | AV11: 131 | AW11: 1 | AX11: =AT11-SUM(AU11:AW11) -> 28 | AY11: 480 | AZ11: 9262.2 | BB11: 67439 | BC11: =(BB11+BB10)/2 -> 67782.5 | BD11: 7 | BE11: =ROUND(BD11/BC11*10000,2) -> 1.03 | BF11: 33097 | BG11: =(BF11+BF10)/2 -> 32990.5 | BH11: 264 | BI11: =BH11/BG11*10000 -> 80.023037 | BJ11: 35903 | BK11: =(BJ11+BJ10)/2 -> 36403 | BL11: 430 | BM11: =BL11/BK11*10000 -> 118.12213 | BN11: 246458 | BO11: =(BN11+BN10)/2 -> 243671 | BP11: 1801 | BQ11: =BP11/BO11*10000 -> 73.911134 | BR11: 106 | BS11: 53724 | BT11: 26 | BU11: 29798 | BX11: 72 | BY11: 12460 | BZ11: =BR11-BT11-BX11 -> 8 | CA11: =BS11-BU11-BY11 -> 11466 | CC11: 331251 | CD11: =(CC10+CC11)/2 -> 327187.5 | CE11: 47 | CF11: 47 | CG11: 22 | CH11: 303890 | CI11: 298305 | CJ11: =CH11-CI11 -> 5585
B12: 民國93年 | D12: 386950 | E12: =(D12+D11)/2 -> 384923.5 | F12: 12309 | G12: =O12 -> 8721 | H12: =AA12 -> 181 | J12: 542 | K12: 537 | L12: =F12-SUM(G12:K12) -> 2328 | M12: 7770 | N12: 3435 | O12: =SUM(P12:S12) -> 8721 | P12: 5 | Q12: 1648 | R12: 1445 | S12: 5623 | T12: =SUM(U12:X12) -> 4772 | U12: 4 | V12: 553 | W12: 838 | X12: 3377 | Y12: 682 | AA12: =SUM(AB12:AH12) -> 181 | AB12: 24 | AC12: 2 | AD12: 44 | AE12: 62 | AF12: 2 | AG12: 1 | AH12: 46 | AI12: =SUM(AJ12:AP12) -> 141 | AJ12: 23 | AK12: 1 | AL12: 39 | AM12: 32 | AN12: 2 | AO12: 1 | AP12: 43 | AQ12: 172 | AR12: =I12 -> 0 | AS12: 0 | AT12: 614 | AU12: 281 | AV12: 193 | AW12: 14 | AX12: =AT12-SUM(AU12:AW12) -> 126 | AY12: 774 | AZ12: 4556.94 | BB12: 66803 | BC12: =(BB12+BB11)/2 -> 67121 | BD12: 4 | BE12: =ROUND(BD12/BC12*10000,2) -> 0.6 | BF12: 33730 | BG12: =(BF12+BF11)/2 -> 33413.5 | BH12: 316 | BI12: =BH12/BG12*10000 -> 94.572553 | BJ12: 34461 | BK12: =(BJ12+BJ11)/2 -> 35182 | BL12: 468 | BM12: =BL12/BK12*10000 -> 133.02257 | BN12: 251956 | BO12: =(BN12+BN11)/2 -> 249207 | BP12: 2647 | BQ12: =BP12/BO12*10000 -> 106.21692 | BR12: 126 | BS12: 11590 | BT12: 42 | BU12: 4468 | BX12: 75 | BY12: 6841 | BZ12: =BR12-BT12-BX12 -> 9 | CA12: =BS12-BU12-BY12 -> 281 | CC12: 344851 | CD12: =(CC11+CC12)/2 -> 338051 | CE12: 36 | CF12: 36 | CG12: 11 | CH12: 308749 | CI12: 303980 | CJ12: =CH12-CI12 -> 4769
B13: 民國 94年 | D13: 390692 | E13: =(D13+D12)/2 -> 388821 | F13: 11065 | G13: =O13 -> 6691 | H13: =AA13 -> 207 | I13: 1161 | J13: 791 | K13: 650 | L13: =F13-SUM(G13:K13) -> 1565 | M13: 7296 | N13: 4051 | O13: =SUM(P13:S13) -> 6691 | P13: 6 | Q13: 2348 | R13: 1059 | S13: 3278 | T13: =SUM(U13:X13) -> 4100 | U13: 5 | V13: 821 | W13: 653 | X13: 2621 | Y13: 819 | AA13: =SUM(AB13:AH13) -> 207 | AB13: 17 | AC13: 3 | AD13: 58 | AE13: 83 | AF13: 1 | AG13: 0 | AH13: 45 | AI13: =SUM(AJ13:AP13) -> 161 | AJ13: 16 | AK13: 4 | AL13: 57 | AM13: 38 | AN13: 1 | AO13: 0 | AP13: 45 | AQ13: 173 | AR13: =I13 -> 1161 | AS13: 569 | AT13: 1002 | AU13: 450 | AV13: 326 | AW13: 11 | AX13: =AT13-SUM(AU13:AW13) -> 215 | AY13: 1112 | AZ13: 4663.53 | BB13: 65622 | BC13: =(BB13+BB12)/2 -> 66212.5 | BD13: 13 | BE13: =ROUND(BD13/BC13*10000,2) -> 1.96 | BF13: 34339 | BG13: =(BF13+BF12)/2 -> 34034.5 | BH13: 247 | BI13: =BH13/BG13*10000 -> 72.573418 | BJ13: 33050 | BK13: =(BJ13+BJ12)/2 -> 33755.5 | BL13: 465 | BM13: =BL13/BK13*10000 -> 137.75533 | BN13: 257681 | BO13: =(BN13+BN12)/2 -> 254818.5 | BP13: 3326 | BQ13: =BP13/BO13*10000 -> 130.52428 | BR13: 134 | BS13: 18514 | BT13: 49 | BU13: 11138 | BX13: 75 | BY13: 7172 | BZ13: =BR13-BT13-BX13 -> 10 | CA13: =BS13-BU13-BY13 -> 204 | CC13: 356587 | CD13: =(CC12+CC13)/2 -> 350719 | CE13: 42 | CF13: 42 | CG13: 21 | CH13: 270910 | CI13: 267459 | CJ13: =CH13-CI13 -> 3451
B14: 民國 95年 | D14: 394757 | E14: =(D14+D13)/2 -> 392724.5 | F14: 9676 | G14: =O14 -> 5510 | H14: =AA14 -> 201 | I14: 919 | J14: 579 | K14: 704 | L14: =F14-SUM(G14:K14) -> 1763 | M14: 6613 | N14: 4231 | O14: =SUM(P14:S14) -> 5510 | P14: 1 | Q14: 2278 | R14: 584 | S14: 2647 | T14: =SUM(U14:X14) -> 3322 | U14: 1 | V14: 612 | W14: 351 | X14: 2358 | Y14: 725 | AA14: =SUM(AB14:AH14) -> 201 | AB14: 20 | AC14: 2 | AD14: 49 | AE14: 75 | AF14: 2 | AG14: 0 | AH14: 53 | AI14: =SUM(AJ14:AP14) -> 148 | AJ14: 19 | AK14: 2 | AL14: 38 | AM14: 31 | AN14: 0 | AO14: 0 | AP14: 58 | AQ14: 198 | AR14: =I14 -> 919 | AS14: 736 | AT14: 862 | AU14: 533 | AV14: 324 | AW14: 3 | AX14: =AT14-SUM(AU14:AW14) -> 2 | AY14: 960 | AZ14: 5571.05 | BB14: 64822 | BC14: =(BB14+BB13)/2 -> 65222 | BD14: 5 | BE14: =ROUND(BD14/BC14*10000,2) -> 0.77 | BF14: 34200 | BG14: =(BF14+BF13)/2 -> 34269.5 | BH14: 397 | BI14: =BH14/BG14*10000 -> 115.84645 | BJ14: 32472 | BK14: =(BJ14+BJ13)/2 -> 32761 | BL14: 589 | BM14: =BL14/BK14*10000 -> 179.78694 | BN14: 263263 | BO14: =(BN14+BN13)/2 -> 260472 | BP14: 3240 | BQ14: =BP14/BO14*10000 -> 124.38957 | BR14: 134 | BS14: 50543 | BT14: 69 | BU14: 31389 | BX14: 49 | BY14: 10362 | BZ14: =BR14-BT14-BX14 -> 16 | CA14: =BS14-BU14-BY14 -> 8792 | CC14: 363824 | CD14: =(CC14+CC13)/2 -> 360205.5 | CE14: 53 | CF14: 55 | CG14: 13 | CH14: 258356 | CI14: 255018 | CJ14: =CH14-CI14 -> 3338
A15: 1行 | B15: 民國 96年 | C15: 2007 | D15: 399035 | E15: =(D15+D14)/2 -> 396896 | F15: 9932 | G15: =O15 -> 5547 | H15: =AA15 -> 139 | I15: 1053 | J15: 509 | K15: 901 | L15: =F15-SUM(G15:K15) -> 1783 | M15: 7185 | N15: 4499 | O15: =SUM(P15:S15) -> 5547 | P15: 4 | Q15: 1861 | R15: 798 | S15: 2884 | T15: =SUM(U15:X15) -> 3595 | U15: 2 | V15: 684 | W15: 526 | X15: 2383 | Y15: 694 | AA15: =SUM(AB15:AH15) -> 139 | AB15: 13 | AC15: 0 | AD15: 33 | AE15: 40 | AF15: 0 | AG15: 0 | AH15: 53 | AI15: =SUM(AJ15:AP15) -> 126 | AJ15: 15 | AK15: 0 | AL15: 26 | AM15: 29 | AN15: 0 | AO15: 0 | AP15: 56 | AQ15: 155 | AR15: =I15 -> 1053 | AS15: 972 | AT15: 687 | AU15: 324 | AV15: 353 | AW15: 10 | AX15: =AT15-SUM(AU15:AW15) -> 0 | AY15: 773 | AZ15: 2747.91 | BB15: 63900 | BC15: =(BB15+BB14)/2 -> 64361 | BD15: 6 | BE15: =ROUND(BD15/BC15*10000,2) -> 0.93 | BF15: 34923 | BG15: =(BF15+BF14)/2 -> 34561.5 | BH15: 331 | BI15: =BH15/BG15*10000 -> 95.771306 | BJ15: 31783 | BK15: =(BJ15+BJ14)/2 -> 32127.5 | BL15: 578 | BM15: =BL15/BK15*10000 -> 179.90818 | BN15: 268429 | BO15: =(BN15+BN14)/2 -> 265846 | BP15: 3584 | BQ15: =BP15/BO15*10000 -> 134.81489 | BR15: 183 | BS15: 240654 | BT15: 97 | BU15: 132248 | BV15: 0 | BX15: 61 | BY15: 105458 | BZ15: =BR15-BT15-BX15-BV15 -> 25 | CA15: =BS15-BU15-BY15-BW15 -> 2948 | CC15: 373977 | CD15: =(CC14+CC15)/2 -> 368900.5 | CE15: 33 | CF15: 34 | CG15: 10 | CH15: 162858 | CI15: 158929 | CJ15: =CH15-CI15 -> 3929
A16: 插入 | B16: 民國 97年 | C16: 2008 | D16: 405371 | E16: =(D16+D15)/2 -> 402203 | F16: 7936 | G16: =O16 -> 4218 | H16: =AA16 -> 125 | I16: 955 | J16: 661 | K16: 706 | L16: =F16-SUM(G16:K16) -> 1271 | M16: 6366 | N16: 4575 | O16: =SUM(P16:S16) -> 4218 | P16: 2 | Q16: 1449 | R16: 590 | S16: 2177 | T16: =SUM(U16:X16) -> 2918 | U16: 0 | V16: 641 | W16: 372 | X16: 1905 | Y16: 779 | AA16: =SUM(AB16:AH16) -> 125 | AB16: 11 | AC16: 0 | AD16: 19 | AE16: 29 | AF16: 1 | AG16: 0 | AH16: 65 | AI16: =SUM(AJ16:AP16) -> 128 | AJ16: 10 | AK16: 0 | AL16: 23 | AM16: 32 | AN16: 1 | AO16: 0 | AP16: 62 | AQ16: 160 | AR16: =I16 -> 955 | AS16: 1010 | AT16: 839 | AU16: 481 | AV16: 346 | AW16: 11 | AX16: =AT16-SUM(AU16:AW16) -> 1 | AY16: 941 | AZ16: 8251.05 | BB16: 63265 | BC16: =(BB16+BB15)/2 -> 63582.5 | BD16: 10 | BE16: =ROUND(BD16/BC16*10000,2) -> 1.57 | BF16: 35189 | BG16: =(BF16+BF15)/2 -> 35056 | BH16: 215 | BI16: =BH16/BG16*10000 -> 61.330443 | BJ16: 31798 | BK16: =(BJ16+BJ15)/2 -> 31790.5 | BL16: 539 | BM16: =BL16/BK16*10000 -> 169.54751 | BN16: 275119 | BO16: =(BN16+BN15)/2 -> 271774 | BP16: 3811 | BQ16: =BP16/BO16*10000 -> 140.22681 | BR16: 177 | BS16: 59825 | BT16: 121 | BU16: 53907 | BV16: 0 | BX16: 43 | BY16: 1444 | BZ16: =BR16-BT16-BX16-BV16 -> 13 | CA16: =BS16-BU16-BY16-BW16 -> 4474 | CC16: 384019 | CD16: =(CC15+CC16)/2 -> 378998 | CE16: 28 | CF16: 29 | CG16: 16 | CH16: 217821 | CI16: 214826 | CJ16: =CH16-CI16 -> 2995
B17: 民國 98年 | C17: 2009 | D17: 411587 | E17: =(D17+D16)/2 -> 408479 | F17: 6515 | G17: =O17 -> 3172 | H17: =AA17 -> 76 | I17: 762 | J17: 524 | K17: 889 | L17: =F17-SUM(G17:K17) -> 1092 | M17: 5720 | N17: 4714 | O17: =SUM(P17:S17) -> 3172 | P17: 0 | Q17: 992 | R17: 511 | S17: 1669 | T17: =SUM(U17:X17) -> 2354 | U17: 0 | V17: 683 | W17: 220 | X17: 1451 | Y17: 768 | AA17: =SUM(AB17:AH17) -> 76 | AB17: 10 | AC17: 0 | AD17: 18 | AE17: 17 | AF17: 1 | AG17: 0 | AH17: 30 | AI17: =SUM(AJ17:AP17) -> 84 | AJ17: 13 | AK17: 0 | AL17: 22 | AM17: 20 | AN17: 1 | AO17: 0 | AP17: 28 | AQ17: 109 | AR17: =I17 -> 762 | AS17: 931 | AT17: 622 | AU17: 291 | AV17: 314 | AW17: 17 | AX17: =AT17-SUM(AU17:AW17) -> 0 | AY17: 742 | AZ17: 169344.85 | BB17: 62445 | BC17: =(BB17+BB16)/2 -> 62855 | BD17: 6 | BE17: =ROUND(BD17/BC17*10000,2) -> 0.95 | BF17: 35678 | BG17: =(BF17+BF16)/2 -> 35433.5 | BH17: 267 | BI17: =BH17/BG17*10000 -> 75.352421 | BJ17: 32064 | BK17: =(BJ17+BJ16)/2 -> 31931 | BL17: 510 | BM17: =BL17/BK17*10000 -> 159.71939 | BN17: 281400 | BO17: =(BN17+BN16)/2 -> 278259.5 | BP17: 3931 | BQ17: =BP17/BO17*10000 -> 141.27101 | BR17: 160 | BS17: 251584 | BT17: 96 | BU17: 217343 | BV17: 0 | BX17: 33 | BY17: 26916 | BZ17: =BR17-BT17-BX17-BV17 -> 31 | CA17: =BS17-BU17-BY17-BW17 -> 7325 | CC17: 392140 | CD17: =(CC16+CC17)/2 -> 388079.5 | CE17: 31 | CF17: 31 | CG17: 10 | CH17: 204936 | CI17: 202640 | CJ17: =CH17-CI17 -> 2296
B18: 民國 99年 | C18: 2010 | D18: 415344 | E18: =(D18+D17)/2 -> 413465.5 | F18: 6386 | G18: =O18 -> 2796 | H18: =AA18 -> 69 | I18: 564 | J18: 632 | K18: 936 | L18: =F18-SUM(G18:K18) -> 1389 | M18: 5676 | N18: 5049 | O18: =SUM(P18:S18) -> 2796 | P18: 0 | Q18: 866 | R18: 483 | S18: 1447 | T18: =SUM(U18:X18) -> 2271 | U18: 2 | V18: 667 | W18: 321 | X18: 1281 | Y18: 801 | AA18: =SUM(AB18:AH18) -> 69 | AB18: 7 | AC18: 1 | AD18: 18 | AE18: 7 | AF18: 1 | AG18: 0 | AH18: 35 | AI18: =SUM(AJ18:AP18) -> 68 | AJ18: 7 | AK18: 2 | AL18: 19 | AM18: 5 | AN18: 1 | AO18: 0 | AP18: 34 | AQ18: 98 | AR18: =I18 -> 564 | AS18: 516 | AT18: 745 | AU18: 216 | AV18: 493 | AW18: 36 | AX18: =AT18-SUM(AU18:AW18) -> 0 | AY18: 956 | AZ18: 188759.73 | BB18: 61865 | BC18: =(BB18+BB17)/2 -> 62155 | BD18: 6 | BE18: =ROUND(BD18/BC18*10000,2) -> 0.97 | BF18: 34983 | BG18: =(BF18+BF17)/2 -> 35330.5 | BH18: 323 | BI18: =BH18/BG18*10000 -> 91.422425 | BJ18: 32479 | BK18: =(BJ18+BJ17)/2 -> 32271.5 | BL18: 707 | BM18: =BL18/BK18*10000 -> 219.07875 | BN18: 286017 | BO18: =(BN18+BN17)/2 -> 283708.5 | BP18: 4013 | BQ18: =BP18/BO18*10000 -> 141.448 | BR18: 168 | BS18: 24773 | BT18: 95 | BU18: 19371 | BV18: 0 | BX18: 45 | BY18: 707 | BZ18: =BR18-BT18-BX18-BV18 -> 28 | CA18: =BS18-BU18-BY18-BW18 -> 4695 | CC18: 397821 | CD18: =(CC17+CC18)/2 -> 394980.5 | CE18: 18 | CF18: 19 | CG18: 9 | CH18: 215382 | CI18: 212694 | CJ18: =CH18-CI18 -> 2688
A19: 1 | B19: 民國100年 | C19: 2011 | D19: 420052 | E19: =(D19+D18)/2 -> 417698 | F19: 6291 | G19: =O19 -> 2147 | H19: =AA19 -> 57 | I19: 396 | J19: 622 | K19: 1281 | L19: =F19-SUM(G19:K19) -> 1788 | M19: 5696 | N19: 5498 | O19: =SUM(P19:S19) -> 2147 | P19: 1 | Q19: 856 | R19: 283 | S19: 1007 | T19: =SUM(U19:X19) -> 1752 | U19: 2 | V19: 638 | W19: 184 | X19: 928 | Y19: 745 | AA19: =SUM(AB19:AH19) -> 57 | AB19: 9 | AC19: 1 | AD19: 7 | AE19: 6 | AF19: 1 | AG19: 0 | AH19: 33 | AI19: =SUM(AJ19:AP19) -> 54 | AJ19: 9 | AK19: 1 | AL19: 8 | AM19: 5 | AN19: 1 | AO19: 0 | AP19: 30 | AQ19: 96 | AR19: =I19 -> 396 | AS19: 363 | AT19: 712 | AU19: 222 | AV19: 451 | AW19: 37 | AX19: =AT19-SUM(AU19:AW19) -> 2 | AY19: 930 | AZ19: 555877.04 | BB19: 61549 | BC19: =(BB19+BB18)/2 -> 61707 | BD19: 4 | BE19: =ROUND(BD19/BC19*10000,2) -> 0.65 | BF19: 34628 | BG19: =(BF19+BF18)/2 -> 34805.5 | BH19: 480 | BI19: =BH19/BG19*10000 -> 137.90924 | BJ19: 33058 | BK19: =(BJ19+BJ18)/2 -> 32768.5 | BL19: 734 | BM19: =BL19/BK19*10000 -> 223.99561 | BN19: 290817 | BO19: =(BN19+BN18)/2 -> 288417 | BP19: 4280 | BQ19: =BP19/BO19*10000 -> 148.39625 | BR19: 146 | BS19: 88009 | BT19: 93 | BU19: 65568 | BV19: 0 | BX19: 44 | BY19: 15963 | BZ19: =BR19-BT19-BX19-BV19 -> 9 | CA19: =BS19-BU19-BY19-BW19 -> 6478 | CC19: 409105 | CD19: =(CC18+CC19)/2 -> 403463 | CE19: 34 | CF19: 36 | CG19: 13 | CH19: 236468 | CI19: 233864 | CJ19: =CH19-CI19 -> 2604
A20: 2 | B20: 民國101年 | C20: 2012 | D20: 425071 | E20: =(D20+D19)/2 -> 422561.5 | F20: 6006 | G20: =O20 -> 1865 | H20: =AA20 -> 76 | I20: 265 | J20: 560 | K20: 1466 | L20: =F20-SUM(G20:K20) -> 1774 | M20: 5711 | N20: 5525 | O20: =SUM(P20:S20) -> 1865 | P20: 1 | Q20: 789 | R20: 179 | S20: 896 | T20: =SUM(U20:X20) -> 1590 | U20: 1 | V20: 626 | W20: 160 | X20: 803 | Y20: 748 | AA20: =SUM(AB20:AH20) -> 76 | AB20: 20 | AC20: 1 | AD20: 21 | AE20: 8 | AF20: 0 | AG20: 0 | AH20: 26 | AI20: =SUM(AJ20:AP20) -> 76 | AJ20: 20 | AK20: 1 | AL20: 22 | AM20: 5 | AN20: 0 | AO20: 0 | AP20: 28 | AQ20: 125 | AR20: =I20 -> 265 | AS20: 264 | AT20: 659 | AU20: 246 | AV20: 349 | AW20: 64 | AX20: =AT20-SUM(AU20:AW20) -> 0 | AY20: 757 | AZ20: 89336.51 | BB20: 61405 | BC20: =(BB20+BB19)/2 -> 61477 | BD20: 13 | BE20: =ROUND(BD20/BC20*10000,2) -> 2.11 | BF20: 35096 | BG20: =(BF20+BF19)/2 -> 34862 | BH20: 413 | BI20: =ROUND(BH20/BG20*10000,2) -> 118.47 | BJ20: 32985 | BK20: =(BJ20+BJ19)/2 -> 33021.5 | BL20: 782 | BM20: =BL20/BK20*10000 -> 236.81541 | BN20: 295585 | BO20: =(BN20+BN19)/2 -> 293201 | BP20: 4317 | BQ20: =BP20/BO20*10000 -> 147.23688 | BR20: 128 | BS20: 25143 | BT20: 64 | BU20: 11255 | BV20: 0 | BX20: 48 | BY20: 9911 | BZ20: =BR20-BT20-BX20-BV20 -> 16 | CA20: =BS20-BU20-BY20-BW20 -> 3977 | CC20: 411113 | CD20: =(CC19+CC20)/2 -> 410109 | CE20: 30 | CF20: 31 | CG20: 18 | CH20: 250292 | CI20: 247814 | CJ20: =CH20-CI20 -> 2478
A21: 3 | B21: 民國102年 | C21: 2013 | D21: 428483 | E21: =(D21+D20)/2 -> 426777 | F21: 6131 | G21: =O21 -> 1916 | H21: =AA21 -> 76 | I21: 369 | J21: 612 | K21: 1454 | L21: =F21-SUM(G21:K21) -> 1704 | M21: 5490 | N21: 5170 | O21: =SUM(P21:S21) -> 1916 | P21: 0 | Q21: 848 | R21: 175 | S21: 893 | T21: =SUM(U21:X21) -> 1535 | U21: 2 | V21: 632 | W21: 158 | X21: 743 | Y21: 671 | AA21: =SUM(AB21:AH21) -> 76 | AB21: 19 | AC21: 0 | AD21: 14 | AE21: 9 | AF21: 0 | AG21: 0 | AH21: 34 | AI21: =SUM(AJ21:AP21) -> 76 | AJ21: 18 | AK21: 0 | AL21: 14 | AM21: 10 | AN21: 0 | AO21: 0 | AP21: 34 | AQ21: 135 | AR21: =I21 -> 369 | AS21: 265 | AT21: 644 | AU21: 213 | AV21: 362 | AW21: 69 | AX21: =AT21-SUM(AU21:AW21) -> 0 | AY21: 740 | AZ21: 12410.38 | BB21: 60743 | BC21: =(BB21+BB20)/2 -> 61074 | BD21: 9 | BE21: =ROUND(BD21/BC21*10000,2) -> 1.47 | BF21: 34599 | BG21: =(BF21+BF20)/2 -> 34847.5 | BH21: 355 | BI21: =ROUND(BH21/BG21*10000,2) -> 101.87 | BJ21: 33515 | BK21: =(BJ21+BJ20)/2 -> 33250 | BL21: 770 | BM21: =BL21/BK21*10000 -> 231.57895 | BN21: 299626 | BO21: =(BN21+BN20)/2 -> 297605.5 | BP21: 4036 | BQ21: =BP21/BO21*10000 -> 135.61577 | BR21: 147 | BS21: 20551 | BT21: 73 | BU21: 13065 | BV21: 0 | BX21: 60 | BY21: 4668 | BZ21: =BR21-BT21-BX21-BV21 -> 14 | CA21: =BS21-BU21-BY21-BW21 -> 2818 | CC21: 403547 | CD21: =(CC20+CC21)/2 -> 407330 | CE21: 31 | CF21: 31 | CG21: 13 | CH21: 244194 | CI21: 242109 | CJ21: =CH21-CI21 -> 2085
A22: 4 | B22: 民國103年 | C22: 2014 | D22: 431988 | E22: =(D22+D21)/2 -> 430235.5 | F22: 6826 | G22: =O22 -> 1763 | H22: =AA22 -> 76 | I22: 398 | J22: 564 | K22: 2391 | L22: =F22-SUM(G22:K22) -> 1634 | M22: 6512 | N22: 6284 | O22: =SUM(P22:S22) -> 1763 | P22: 2 | Q22: 856 | R22: 171 | S22: 734 | T22: =SUM(U22:X22) -> 1526 | U22: 1 | V22: 681 | W22: 126 | X22: 718 | Y22: 738 | AA22: =SUM(AB22:AH22) -> 76 | AB22: 17 | AC22: 0 | AD22: 15 | AE22: 16 | AF22: 0 | AG22: 0 | AH22: 28 | AI22: =SUM(AJ22:AP22) -> 77 | AJ22: 19 | AK22: 0 | AL22: 17 | AM22: 15 | AN22: 0 | AO22: 0 | AP22: 26 | AQ22: 112 | AR22: =I22 -> 398 | AS22: 329 | AT22: 628 | AU22: 181 | AV22: 405 | AW22: 41 | AX22: =AT22-SUM(AU22:AW22) -> 1 | AY22: 722 | AZ22: 9583.78 | BB22: 60836 | BC22: =(BB22+BB21)/2 -> 60789.5 | BD22: 13 | BE22: =ROUND(BD22/BC22*10000,2) -> 2.14 | BF22: 33831 | BG22: =(BF22+BF21)/2 -> 34215 | BH22: 318 | BI22: =ROUND(BH22/BG22*10000,2) -> 92.94 | BJ22: 33637 | BK22: =(BJ22+BJ21)/2 -> 33576 | BL22: 840 | BM22: =BL22/BK22*10000 -> 250.1787 | BN22: 303684 | BO22: =(BN22+BN21)/2 -> 301655 | BP22: 5113 | BQ22: =BP22/BO22*10000 -> 169.49827 | BR22: 141 | BS22: 33476 | BT22: 70 | BU22: 22908 | BV22: 0 | BX22: 60 | BY22: 5889 | BZ22: =BR22-BT22-BX22-BV22 -> 11 | CA22: =BS22-BU22-BY22-BW22 -> 4679 | CC22: 402265 | CD22: =(CC21+CC22)/2 -> 402906 | CE22: 36 | CF22: 37 | CG22: 9 | CH22: 240982 | CI22: 239909 | CJ22: =CH22-CI22 -> 1073
A23: 5 | B23: 民國104年 | C23: 2015 | D23: 434060 | E23: =(D23+D22)/2 -> 433024 | F23: 5897 | G23: =O23 -> 1640 | H23: =AA23 -> 49 | I23: 550 | J23: 630 | K23: 1347 | L23: =F23-SUM(G23:K23) -> 1681 | M23: 5573 | N23: 5137 | O23: =SUM(P23:S23) -> 1640 | P23: 2 | Q23: 768 | R23: 153 | S23: 717 | T23: =SUM(U23:X23) -> 1461 | U23: 3 | V23: 717 | W23: 128 | X23: 613 | Y23: 711 | AA23: =SUM(AB23:AH23) -> 49 | AB23: 15 | AC23: 0 | AD23: 6 | AE23: 7 | AF23: 0 | AG23: 0 | AH23: 21 | AI23: =SUM(AJ23:AP23) -> 51 | AJ23: 15 | AK23: 0 | AL23: 6 | AM23: 7 | AN23: 0 | AO23: 0 | AP23: 23 | AQ23: 72 | AR23: =I23 -> 550 | AS23: 460 | AT23: 725 | AU23: 167 | AV23: 477 | AW23: 77 | AX23: =AT23-SUM(AU23:AW23) -> 4 | AY23: 775 | AZ23: 399367.21 | BB23: 60750 | BC23: =(BB23+BB22)/2 -> 60793 | BD23: 3 | BE23: =ROUND(BD23/BC23*10000,2) -> 0.49 | BF23: 32592 | BG23: =(BF23+BF22)/2 -> 33211.5 | BH23: 262 | BI23: =ROUND(BH23/BG23*10000,2) -> 78.89 | BJ23: 34034 | BK23: =(BJ23+BJ22)/2 -> 33835.5 | BL23: 798 | BM23: =BL23/BK23*10000 -> 235.84697 | BN23: 306684 | BO23: =(BN23+BN22)/2 -> 305184 | BP23: 4074 | BQ23: =BP23/BO23*10000 -> 133.49324 | BR23: 88 | BS23: 377725 | BT23: 48 | BU23: 360407 | BV23: 0 | BW23: 0 | BX23: 35 | BY23: 10531 | BZ23: =BR23-BT23-BX23-BV23 -> 5 | CA23: =BS23-BU23-BY23-BW23 -> 6787 | CC23: 404520 | CD23: =(CC22+CC23)/2 -> 403392.5 | CE23: 23 | CF23: 25 | CG23: 7 | CH23: 141824 | CI23: 140940 | CJ23: =CH23-CI23 -> 884
A24: 6 | B24: 民國105年 | C24: 2016 | D24: 437337 | E24: =(D24+D23)/2 -> 435698.5 | F24: 5266 | G24: =O24 -> 1182 | H24: =AA24 -> 34 | I24: 523 | J24: 654 | K24: 1213 | L24: =F24-SUM(G24:K24) -> 1660 | M24: 5051 | N24: 4935 | O24: =SUM(P24:S24) -> 1182 | P24: 1 | Q24: 656 | R24: 117 | S24: 408 | T24: =SUM(U24:X24) -> 1064 | U24: 1 | V24: 602 | W24: 71 | X24: 390 | Y24: 620 | AA24: =SUM(AB24:AH24) -> 34 | AB24: 4 | AC24: 0 | AD24: 3 | AE24: 9 | AF24: 1 | AG24: 0 | AH24: 17 | AI24: =SUM(AJ24:AP24) -> 34 | AJ24: 5 | AK24: 0 | AL24: 2 | AM24: 9 | AN24: 1 | AO24: 0 | AP24: 17 | AQ24: 54 | AR24: =I24 -> 523 | AS24: 470 | AT24: 740 | AU24: 199 | AV24: 481 | AW24: 47 | AX24: =AT24-SUM(AU24:AW24) -> 13 | AY24: 785 | AZ24: 18659.46 | BB24: 60828 | BC24: =(BB24+BB23)/2 -> 60789 | BD24: 9 | BE24: =ROUND(BD24/BC24*10000,2) -> 1.48 | BF24: 32405 | BG24: =(BF24+BF23)/2 -> 32498.5 | BH24: 236 | BI24: =ROUND(BH24/BG24*10000,2) -> 72.62 | BJ24: 33437 | BK24: =(BJ24+BJ23)/2 -> 33735.5 | BL24: 753 | BM24: =BL24/BK24*10000 -> 223.20701 | BN24: 310667 | BO24: =(BN24+BN23)/2 -> 308675.5 | BP24: 3937 | BQ24: =BP24/BO24*10000 -> 127.54495 | BR24: 73 | BS24: 488169 | BT24: 48 | BU24: 485162 | BV24: 0 | BW24: 0 | BX24: 20 | BY24: 129 | BZ24: =BR24-BT24-BX24-BV24 -> 5 | CA24: =BS24-BU24-BY24-BW24 -> 2878 | CC24: 408270 | CD24: =(CC23+CC24)/2 -> 406395 | CE24: 23 | CF24: 23 | CG24: 6 | CH24: 180853 | CI24: 180254 | CJ24: =CH24-CI24 -> 599
A25: 7 | B25: 民國106年 | C25: 2017 | D25: 441132 | E25: =(D25+D24)/2 -> 439234.5 | F25: 4424 | G25: =O25 -> 1000 | H25: =AA25 -> 8 | I25: 445 | J25: 714 | K25: 803 | L25: =F25-SUM(G25:K25) -> 1454 | M25: 4371 | N25: 4345 | O25: =SUM(P25:S25) -> 1000 | P25: 0 | Q25: 504 | R25: 87 | S25: 409 | T25: =SUM(U25:X25) -> 907 | U25: 1 | V25: 445 | W25: 52 | X25: 409 | Y25: 468 | AA25: =SUM(AB25:AH25) -> 8 | AB25: 4 | AC25: 0 | AD25: 1 | AE25: 3 | AF25: 0 | AG25: 0 | AH25: 0 | AI25: =SUM(AJ25:AP25) -> 9 | AJ25: 4 | AK25: 0 | AL25: 2 | AM25: 3 | AN25: 0 | AO25: 0 | AP25: 0 | AQ25: 20 | AR25: =I25 -> 445 | AS25: 468 | AT25: 854 | AU25: 218 | AV25: 563 | AW25: 72 | AX25: =AT25-SUM(AU25:AW25) -> 1 | AY25: 978 | AZ25: 95721.33 | BB25: 61439 | BC25: =(BB25+BB24)/2 -> 61133.5 | BD25: 7 | BE25: =ROUND(BD25/BC25*10000,2) -> 1.15 | BF25: 31437 | BG25: =(BF25+BF24)/2 -> 31921 | BH25: 226 | BI25: =ROUND(BH25/BG25*10000,2) -> 70.8 | BJ25: 33096 | BK25: =(BJ25+BJ24)/2 -> 33266.5 | BL25: 686 | BM25: =ROUND(BL25/BK25*10000,2) -> 206.21 | BN25: 315160 | BO25: =(BN25+BN24)/2 -> 312913.5 | BP25: 3426 | BQ25: =BP25/BO25*10000 -> 109.48713 | BR25: 26 | BS25: 3620879 | BT25: 16 | BU25: 3597335 | BV25: 1 | BW25: 18190 | BX25: 7 | BY25: 644 | BZ25: =BR25-BT25-BX25-BV25 -> 2 | CA25: =BS25-BU25-BY25-BW25 -> 4710 | CC25: 414280 | CD25: =(CC24+CC25)/2 -> 411275 | CE25: 25 | CF25: 25 | CG25: 8 | CH25: 192645 | CI25: 192161 | CJ25: =CH25-CI25 -> 484
A26: 8 | B26: 民國107年 | C26: 2018 | D26: 445635 | E26: =(D26+D25)/2 -> 443383.5 | F26: 4413 | G26: =O26 -> 967 | H26: =AA26 -> 4 | I26: 470 | J26: 575 | K26: 833 | L26: =F26-SUM(G26:K26) -> 1564 | M26: 4252 | N26: 4778 | O26: =SUM(P26:S26) -> 967 | P26: 1 | Q26: 564 | R26: 55 | S26: 347 | T26: =SUM(U26:X26) -> 858 | U26: 1 | V26: 540 | W26: 40 | X26: 277 | Y26: 558 | AA26: =SUM(AB26:AH26) -> 4 | AB26: 3 | AC26: 0 | AD26: 1 | AE26: 0 | AF26: 0 | AG26: 0 | AH26: 0 | AI26: =SUM(AJ26:AP26) -> 5 | AJ26: 3 | AK26: 0 | AL26: 1 | AM26: 0 | AN26: 0 | AO26: 0 | AP26: 1 | AQ26: 8 | AR26: =I26 -> 470 | AS26: 491 | AT26: 620 | AU26: 219 | AV26: 362 | AW26: 38 | AX26: =AT26-SUM(AU26:AW26) -> 1 | AY26: 767 | AZ26: 1649980.1 | BB26: 62172 | BC26: =(BB26+BB25)/2 -> 61805.5 | BD26: 5 | BE26: =ROUND(BD26/BC26*10000,2) -> 0.81 | BF26: 30367 | BG26: =(BF26+BF25)/2 -> 30902 | BH26: 220 | BI26: =ROUND(BH26/BG26*10000,2) -> 71.19 | BJ26: 33375 | BK26: =(BJ26+BJ25)/2 -> 33235.5 | BL26: 779 | BM26: =ROUND(BL26/BK26*10000,2) -> 234.39 | BN26: 319721 | BO26: =(BN26+BN25)/2 -> 317440.5 | BP26: 3774 | BQ26: =BP26/BO26*10000 -> 118.88842 | BR26: 29 | BS26: 544543 | BT26: 15 | BU26: 492429 | BV26: 10 | BW26: 46114 | BX26: 4 | BY26: 6000 | BZ26: =BR26-BT26-BX26-BV26 -> 0 | CA26: =BS26-BU26-BY26-BW26 -> 0 | CC26: 420078 | CD26: =(CC25+CC26)/2 -> 417179 | CE26: 22 | CF26: 22 | CG26: 11 | CH26: 177454 | CI26: 177008 | CJ26: =CH26-CI26 -> 446
A27: 9 | B27: 民國108年 | C27: 2019 | D27: 448803 | E27: =(D27+D26)/2 -> 447219 | F27: 4373 | G27: =O27 -> 812 | H27: =AA27 -> 9 | I27: 369 | J27: 580 | K27: 1003 | L27: =F27-SUM(G27:K27) -> 1600 | M27: 4521 | N27: 4961 | O27: =SUM(P27:S27) -> 812 | P27: 0 | Q27: 545 | R27: 27 | S27: 240 | T27: =SUM(U27:X27) -> 845 | U27: 0 | V27: 537 | W27: 31 | X27: 277 | Y27: 538 | AA27: =SUM(AB27:AH27) -> 9 | AB27: 6 | AC27: 0 | AD27: 1 | AE27: 1 | AF27: 1 | AG27: 0 | AH27: 0 | AI27: =SUM(AJ27:AP27) -> 9 | AJ27: 6 | AK27: 0 | AL27: 1 | AM27: 1 | AN27: 1 | AO27: 0 | AP27: 0 | AQ27: 9 | AR27: =I27 -> 369 | AS27: 479 | AT27: 652 | AU27: 235 | AV27: 389 | AW27: 25 | AX27: =AT27-SUM(AU27:AW27) -> 3 | AY27: 876 | AZ27: 27283.34 | BB27: 61783 | BC27: =(BB27+BB26)/2 -> 61977.5 | BD27: 5 | BE27: =ROUND(BD27/BC27*10000,2) -> 0.81 | BF27: 29872 | BG27: =(BF27+BF26)/2 -> 30119.5 | BH27: 163 | BI27: =ROUND(BH27/BG27*10000,2) -> 54.12 | BJ27: 32921 | BK27: =(BJ27+BJ26)/2 -> 33148 | BL27: 647 | BM27: =ROUND(BL27/BK27*10000,2) -> 195.19 | BN27: 324227 | BO27: =(BN27+BN26)/2 -> 321974 | BP27: 4146 | BQ27: =BP27/BO27*10000 -> 128.76816 | BR27: 102 | BS27: 79034 | BT27: 68 | BU27: 36457 | BV27: 27 | BW27: 25980 | BX27: 4 | BY27: 16571 | BZ27: =BR27-BT27-BX27-BV27 -> 3 | CA27: =BS27-BU27-BY27-BW27 -> 26 | CC27: 426625 | CD27: =(CC26+CC27)/2 -> 423351.5 | CE27: 25 | CF27: 25 | CG27: 6 | CH27: 215331 | CI27: 214816 | CJ27: =CH27-CI27 -> 515
A28: 10 | B28: 民國109年 | C28: 2020 | D28: 451412 | E28: =(D28+D27)/2 -> 450107.5 | F28: 4105 | G28: =O28 -> 743 | H28: =AA28 -> 10 | I28: 336 | J28: 449 | K28: 949 | L28: =F28-SUM(G28:K28) -> 1618 | M28: 4143 | N28: 4714 | O28: =SUM(P28:S28) -> 743 | P28: 0 | Q28: 550 | R28: 30 | S28: 163 | T28: =SUM(U28:X28) -> 753 | U28: 0 | V28: 541 | W28: 23 | X28: 189 | Y28: 581 | AA28: =SUM(AB28:AH28) -> 10 | AB28: 4 | AC28: 0 | AD28: 3 | AE28: 2 | AF28: 0 | AG28: 0 | AH28: 1 | AI28: =SUM(AJ28:AP28) -> 10 | AJ28: 4 | AK28: 0 | AL28: 3 | AM28: 2 | AN28: 0 | AO28: 0 | AP28: 1 | AQ28: 19 | AR28: =I28 -> 336 | AS28: 354 | AT28: 558 | AU28: 112 | AV28: 419 | AW28: 26 | AX28: =AT28-SUM(AU28:AW28) -> 1 | AY28: 718 | AZ28: 14960.17 | BB28: 61074 | BC28: =(BB28+BB27)/2 -> 61428.5 | BD28: 8 | BE28: =ROUND(BD28/BC28*10000,2) -> 1.3 | BF28: 29572 | BG28: =(BF28+BF27)/2 -> 29722 | BH28: 201 | BI28: =ROUND(BH28/BG28*10000,2) -> 67.63 | BJ28: 32159 | BK28: =(BJ28+BJ27)/2 -> 32540 | BL28: 659 | BM28: =ROUND(BL28/BK28*10000,2) -> 202.52 | BN28: 328607 | BO28: =(BN28+BN27)/2 -> 326417 | BP28: 3846 | BQ28: =BP28/BO28*10000 -> 117.82475 | BR28: 120 | BS28: 1397777 | BT28: 53 | BU28: 9953 | BV28: 52 | BW28: 1382645 | BX28: 6 | BY28: 0 | BZ28: =BR28-BT28-BX28-BV28 -> 9 | CA28: =BS28-BU28-BY28-BW28 -> 5179 | CC28: 433284 | CD28: =(CC27+CC28)/2 -> 429954.5 | CE28: 34 | CF28: 34 | CG28: 19 | CH28: 282192 | CI28: 280818 | CJ28: =CH28-CI28 -> 1374
AR29: =I29 -> 0
B30: 步驟1:先至重要指標表之第一年前1行插入1行,再選擇性copy貼上第一年之值 ,再至本工作表作業
B31: 步驟2:於1.前1行插入,再將1~10往上copy
A32: ok106.12.20 | B32: 步驟3:第1年之各年中公式須調整欄位-人口,青少年人口,年中車輛
B33: 步驟4:於10輸入新1年資料
B34: 步驟5:序號往下調整

Sheet 指標
B2: 新竹市重要警政統計指標 | L2: Statistical Indicators of Police Administration in Hsinchu City | R2: 新竹市重要警政統計指標 | AB2: Statistical Indicators of Police Administration in Hsinchu City | AJ2: 新竹市重要警政統計指標 | AU2: Statistical Indicators of Police Administration in Hsinchu City | BG2: 新竹市重要警政統計指標 | BP2: Statistical Indicators of Police Administration in Hsinchu City | BY2: 新竹市重要警政統計指標 | CJ2: Statistical Indicators of Police Administration in Hsinchu City | CU2: 新竹市重要警政統計指標
CU3: Statistical Indicators of Police Administration in Hsinchu City
B4: 年 別 Year | D4: 全 般 刑 案 Crime Volume | L4: 全 般 刑 案 Crime Volume | R4: 年 別 Year | T4: 竊 盜 Larceny | AB4: 竊 盜 Larceny | AJ4: 年 別 Year | AL4: 暴 力 犯 罪 Violent Crime | AU4: 暴 力 犯 罪 Violent Crime | BE4: 年 別 Year | BG4: 暴 力 犯 罪 Violent Crime | BK4: 詐 欺 Fraud | BP4: 毒 品 Drugs | BY4: 年 別 Year | CA4: 嫌疑犯年齡層別 Offenders Age level | CJ4: 經 濟 案 件 Economic Frauds | CU4: 年 別 Year | CW4: 道 路 交 通 Traffic
D5: 發生數 | L5: 犯罪率 | M5: 破獲數 | N5: 破獲率 | O5: 嫌疑犯 | P5: 犯罪人口率 | T5: 發生數 | Y5: 犯罪率 | Z5: 破獲數 | AB5: 破獲率 | AG5: 嫌疑犯 | AH5: 犯罪人口率 | AL5: 發生數 | AU5: 犯罪率 | AV5: 破獲數 | AW5: 破獲率 | BG5: 破獲率 | BI5: 嫌疑犯 | BJ5: 犯罪人口率 | BK5: 發生數 | BL5: 犯罪率 | BM5: 破獲數 | BN5: 破獲率 | BP5: 破獲數 | BU5: 嫌疑犯 | BV5: 犯罪人口率 | BW5: 查獲數量 | CA5: 兒童嫌疑犯 Child Offenders | CC5: 少年嫌疑犯 Juvenile Offenders | CE5: 青年嫌疑犯 Adolescent Offenders | CG5: 成年嫌疑犯 Adult Offenders | CJ5: 合計 Total | CL5: 違反金融 Against Finance Acts | CN5: 違反洗錢防制法 Violation of Money Laundering Control Act | CP5: 侵害智慧財產權 Infringement of Intellectual Property Rights | CR5: 其他 Others | CW5: 道路交通事故 （A1類） Traffic Accidents | DB5: 舉發違反道路交通管理事件 Incidents of Traffic Violations
D6: （件） | E6: 竊盜 | F6: 暴力犯罪 | G6: 詐欺 | H6: 毒品 | I6: 公共危險 | J6: 其他 | L6: (件/萬人) | M6: （件） | N6: （%） | O6: （人） | P6: (人/萬人) | T6: （件） | U6: 重大竊盜 | V6: 普通竊盜 | W6: 汽車竊盜 | X6: 機車竊盜 | Y6: (件/萬人) | Z6: （件） | AB6: （%） | AC6: 重大竊盜 | AD6: 普通竊盜 | AE6: 汽車竊盜 | AF6: 機車竊盜 | AG6: （人） | AH6: (人/萬人) | AL6: （件） | AM6: 故意殺人 | AN6: 擄人勒贖 | AO6: 強盜 | AP6: 搶奪 | AQ6: 重傷害 | AR6: 重大 恐嚇取財 | AS6: 強制性交 | AU6: (件/萬人) | AV6: （件） | AW6: （%） | AX6: 故意殺人 | AY6: 擄人勒贖 | AZ6: 強盜 | BA6: 搶奪 | BB6: 重傷害 | BG6: 重大 恐嚇取財 | BH6: 強制性交 | BI6: （人） | BJ6: (人/萬人) | BK6: （件） | BL6: (件/萬人) | BM6: （件） | BN6: （%） | BP6: （件） | BQ6: 第一級毒品 | BR6: 第二級毒品 | BS6: 第三級毒品 | BT6: 第四級毒品 及其他 | BU6: （人） | BV6: (人/萬人) | BW6: (公克) | CA6: 人數 | CB6: 兒童 犯罪人口率 | CC6: 人數 | CD6: 少年 犯罪人口率 | CE6: 人數 | CF6: 青年 犯罪人口率 | CG6: 人數 | CH6: 成年 犯罪人口率 | CJ6: 件數 | CK6: 金額 | CL6: 件數 | CM6: 金額 | CN6: 件數 | CO6: 金額 | CP6: 件數 | CQ6: 金額 | CR6: 件數 | CS6: 金額 | CW6: 件數 | CX6: 死亡 | CY6: 受傷 | CZ6: 肇事率 | DA6: 死傷率 | DB6: 件數 | DC6: 移公路 監理機關 | DD6: 警察機關及其他
E7: （%） | F7: （%） | G7: （%） | H7: （%） | I7: （%） | J7: （%） | U7: （%） | V7: （%） | W7: （%） | X7: （%） | AC7: （%） | AD7: （%） | AE7: （%） | AF7: （%） | AM7: （%） | AN7: （%） | AO7: （%） | AP7: （%） | AQ7: （%） | AR7: （%） | AS7: （%） | AX7: （%） | AY7: （%） | AZ7: （%） | BA7: （%） | BB7: （%） | BG7: （%） | BH7: （%） | BQ7: （%） | BR7: （%） | BS7: （%） | BT7: （%） | CA7: （人） | CB7: (人/萬人) | CC7: （人） | CD7: (人/萬人) | CE7: （人） | CF7: (人/萬人) | CG7: （人） | CH7: (人/萬人) | CJ7: （件） | CK7: （千元） | CL7: （%） | CM7: （%） | CN7: （%） | CO7: （%） | CP7: （%） | CQ7: （%） | CR7: （%） | CS7: （%） | CW7: （件） | CX7: （人） | CY7: （人） | CZ7: （件/10萬輛車） | DA7: （人/10萬人口） | DB7: （件） | DC7: （%） | DD7: （%）
D8: Offense Known to the Police | E8: Larceny | F8: Violent Crime | G8: Fraud | H8: Drugs | I8: Against Public Safety | J8: Others | L8: Offense Rate Per 10,000 Population | M8: Offense Cleared by the Police | N8: Clearance Rate | O8: Offenders | P8: Offender Rate Per 10,000 Population | T8: Offense Known to the Police | U8: Serious Larceny | V8: General Larceny | W8: Motor Vehicle Theft | X8: Motorcycle Theft | Y8: Offense Rate Per 10,000 Population | Z8: Offense Cleared by the Police | AB8: Clearance Rate | AC8: Serious Larceny | AD8: General Larceny | AE8: Motor Vehicle Theft | AF8: Motorcycle Theft | AG8: Offenders | AH8: Offender Rate Per 10,000 Population | AL8: Offense Known to the Police | AM8: Willfulness | AN8: Kidna- pping for Ransom | AO8: Robbery | AP8: Forceful Taking | AQ8: Serious Aggravated Assault | AR8: Serious Intimida- tion and Extortion | AS8: Forcible Rape | AU8: Offense Rate Per 10,000 Population | AV8: Offense Cleared by the Police | AW8: Clearance Rate | AX8: Willfulness | AY8: Kidna- pping for Ransom | AZ8: Robbery | BA8: Forceful Taking | BB8: Serious Aggravated Assault | BG8: Serious Intimida- tion and Extortion | BH8: Forcible Rape | BI8: Offenders | BJ8: Offender Rate Per 10,000 Population | BK8: Offense Known to the Police | BL8: Offense Rate Per 10,000 Population | BM8: Offense Cleared by the Police | BN8: Clearance Rate | BP8: Offense Cleared by the Police | BQ8: First Grade Drugs | BR8: Second Grade Drugs | BS8: Third Grade Drugs | BT8: Fourth Grade Drugs and Others | BU8: Offenders | BV8: Offender Rate Per 10,000 Population | BW8: Quantities | CA8: Person | CB8: Child Offender Rate Per 10,000 Population | CC8: Person | CD8: Juvenile Offender Rate Per 10,000 Population | CE8: Person | CF8: Adolescent Offender Rate Per 10,000 Population | CG8: Person | CH8: Adult Offender Rate Per 10,000 Population | CJ8: Cases | CK8: Amount NT$1,000 | CL8: Cases | CM8: Amount NT$1,000 | CN8: Cases | CO8: Amount NT$1,000 | CP8: Cases | CQ8: Amount NT$1,000 | CR8: Cases | CS8: Amount NT$1,000 | CW8: Cases | CX8: Deaths | CY8: Injuries | CZ8: Rate Per 10,000 Motor Vehicles | DA8: Death and Injury Rate Per 10,000 Population | DB8: Cases | DC8: Forwarded to motor vehicle Office | DD8: Police Department and Others
B9: 民國89年 | C9: 2000 | D9: 12177 | E9: 83.66 | F9: 1.95 | G9: 0 | H9: 4.98 | I9: 2.15 | J9: =100-SUM(E9:I9) -> 7.26 | L9: 333.4351 | M9: 5640 | N9: 46.316827 | O9: 2973 | P9: 81.407782 | R9: 民國89年 | S9: 2000 | T9: 10187 | U9: 0.07 | V9: 13.17 | W9: 12.77 | X9: 73.99 | Y9: 278.94419 | Z9: 4048 | AA9: #REF! | AB9: 39.73692 | AC9: 57.142857 | AD9: 31.594635 | AE9: 47.425058 | AF9: 39.843439 | AG9: 826 | AH9: 22.617837 | AJ9: 民國89年 | AK9: 2000 | AL9: 238 | AM9: 12.61 | AN9: 0 | AO9: 23.11 | AP9: 52.94 | AQ9: 0.42 | AR9: 0 | AS9: 10.92 | AU9: 6.5170038 | AV9: 182 | AW9: 76.470588 | AX9: 96.666667 | AY9: 0 | AZ9: 101.81818 | BA9: 59.52381 | BB9: 100 | BE9: 民國89年 | BF9: 2000 | BG9: 0 | BH9: 80.769231 | BI9: 189 | BJ9: 5.1752677 | BK9: 0 | BL9: 0 | BM9: 0 | BN9: 0 | BP9: 572 | BQ9: 17.31 | BR9: 81.12 | BS9: 0.17 | BT9: 1.4 | BU9: 824 | BV9: 22.563072 | BW9: 9580.79 | BY9: 民國89年 | BZ9: 2000 | CA9: 8 | CB9: 1.1871814 | CC9: 358 | CD9: 106.63013 | CE9: 655 | CF9: 176.19368 | CG9: 1952 | CH9: 85.967331 | CJ9: 85 | CK9: 48796 | CL9: 34.12 | CM9: 8.94 | CP9: 57.65 | CQ9: 90.83 | CR9: 8.23 | CS9: 0.23 | CU9: 民國89年 | CV9: 2000 | CW9: 51 | CX9: 52 | CY9: 18 | CZ9: 16.748631 | DA9: 19.167658 | DB9: 0 | DC9: 0 | DD9: 0
B10: 民國90年 | C10: 2001 | D10: 12300 | E10: 78.94 | F10: 2.25 | G10: 0 | H10: 3.58 | I10: 3.6 | J10: =100-SUM(E10:I10) -> 11.63 | L10: 331.65484 | M10: 6730 | N10: 54.715447 | O10: 3368 | P10: 90.814105 | R10: 民國90年 | S10: 2001 | T10: 9710 | U10: 0.05 | V10: 19.22 | W10: 14.81 | X10: 65.92 | Y10: 261.81857 | Z10: 4819 | AA10: #REF! | AB10: 49.629248 | AC10: 80 | AD10: 24.330118 | AE10: 52.294854 | AF10: 56.381815 | AG10: 811 | AH10: 21.867648 | AJ10: 民國90年 | AK10: 2001 | AL10: 277 | AM10: 12.64 | AN10: 1.44 | AO10: 28.52 | AP10: 37.91 | AQ10: 0.36 | AR10: 2.53 | AS10: 16.6 | AU10: 7.4689748 | AV10: 228 | AW10: 82.310469 | AX10: 100 | AY10: 50 | AZ10: 84.810127 | BA10: 69.52381 | BB10: 100 | BE10: 民國90年 | BF10: 2001 | BG10: 57.142857 | BH10: 100 | BI10: 269 | BJ10: 7.2532643 | BK10: 0 | BL10: 0 | BM10: 0 | BN10: 0 | BP10: 427 | BQ10: 36.77 | BR10: 58.08 | BS10: 0 | BT10: 5.15 | BU10: 609 | BV10: 16.420959 | BW10: 5750.86 | BY10: 民國90年 | BZ10: 2001 | CA10: 12 | CB10: 1.77 | CC10: 395 | CD10: 119.42555 | CE10: 640 | CF10: 171.81208 | CG10: 2321 | CH10: 99.766166 | CJ10: 51 | CK10: 9827 | CL10: 41.18 | CM10: 26.72 | CP10: 58.82 | CQ10: 73.28 | CR10: 0 | CS10: 0 | CU10: 民國90年 | CV10: 2001 | CW10: 50 | CX10: 50 | CY10: 17 | CZ10: 15.815178 | DA10: 18.065751 | DB10: 0 | DC10: 0 | DD10: 0
B11: 民國91年 | C11: 2002 | D11: 12543 | E11: 77.72 | F11: 2.75 | G11: 0 | H11: 4.21 | I11: 3.33 | J11: =100-SUM(E11:I11) -> 11.99 | K11: 333.54918 | L11: 333.54918 | M11: 8010 | N11: 63.86032 | O11: 3904 | P11: 103.81695 | R11: 民國91年 | S11: 2002 | T11: 9749 | U11: 0.04 | V11: 18.38 | W11: 12.7 | X11: 68.88 | Y11: 259.24985 | Z11: 5904 | AA11: #REF! | AB11: 60.560057 | AC11: 150 | AD11: 40.457589 | AE11: 69.547658 | AF11: 64.214445 | AG11: 919 | AH11: 24.438467 | AJ11: 民國91年 | AK11: 2002 | AL11: 345 | AM11: 6.96 | AN11: 0.87 | AO11: 28.99 | AP11: 45.8 | AQ11: 0.29 | AR11: 0.29 | AS11: 16.8 | AU11: 9.1743973 | AV11: 294 | AW11: 85.217391 | AX11: 87.5 | AY11: 100 | AZ11: 94 | BA11: 63.924051 | BB11: 100 | BE11: 民國91年 | BF11: 2002 | BG11: 100 | BH11: 125.86207 | BI11: 308 | BJ11: 8.1904764 | BK11: 0 | BL11: 0 | BM11: 0 | BN11: 0 | BP11: 581 | BQ11: 52.67 | BR11: 45.44 | BS11: 0 | BT11: 1.89 | BU11: 807 | BV11: 21.460112 | BW11: 4308.31 | BY11: 民國91年 | BZ11: 2002 | CA11: 9 | CB11: 1.32 | CC11: 319 | CD11: 97.162786 | CE11: 686 | CF11: 184.79857 | CG11: 2890 | CH11: 121.43699 | CJ11: 73 | CK11: 20346 | CL11: 27.4 | CM11: 17.05 | CP11: 60.27 | CQ11: 70.7 | CR11: 12.33 | CS11: 12.25 | CU11: 民國91年 | CV11: 2002 | CW11: 45 | CX11: 45 | CY11: 18 | CZ11: 13.990536 | DA11: 16.753247 | DB11: 361918 | DC11: 96.724949 | DD11: 3.2750513
B12: 民國92年 | C12: 2003 | D12: 11870 | E12: 80.15 | F12: 1.71 | G12: 0 | H12: 2.37 | I12: 3 | J12: 12.77 | L12: 311.67372 | M12: 7089 | N12: 59.721988 | O12: 2502 | P12: 65.695673 | R12: 民國92年 | S12: 2003 | T12: 9514 | U12: 0.02 | V12: 16.75 | W12: 14.11 | X12: 69.12 | Y12: 249.8116 | Z12: 5380 | AA12: #REF! | AB12: 56.548245 | AC12: 0 | AD12: 30.301129 | AE12: 61.922504 | AF12: 61.8309 | AG12: 595 | AH12: 15.623072 | AJ12: 民國92年 | AK12: 2003 | AL12: 203 | AM12: 9.36 | AN12: 1.48 | AO12: 31.03 | AP12: 29.06 | AQ12: 1.48 | AR12: 0 | AS12: 27.59 | AU12: 5.3302245 | AV12: 158 | AW12: 77.832512 | AX12: 89.473684 | AY12: 66.666667 | AZ12: 80.952381 | BA12: 57.627119 | BB12: 100 | BE12: 民國92年 | BF12: 2003 | BG12: 0 | BH12: 91.071429 | BI12: 183 | BJ12: 4.8050792 | BK12: 0 | BL12: 0 | BM12: 0 | BN12: 0 | BP12: 345 | BQ12: 53.62 | BR12: 37.97 | BS12: 0.29 | BT12: 8.12 | BU12: 480 | BV12: 12.603486 | BW12: 9262.2 | BY12: 民國92年 | BZ12: 2003 | CA12: 7 | CB12: 1.03 | CC12: 264 | CD12: 80.023037 | CE12: 430 | CF12: 118.12213 | CG12: 1801 | CH12: 73.911134 | CJ12: 106 | CK12: 53724 | CL12: 24.53 | CM12: 55.46 | CP12: 67.92 | CQ12: 23.19 | CR12: 7.55 | CS12: 21.35 | CU12: 民國92年 | CV12: 2003 | CW12: 47 | CX12: 47 | CY12: 22 | CZ12: 14.364852 | DA12: 18.117512 | DB12: 303890 | DC12: 98.162164 | DD12: 1.8378361
B13: 民國93年 | C13: 2004 | D13: 12309 | E13: 70.85 | F13: 1.47 | G13: 0 | H13: 4.4 | I13: 4.36 | J13: 18.92 | L13: 319.77783 | M13: 7770 | N13: 63.124543 | O13: 3435 | P13: 89.238511 | R13: 民國93年 | S13: 2004 | T13: 8721 | U13: 0.06 | V13: 18.9 | W13: 16.57 | X13: 64.47 | Y13: 226.5645 | Z13: 4772 | AA13: #REF! | AB13: 54.718496 | AC13: 80 | AD13: 33.555825 | AE13: 57.99308 | AF13: 60.056909 | AG13: 682 | AH13: 17.717806 | AJ13: 民國93年 | AK13: 2004 | AL13: 181 | AM13: 13.26 | AN13: 1.1 | AO13: 24.31 | AP13: 34.25 | AQ13: 1.1 | AR13: 0.55 | AS13: 25.43 | AU13: 4.702233 | AV13: 141 | AW13: 77.900552 | AX13: 95.833333 | AY13: 50 | AZ13: 88.636364 | BA13: 51.612903 | BB13: 100 | BE13: 民國93年 | BF13: 2004 | BG13: 100 | BH13: 93.478261 | BI13: 172 | BJ13: 4.4684203 | BK13: 0 | BL13: 0 | BM13: 0 | BN13: 0 | BP13: 614 | BQ13: 45.77 | BR13: 31.43 | BS13: 2.28 | BT13: 20.52 | BU13: 774 | BV13: 20.107892 | BW13: 4556.94 | BY13: 民國93年 | BZ13: 2004 | CA13: 4 | CB13: 0.6 | CC13: 316 | CD13: 94.572553 | CE13: 468 | CF13: 133.02257 | CG13: 2647 | CH13: 106.21692 | CJ13: 126 | CK13: 11590 | CL13: 33.33 | CM13: 38.55 | CP13: 59.52 | CQ13: 59.03 | CR13: 7.15 | CS13: 2.42 | CU13: 民國93年 | CV13: 2004 | CW13: 36 | CX13: 36 | CY13: 11 | CZ13: 10.649281 | DA13: 12.210218 | DB13: 308749 | DC13: 98.45538 | DD13: 1.5446204
B14: 民國 94年 | C14: 2005 | D14: 11065 | E14: 60.47 | F14: 1.87 | G14: 10.49 | H14: 7.15 | I14: 5.87 | J14: 14.15 | L14: 284.57825 | M14: 7296 | N14: 65.937641 | O14: 4051 | P14: 104.18676 | R14: 民國 94年 | S14: 2005 | T14: 6691 | U14: 0.09 | V14: 35.09 | W14: 15.83 | X14: 48.99 | Y14: 172.08433 | Z14: 4100 | AA14: #REF! | AB14: 61.276341 | AC14: 83.333333 | AD14: 34.965928 | AE14: 61.661945 | AF14: 79.957291 | AG14: 819 | AH14: 21.063677 | AJ14: 民國 94年 | AK14: 2005 | AL14: 207 | AM14: 8.21 | AN14: 1.45 | AO14: 28.02 | AP14: 40.1 | AQ14: 0.48 | AR14: 0 | AS14: 21.74 | AU14: 5.3237865 | AV14: 161 | AW14: 77.777778 | AX14: 94.117647 | AY14: 133.33333 | AZ14: 98.275862 | BA14: 45.783133 | BB14: 100 | BE14: 民國 94年 | BF14: 2005 | BG14: 0 | BH14: 100 | BI14: 173 | BJ14: 4.4493482 | BK14: 1161 | BL14: 29.859498 | BM14: 569 | BN14: 49.009475 | BP14: 1002 | BQ14: 44.91 | BR14: 32.53 | BS14: 1.1 | BT14: 21.46 | BU14: 1112 | BV14: 28.599278 | BW14: 4663.53 | BY14: 民國 94年 | BZ14: 2005 | CA14: 13 | CB14: 1.96 | CC14: 247 | CD14: 72.573418 | CE14: 465 | CF14: 137.75533 | CG14: 3326 | CH14: 130.52428 | CJ14: 134 | CK14: 18514 | CL14: 36.57 | CM14: 60.16 | CP14: 55.97 | CQ14: 38.74 | CR14: 7.46 | CS14: 1.1 | CU14: 民國 94年 | CV14: 2005 | CW14: 42 | CX14: 42 | CY14: 21 | CZ14: 11.975399 | DA14: 16.202829 | DB14: 270910 | DC14: 98.726145 | DD14: 1.2738548
B15: 民國 95年 | C15: 2006 | D15: 9676 | E15: 56.95 | F15: 2.08 | G15: 9.5 | H15: 5.98 | I15: 7.28 | J15: 18.21 | L15: 246.38137 | M15: 6613 | N15: 68.344357 | O15: 4231 | P15: 107.73456 | R15: 民國 95年 | S15: 2006 | T15: 5510 | U15: 0.02 | V15: 41.34 | W15: 10.6 | X15: 48.04 | Y15: 140.30192 | Z15: 3322 | AA15: #REF! | AB15: 60.290381 | AC15: 100 | AD15: 26.865672 | AE15: 60.10274 | AF15: 89.08198 | AG15: 725 | AH15: 18.460778 | AJ15: 民國 95年 | AK15: 2006 | AL15: 201 | AM15: 9.95 | AN15: 1 | AO15: 24.38 | AP15: 37.31 | AQ15: 1 | AR15: 0 | AS15: 26.36 | AU15: 5.1180917 | AV15: 148 | AW15: 73.631841 | AX15: 95 | AY15: 100 | AZ15: 77.55102 | BA15: 41.333333 | BB15: 0 | BE15: 民國 95年 | BF15: 2006 | BG15: 0 | BH15: 109.43396 | BI15: 198 | BJ15: 5.0417023 | BK15: 919 | BL15: 23.400628 | BM15: 736 | BN15: 80.087051 | BP15: 862 | BQ15: 61.83 | BR15: 37.59 | BS15: 0.35 | BT15: 0.23 | BU15: 960 | BV15: 24.444617 | BW15: 5571.05 | BY15: 民國 95年 | BZ15: 2006 | CA15: 5 | CB15: 0.77 | CC15: 397 | CD15: 115.84645 | CE15: 589 | CF15: 179.78694 | CG15: 3240 | CH15: 124.38957 | CJ15: 134 | CK15: 50543 | CL15: 51.49 | CM15: 62.1 | CP15: 36.57 | CQ15: 20.5 | CR15: 11.94 | CS15: 17.4 | CU15: 民國 95年 | CV15: 2006 | CW15: 53 | CX15: 55 | CY15: 13 | CZ15: 14.713823 | DA15: 17.314937 | DB15: 258356 | DC15: 98.707984 | DD15: 1.2920157
B16: 民國 96年 | C16: 2007 | D16: 9932 | E16: 55.85 | F16: 1.4 | G16: 10.6 | H16: 5.12 | I16: 9.07 | J16: 17.96 | L16: 250.24188 | M16: 7185 | N16: 72.341925 | O16: 4499 | P16: 113.35463 | R16: 民國 96年 | S16: 2007 | T16: 5547 | U16: 0.07 | V16: 33.55 | W16: 14.39 | X16: 51.99 | Y16: 139.75953 | Z16: 3595 | AA16: #REF! | AB16: 64.809807 | AC16: 50 | AD16: 36.754433 | AE16: 65.914787 | AF16: 82.628294 | AG16: 694 | AH16: 17.485689 | AJ16: 民國 96年 | AK16: 2007 | AL16: 139 | AM16: 9.35 | AN16: 0 | AO16: 23.74 | AP16: 28.78 | AQ16: 0 | AR16: 0 | AS16: 38.13 | AU16: 3.5021769 | AV16: 126 | AW16: 90.647482 | AX16: 115.38462 | AY16: 0 | AZ16: 78.787879 | BA16: 72.5 | BB16: 0 | BE16: 民國 96年 | BF16: 2007 | BG16: 0 | BH16: 105.66038 | BI16: 155 | BJ16: 3.9053052 | BK16: 1053 | BL16: 26.53088 | BM16: 972 | BN16: 92.307692 | BP16: 687 | BQ16: 47.16 | BR16: 51.38 | BS16: 1.46 | BT16: 0 | BU16: 773 | BV16: 19.476135 | BW16: 2747.91 | BY16: 民國 96年 | BZ16: 2007 | CA16: 6 | CB16: 0.93 | CC16: 331 | CD16: 95.771306 | CE16: 578 | CF16: 179.90818 | CG16: 3584 | CH16: 134.81489 | CJ16: 183 | CK16: 240654 | CL16: 53.01 | CM16: 54.95 | CP16: 33.33 | CQ16: 43.82 | CR16: 13.66 | CS16: 1.23 | CU16: 民國 96年 | CV16: 2007 | CW16: 33 | CX16: 34 | CY16: 10 | CZ16: 8.9455016 | DA16: 11.086028 | DB16: 162858 | DC16: 97.587469 | DD16: 2.4125312
B17: 民國 97年 | C17: 2008 | D17: 7936 | E17: 53.15 | F17: 1.58 | G17: 12.03 | H17: 8.33 | I17: 8.9 | J17: 16.01 | L17: 197.3133 | M17: 6366 | N17: 80.216734 | O17: 4575 | P17: 113.74853 | R17: 民國 97年 | S17: 2008 | T17: 4218 | U17: 0.05 | V17: 34.35 | W17: 13.99 | X17: 51.61 | Y17: 104.87242 | Z17: 2918 | AA17: #REF! | AB17: 69.179706 | AC17: 0 | AD17: 44.237405 | AE17: 63.050847 | AF17: 87.505742 | AG17: 779 | AH17: 19.368329 | AJ17: 民國 97年 | AK17: 2008 | AL17: 125 | AM17: 8.8 | AN17: 0 | AO17: 15.2 | AP17: 23.2 | AQ17: 0.8 | AR17: 0 | AS17: 52 | AU17: 3.1078833 | AV17: 128 | AW17: 102.4 | AX17: 90.909091 | AY17: 0 | AZ17: 121.05263 | BA17: 110.34483 | BB17: 100 | BE17: 民國 97年 | BF17: 2008 | BG17: 0 | BH17: 95.384615 | BI17: 160 | BJ17: 3.9780907 | BK17: 955 | BL17: 23.744229 | BM17: 1010 | BN17: 105.75916 | BP17: 839 | BQ17: 57.33 | BR17: 41.24 | BS17: 1.31 | BT17: 0.12 | BU17: 941 | BV17: 23.396146 | BW17: 8251.05 | BY17: 民國 97年 | BZ17: 2008 | CA17: 10 | CB17: 1.57 | CC17: 215 | CD17: 61.330443 | CE17: 539 | CF17: 169.54751 | CG17: 3811 | CH17: 140.22681 | CJ17: 177 | CK17: 59825 | CL17: 68.36 | CM17: 90.11 | CP17: 24.29 | CQ17: 2.41 | CR17: 7.35 | CS17: 7.48 | CU17: 民國 97年 | CV17: 2008 | CW17: 28 | CX17: 29 | CY17: 16 | CZ17: 7.3879018 | DA17: 11.18838 | DB17: 217821 | DC17: 98.625018 | DD17: 1.3749822
B18: 民國 98年 | C18: 2009 | D18: 6515 | E18: 48.69 | F18: 1.17 | G18: 11.7 | H18: 8.04 | I18: 13.65 | J18: 16.75 | L18: 159.49412 | M18: 5720 | N18: 87.797391 | O18: 4714 | P18: 115.40373 | R18: 民國 98年 | S18: 2009 | T18: 3172 | U18: 0 | V18: 31.27 | W18: 16.11 | X18: 52.62 | Y18: 77.653931 | Z18: 2354 | AA18: #REF! | AB18: 74.211854 | AC18: 0 | AD18: 68.850806 | AE18: 43.052838 | AF18: 86.938286 | AG18: 768 | AH18: 18.801456 | AJ18: 民國 98年 | AK18: 2009 | AL18: 76 | AM18: 13.16 | AN18: 0 | AO18: 23.68 | AP18: 22.37 | AQ18: 1.32 | AR18: 0 | AS18: 39.47 | AU18: 1.8605608 | AV18: 84 | AW18: 110.52632 | AX18: 130 | AY18: 0 | AZ18: 122.22222 | BA18: 117.64706 | BB18: 100 | BE18: 民國 98年 | BF18: 2009 | BG18: 0 | BH18: 93.333333 | BI18: 109 | BJ18: 2.6684358 | BK18: 762 | BL18: 18.65457 | BM18: 931 | BN18: 122.17848 | BP18: 622 | BQ18: 46.78 | BR18: 50.48 | BS18: 2.73 | BT18: 0 | BU18: 742 | BV18: 18.164949 | BW18: 169344.85 | BY18: 民國 98年 | BZ18: 2009 | CA18: 6 | CB18: 0.95 | CC18: 267 | CD18: 75.352421 | CE18: 510 | CF18: 159.71939 | CG18: 3931 | CH18: 141.27101 | CJ18: 160 | CK18: 251584 | CL18: 60 | CM18: 86.39 | CP18: 20.63 | CQ18: 10.7 | CR18: 19.37 | CS18: 2.91 | CU18: 民國 98年 | CV18: 2009 | CW18: 31 | CX18: 31 | CY18: 10 | CZ18: 7.988054 | DA18: 10.037236 | DB18: 204936 | DC18: 98.87965 | DD18: 1.1203498
B19: 民國 99年 | C19: 2010 | D19: 6386 | E19: 43.78 | F19: 1.08 | G19: 8.83 | H19: 9.9 | I19: 14.66 | J19: 21.75 | L19: 154.45061 | M19: 5676 | N19: 88.881929 | O19: 5049 | P19: 122.11418 | R19: 民國 99年 | S19: 2010 | T19: 2796 | U19: 0 | V19: 30.97 | W19: 17.27 | X19: 51.76 | Y19: 67.623538 | Z19: 2271 | AA19: #REF! | AB19: 81.223176 | AC19: 0 | AD19: 77.020785 | AE19: 66.459627 | AF19: 88.527989 | AG19: 801 | AH19: 19.372838 | AJ19: 民國 99年 | AK19: 2010 | AL19: 69 | AM19: 10.14 | AN19: 1.45 | AO19: 26.09 | AP19: 10.14 | AQ19: 1.45 | AR19: 0 | AS19: 50.73 | AU19: 1.6688212 | AV19: 68 | AW19: 98.550725 | AX19: 100 | AY19: 200 | AZ19: 105.55556 | BA19: 71.428571 | BB19: 100 | BE19: 民國 99年 | BF19: 2010 | BG19: 0 | BH19: 97.142857 | BI19: 98 | BJ19: 2.3702098 | BK19: 564 | BL19: 13.6408 | BM19: 516 | BN19: 91.489362 | BP19: 745 | BQ19: 28.99 | BR19: 66.17 | BS19: 4.83 | BT19: 0 | BU19: 956 | BV19: 23.121639 | BW19: 188759.73 | BY19: 民國 99年 | BZ19: 2010 | CA19: 6 | CB19: 0.97 | CC19: 323 | CD19: 91.422425 | CE19: 707 | CF19: 219.07875 | CG19: 4013 | CH19: 141.448 | CJ19: 168 | CK19: 24773 | CL19: 56.55 | CM19: 78.19 | CN19: 0 | CO19: 0 | CP19: 26.79 | CQ19: 2.85 | CR19: 16.66 | CS19: 18.96 | CU19: 民國 99年 | CV19: 2010 | CW19: 18 | CX19: 19 | CY19: 9 | CZ19: 4.557187 | DA19: 6.7720281 | DB19: 215382 | DC19: 98.751985 | DD19: 1.2480152
B20: =數據資料!B19 -> 民國100年 | C20: =數據資料!C19 -> 2011 | D20: =數據資料!F19 -> 6291 | E20: =ROUND(數據資料!G19/數據資料!$F19*100,2) -> 34.13 | F20: =ROUND(數據資料!H19/數據資料!$F19*100,2) -> 0.91 | G20: =ROUND(數據資料!I19/數據資料!$F19*100,2) -> 6.29 | H20: =ROUND(數據資料!J19/數據資料!$F19*100,2) -> 9.89 | I20: =ROUND(數據資料!K19/數據資料!$F19*100,2) -> 20.36 | J20: =100-SUM(E20:I20) -> 28.42 | L20: =D20/數據資料!E19*10000 -> 150.61121 | M20: =數據資料!M19 -> 5696 | N20: =M20/D20*100 -> 90.542044 | O20: =數據資料!N19 -> 5498 | P20: =O20/數據資料!E19*10000 -> 131.6262 | R20: =B20 -> 民國100年 | S20: =C20 -> 2011 | T20: =數據資料!O19 -> 2147 | U20: =ROUND(數據資料!P19/數據資料!$O19*100,2) -> 0.05 | V20: =ROUND(數據資料!Q19/數據資料!$O19*100,2) -> 39.87 | W20: =ROUND(數據資料!R19/數據資料!$O19*100,2) -> 13.18 | X20: =100-SUM(U20:W20) -> 46.9 | Y20: =T20/數據資料!E19*10000 -> 51.400773 | Z20: =數據資料!T19 -> 1752 | AA20: #REF! | AB20: =Z20/T20*100 -> 81.602236 | AC20: =數據資料!U19/數據資料!P19*100 -> 200 | AD20: =數據資料!V19/數據資料!Q19*100 -> 74.53271 | AE20: =數據資料!W19/數據資料!R19*100 -> 65.017668 | AF20: =數據資料!X19/數據資料!S19*100 -> 92.154916 | AG20: =數據資料!Y19 -> 745 | AH20: =AG20/數據資料!E19*10000 -> 17.835853 | AJ20: =B20 -> 民國100年 | AK20: =C20 -> 2011 | AL20: =數據資料!AA19 -> 57 | AM20: =ROUND(數據資料!AB19/數據資料!$AA19*100,2) -> 15.79 | AN20: =ROUND(數據資料!AC19/數據資料!$AA19*100,2) -> 1.75 | AO20: =ROUND(數據資料!AD19/數據資料!$AA19*100,2) -> 12.28 | AP20: =ROUND(數據資料!AE19/數據資料!$AA19*100,2) -> 10.53 | AQ20: =ROUND(數據資料!AF19/數據資料!$AA19*100,2) -> 1.75 | AR20: =ROUND(數據資料!AG19/數據資料!$AA19*100,2) -> 0 | AS20: =100-SUM(AM20:AR20) -> 57.9 | AU20: =AL20/數據資料!E19*10000 -> 1.3646223 | AV20: =數據資料!AI19 -> 54 | AW20: =AV20/AL20*100 -> 94.736842 | AX20: =數據資料!AJ19/數據資料!AB19*100 -> 100 | AY20: =數據資料!AK19/數據資料!AC19*100 -> 100 | AZ20: =數據資料!AL19/數據資料!AD19*100 -> 114.28571 | BA20: =數據資料!AM19/數據資料!AE19*100 -> 83.333333 | BB20: =數據資料!AN19/數據資料!AF19*100 -> 100 | BE20: =AJ20 -> 民國100年 | BF20: =AK20 -> 2011 | BG20: 0 | BH20: =數據資料!AP19/數據資料!AH19*100 -> 90.909091 | BI20: =數據資料!AQ19 -> 96 | BJ20: =BI20/數據資料!E19*10000 -> 2.2983112 | BK20: =數據資料!AR19 -> 396 | BL20: =BK20/數據資料!E19*10000 -> 9.4805338 | BM20: =數據資料!AS19 -> 363 | BN20: =BM20/BK20*100 -> 91.666667 | BP20: =數據資料!AT19 -> 712 | BQ20: =ROUND(數據資料!AU19/數據資料!$AT19*100,2) -> 31.18 | BR20: =ROUND(數據資料!AV19/數據資料!$AT19*100,2) -> 63.34 | BS20: =ROUND(數據資料!AW19/數據資料!$AT19*100,2) -> 5.2 | BT20: =ROUND(數據資料!AX19/數據資料!$AT19*100,2) -> 0.28 | BU20: =數據資料!AY19 -> 930 | BV20: =BU20/數據資料!E19*10000 -> 22.26489 | BW20: =數據資料!AZ19 -> 555877.04 | BY20: =BE20 -> 民國100年 | BZ20: =BF20 -> 2011 | CA20: =數據資料!BD19 -> 4 | CB20: =數據資料!BE19 -> 0.65 | CC20: =數據資料!BH19 -> 480 | CD20: =數據資料!BI19 -> 137.90924 | CE20: =數據資料!BL19 -> 734 | CF20: =數據資料!BM19 -> 223.99561 | CG20: =數據資料!BP19 -> 4280 | CH20: =數據資料!BQ19 -> 148.39625 | CJ20: =數據資料!BR19 -> 146 | CK20: =數據資料!BS19 -> 88009 | CL20: =ROUND(數據資料!BT19/數據資料!$BR19*100,2) -> 63.7 | CM20: =ROUND(數據資料!BU19/數據資料!$BS19*100,2) -> 74.5 | CN20: =ROUND(數據資料!BV19/數據資料!$BR19*100,2) -> 0 | CO20: =ROUND(數據資料!BW19/數據資料!$BS19*100,2) -> 0 | CP20: =ROUND(數據資料!BX19/數據資料!$BR19*100,2) -> 30.14 | CQ20: =ROUND(數據資料!BY19/數據資料!$BS19*100,2) -> 18.14 | CR20: =100-CL20-CP20 -> 6.16 | CS20: =100-CM20-CQ20 -> 7.36 | CU20: =BY20 -> 民國100年 | CV20: =BZ20 -> 2011 | CW20: =數據資料!CE19 -> 34 | CX20: =數據資料!CF19 -> 36 | CY20: =數據資料!CG19 -> 13 | CZ20: =CW20/數據資料!CD19*100000 -> 8.4270429 | DA20: =(CX20+CY20)/數據資料!E19*100000 -> 11.730964 | DB20: =數據資料!CH19 -> 236468 | DC20: =數據資料!CI19/數據資料!$CH19*100 -> 98.898794 | DD20: =數據資料!CJ19/數據資料!$CH19*100 -> 1.1012061
B21: =數據資料!B20 -> 民國101年 | C21: =數據資料!C20 -> 2012 | D21: =數據資料!F20 -> 6006 | E21: =ROUND(數據資料!G20/數據資料!$F20*100,2) -> 31.05 | F21: =ROUND(數據資料!H20/數據資料!$F20*100,2) -> 1.27 | G21: =ROUND(數據資料!I20/數據資料!$F20*100,2) -> 4.41 | H21: =ROUND(數據資料!J20/數據資料!$F20*100,2) -> 9.32 | I21: =ROUND(數據資料!K20/數據資料!$F20*100,2) -> 24.41 | J21: =100-SUM(E21:I21) -> 29.54 | L21: =D21/數據資料!E20*10000 -> 142.13316 | M21: =數據資料!M20 -> 5711 | N21: =M21/D21*100 -> 95.088245 | O21: =數據資料!N20 -> 5525 | P21: =O21/數據資料!E20*10000 -> 130.7502 | R21: =B21 -> 民國101年 | S21: =C21 -> 2012 | T21: =數據資料!O20 -> 1865 | U21: =ROUND(數據資料!P20/數據資料!$O20*100,2) -> 0.05 | V21: =ROUND(數據資料!Q20/數據資料!$O20*100,2) -> 42.31 | W21: =ROUND(數據資料!R20/數據資料!$O20*100,2) -> 9.6 | X21: =100-SUM(U21:W21) -> 48.04 | Y21: =T21/數據資料!E20*10000 -> 44.135587 | Z21: =數據資料!T20 -> 1590 | AA21: #REF! | AB21: =Z21/T21*100 -> 85.254692 | AC21: =數據資料!U20/數據資料!P20*100 -> 100 | AD21: =數據資料!V20/數據資料!Q20*100 -> 79.340938 | AE21: =數據資料!W20/數據資料!R20*100 -> 89.385475 | AF21: =數據資料!X20/數據資料!S20*100 -> 89.620536 | AG21: =數據資料!Y20 -> 748 | AH21: =AG21/數據資料!E20*10000 -> 17.701565 | AJ21: =B21 -> 民國101年 | AK21: =C21 -> 2012 | AL21: =數據資料!AA20 -> 76 | AM21: =ROUND(數據資料!AB20/數據資料!$AA20*100,2) -> 26.32 | AN21: =ROUND(數據資料!AC20/數據資料!$AA20*100,2) -> 1.32 | AO21: =ROUND(數據資料!AD20/數據資料!$AA20*100,2) -> 27.63 | AP21: =ROUND(數據資料!AE20/數據資料!$AA20*100,2) -> 10.53 | AQ21: =ROUND(數據資料!AF20/數據資料!$AA20*100,2) -> 0 | AR21: =ROUND(數據資料!AG20/數據資料!$AA20*100,2) -> 0 | AS21: =100-SUM(AM21:AR21) -> 34.2 | AU21: =AL21/數據資料!E20*10000 -> 1.7985548 | AV21: =數據資料!AI20 -> 76 | AW21: =AV21/AL21*100 -> 100 | AX21: =數據資料!AJ20/數據資料!AB20*100 -> 100 | AY21: =數據資料!AK20/數據資料!AC20*100 -> 100 | AZ21: =數據資料!AL20/數據資料!AD20*100 -> 104.7619 | BA21: =數據資料!AM20/數據資料!AE20*100 -> 62.5 | BB21: 0 | BE21: =AJ21 -> 民國101年 | BF21: =AK21 -> 2012 | BG21: 0 | BH21: =數據資料!AP20/數據資料!AH20*100 -> 107.69231 | BI21: =數據資料!AQ20 -> 125 | BJ21: =BI21/數據資料!E20*10000 -> 2.9581493 | BK21: =數據資料!AR20 -> 265 | BL21: =BK21/數據資料!E20*10000 -> 6.2712765 | BM21: =數據資料!AS20 -> 264 | BN21: =BM21/BK21*100 -> 99.622642 | BP21: =數據資料!AT20 -> 659 | BQ21: =ROUND(數據資料!AU20/數據資料!$AT20*100,2) -> 37.33 | BR21: =ROUND(數據資料!AV20/數據資料!$AT20*100,2) -> 52.96 | BS21: =ROUND(數據資料!AW20/數據資料!$AT20*100,2) -> 9.71 | BT21: =ROUND(數據資料!AX20/數據資料!$AT20*100,2) -> 0 | BU21: =數據資料!AY20 -> 757 | BV21: =BU21/數據資料!E20*10000 -> 17.914552 | BW21: =數據資料!AZ20 -> 89336.51 | BY21: =BE21 -> 民國101年 | BZ21: =BF21 -> 2012 | CA21: =數據資料!BD20 -> 13 | CB21: =數據資料!BE20 -> 2.11 | CC21: =數據資料!BH20 -> 413 | CD21: =數據資料!BI20 -> 118.47 | CE21: =數據資料!BL20 -> 782 | CF21: =數據資料!BM20 -> 236.81541 | CG21: =數據資料!BP20 -> 4317 | CH21: =數據資料!BQ20 -> 147.23688 | CJ21: =數據資料!BR20 -> 128 | CK21: =數據資料!BS20 -> 25143 | CL21: =ROUND(數據資料!BT20/數據資料!$BR20*100,2) -> 50 | CM21: =ROUND(數據資料!BU20/數據資料!$BS20*100,2) -> 44.76 | CN21: =ROUND(數據資料!BV20/數據資料!$BR20*100,2) -> 0 | CO21: =ROUND(數據資料!BW20/數據資料!$BS20*100,2) -> 0 | CP21: =ROUND(數據資料!BX20/數據資料!$BR20*100,2) -> 37.5 | CQ21: =ROUND(數據資料!BY20/數據資料!$BS20*100,2) -> 39.42 | CR21: =100-CL21-CP21 -> 12.5 | CS21: =100-CM21-CQ21 -> 15.82 | CU21: =BY21 -> 民國101年 | CV21: =BZ21 -> 2012 | CW21: =數據資料!CE20 -> 30 | CX21: =數據資料!CF20 -> 31 | CY21: =數據資料!CG20 -> 18 | CZ21: =CW21/數據資料!CD20*100000 -> 7.3151284 | DA21: =(CX21+CY21)/數據資料!E20*100000 -> 11.595945 | DB21: =數據資料!CH20 -> 250292 | DC21: =數據資料!CI20/數據資料!$CH20*100 -> 99.009956 | DD21: =數據資料!CJ20/數據資料!$CH20*100 -> 0.99004363
B22: =數據資料!B21 -> 民國102年 | C22: =數據資料!C21 -> 2013 | D22: =數據資料!F21 -> 6131 | E22: =ROUND(數據資料!G21/數據資料!$F21*100,2) -> 31.25 | F22: =ROUND(數據資料!H21/數據資料!$F21*100,2) -> 1.24 | G22: =ROUND(數據資料!I21/數據資料!$F21*100,2) -> 6.02 | H22: =ROUND(數據資料!J21/數據資料!$F21*100,2) -> 9.98 | I22: =ROUND(數據資料!K21/數據資料!$F21*100,2) -> 23.72 | J22: =100-SUM(E22:I22) -> 27.79 | L22: =D22/數據資料!E21*10000 -> 143.65816 | M22: =數據資料!M21 -> 5490 | N22: =M22/D22*100 -> 89.544936 | O22: =數據資料!N21 -> 5170 | P22: =O22/數據資料!E21*10000 -> 121.14055 | R22: =B22 -> 民國102年 | S22: =C22 -> 2013 | T22: =數據資料!O21 -> 1916 | U22: =ROUND(數據資料!P21/數據資料!$O21*100,2) -> 0 | V22: =ROUND(數據資料!Q21/數據資料!$O21*100,2) -> 44.26 | W22: =ROUND(數據資料!R21/數據資料!$O21*100,2) -> 9.13 | X22: =100-SUM(U22:W22) -> 46.61 | Y22: =T22/數據資料!E21*10000 -> 44.894641 | Z22: =數據資料!T21 -> 1535 | AA22: #REF! | AB22: =Z22/T22*100 -> 80.114823 | AC22: 0 | AD22: =數據資料!V21/數據資料!Q21*100 -> 74.528302 | AE22: =數據資料!W21/數據資料!R21*100 -> 90.285714 | AF22: =數據資料!X21/數據資料!S21*100 -> 83.202688 | AG22: =數據資料!Y21 -> 671 | AH22: =AG22/數據資料!E21*10000 -> 15.722497 | AJ22: =B22 -> 民國102年 | AK22: =C22 -> 2013 | AL22: =數據資料!AA21 -> 76 | AM22: =ROUND(數據資料!AB21/數據資料!$AA21*100,2) -> 25 | AN22: =ROUND(數據資料!AC21/數據資料!$AA21*100,2) -> 0 | AO22: =ROUND(數據資料!AD21/數據資料!$AA21*100,2) -> 18.42 | AP22: =ROUND(數據資料!AE21/數據資料!$AA21*100,2) -> 11.84 | AQ22: =ROUND(數據資料!AF21/數據資料!$AA21*100,2) -> 0 | AR22: =ROUND(數據資料!AG21/數據資料!$AA21*100,2) -> 0 | AS22: =100-SUM(AM22:AR22) -> 44.74 | AU22: =AL22/數據資料!E21*10000 -> 1.7807895 | AV22: =數據資料!AI21 -> 76 | AW22: =AV22/AL22*100 -> 100 | AX22: =數據資料!AJ21/數據資料!AB21*100 -> 94.736842 | AY22: 0 | AZ22: =數據資料!AL21/數據資料!AD21*100 -> 100 | BA22: =數據資料!AM21/數據資料!AE21*100 -> 111.11111 | BB22: 0 | BE22: =AJ22 -> 民國102年 | BF22: =AK22 -> 2013 | BG22: 0 | BH22: =數據資料!AP21/數據資料!AH21*100 -> 100 | BI22: =數據資料!AQ21 -> 135 | BJ22: =BI22/數據資料!E21*10000 -> 3.1632445 | BK22: =數據資料!AR21 -> 369 | BL22: =BK22/數據資料!E21*10000 -> 8.6462016 | BM22: =數據資料!AS21 -> 265 | BN22: =BM22/BK22*100 -> 71.815718 | BP22: =數據資料!AT21 -> 644 | BQ22: =ROUND(數據資料!AU21/數據資料!$AT21*100,2) -> 33.07 | BR22: =ROUND(數據資料!AV21/數據資料!$AT21*100,2) -> 56.21 | BS22: =ROUND(數據資料!AW21/數據資料!$AT21*100,2) -> 10.71 | BT22: =ROUND(數據資料!AX21/數據資料!$AT21*100,2) -> 0 | BU22: =數據資料!AY21 -> 740 | BV22: =BU22/數據資料!E21*10000 -> 17.339266 | BW22: =數據資料!AZ21 -> 12410.38 | BY22: =BE22 -> 民國102年 | BZ22: =BF22 -> 2013 | CA22: =數據資料!BD21 -> 9 | CB22: =數據資料!BE21 -> 1.47 | CC22: =數據資料!BH21 -> 355 | CD22: =數據資料!BI21 -> 101.87 | CE22: =數據資料!BL21 -> 770 | CF22: =數據資料!BM21 -> 231.57895 | CG22: =數據資料!BP21 -> 4036 | CH22: =數據資料!BQ21 -> 135.61577 | CJ22: =數據資料!BR21 -> 147 | CK22: =數據資料!BS21 -> 20551 | CL22: =ROUND(數據資料!BT21/數據資料!$BR21*100,2) -> 49.66 | CM22: =ROUND(數據資料!BU21/數據資料!$BS21*100,2) -> 63.57 | CN22: =ROUND(數據資料!BV21/數據資料!$BR21*100,2) -> 0 | CO22: =ROUND(數據資料!BW21/數據資料!$BS21*100,2) -> 0 | CP22: =ROUND(數據資料!BX21/數據資料!$BR21*100,2) -> 40.82 | CQ22: =ROUND(數據資料!BY21/數據資料!$BS21*100,2) -> 22.71 | CR22: =100-CL22-CP22 -> 9.52 | CS22: =100-CM22-CQ22 -> 13.72 | CU22: =BY22 -> 民國102年 | CV22: =BZ22 -> 2013 | CW22: =數據資料!CE21 -> 31 | CX22: =數據資料!CF21 -> 31 | CY22: =數據資料!CG21 -> 13 | CZ22: =CW22/數據資料!CD21*100000 -> 7.6105369 | DA22: =(CX22+CY22)/數據資料!E21*100000 -> 10.309834 | DB22: =數據資料!CH21 -> 244194 | DC22: =數據資料!CI21/數據資料!$CH21*100 -> 99.146171 | DD22: =數據資料!CJ21/數據資料!$CH21*100 -> 0.85382933
B23: =數據資料!B22 -> 民國103年 | C23: =數據資料!C22 -> 2014 | D23: =數據資料!F22 -> 6826 | E23: =ROUND(數據資料!G22/數據資料!$F22*100,2) -> 25.83 | F23: =ROUND(數據資料!H22/數據資料!$F22*100,2) -> 1.11 | G23: =ROUND(數據資料!I22/數據資料!$F22*100,2) -> 5.83 | H23: =ROUND(數據資料!J22/數據資料!$F22*100,2) -> 8.26 | I23: =ROUND(數據資料!K22/數據資料!$F22*100,2) -> 35.03 | J23: =100-SUM(E23:I23) -> 23.94 | L23: =D23/數據資料!E22*10000 -> 158.65729 | M23: =數據資料!M22 -> 6512 | N23: =M23/D23*100 -> 95.399941 | O23: =數據資料!N22 -> 6284 | P23: =O23/數據資料!E22*10000 -> 146.05954 | R23: =B23 -> 民國103年 | S23: =C23 -> 2014 | T23: =數據資料!O22 -> 1763 | U23: =ROUND(數據資料!P22/數據資料!$O22*100,2) -> 0.11 | V23: =ROUND(數據資料!Q22/數據資料!$O22*100,2) -> 48.55 | W23: =ROUND(數據資料!R22/數據資料!$O22*100,2) -> 9.7 | X23: =100-SUM(U23:W23) -> 41.64 | Y23: =T23/數據資料!E22*10000 -> 40.977558 | Z23: =數據資料!T22 -> 1526 | AA23: #REF! | AB23: =Z23/T23*100 -> 86.557005 | AC23: =數據資料!U22/數據資料!P22*100 -> 50 | AD23: =數據資料!V22/數據資料!Q22*100 -> 79.556075 | AE23: =數據資料!W22/數據資料!R22*100 -> 73.684211 | AF23: =數據資料!X22/數據資料!S22*100 -> 97.820163 | AG23: =數據資料!Y22 -> 738 | AH23: =AG23/數據資料!E22*10000 -> 17.153396 | AJ23: =B23 -> 民國103年 | AK23: =C23 -> 2014 | AL23: =數據資料!AA22 -> 76 | AM23: =ROUND(數據資料!AB22/數據資料!$AA22*100,2) -> 22.37 | AN23: =ROUND(數據資料!AC22/數據資料!$AA22*100,2) -> 0 | AO23: =ROUND(數據資料!AD22/數據資料!$AA22*100,2) -> 19.74 | AP23: =ROUND(數據資料!AE22/數據資料!$AA22*100,2) -> 21.05 | AQ23: =ROUND(數據資料!AF22/數據資料!$AA22*100,2) -> 0 | AR23: =ROUND(數據資料!AG22/數據資料!$AA22*100,2) -> 0 | AS23: =100-SUM(AM23:AR23) -> 36.84 | AU23: =AL23/數據資料!E22*10000 -> 1.7664744 | AV23: =數據資料!AI22 -> 77 | AW23: =AV23/AL23*100 -> 101.31579 | AX23: =數據資料!AJ22/數據資料!AB22*100 -> 111.76471 | AY23: 0 | AZ23: =數據資料!AL22/數據資料!AD22*100 -> 113.33333 | BA23: =數據資料!AM22/數據資料!AE22*100 -> 93.75 | BB23: 0 | BE23: =AJ23 -> 民國103年 | BF23: =AK23 -> 2014 | BG23: 0 | BH23: =數據資料!AP22/數據資料!AH22*100 -> 92.857143 | BI23: =數據資料!AQ22 -> 112 | BJ23: =BI23/數據資料!E22*10000 -> 2.6032254 | BK23: =數據資料!AR22 -> 398 | BL23: =BK23/數據資料!E22*10000 -> 9.2507476 | BM23: =數據資料!AS22 -> 329 | BN23: =BM23/BK23*100 -> 82.663317 | BP23: =數據資料!AT22 -> 628 | BQ23: =ROUND(數據資料!AU22/數據資料!$AT22*100,2) -> 28.82 | BR23: =ROUND(數據資料!AV22/數據資料!$AT22*100,2) -> 64.49 | BS23: =ROUND(數據資料!AW22/數據資料!$AT22*100,2) -> 6.53 | BT23: =ROUND(數據資料!AX22/數據資料!$AT22*100,2) -> 0.16 | BU23: =數據資料!AY22 -> 722 | BV23: =BU23/數據資料!E22*10000 -> 16.781507 | BW23: =數據資料!AZ22 -> 9583.78 | BY23: =BE23 -> 民國103年 | BZ23: =BF23 -> 2014 | CA23: =數據資料!BD22 -> 13 | CB23: =數據資料!BE22 -> 2.14 | CC23: =數據資料!BH22 -> 318 | CD23: =數據資料!BI22 -> 92.94 | CE23: =數據資料!BL22 -> 840 | CF23: =數據資料!BM22 -> 250.1787 | CG23: =數據資料!BP22 -> 5113 | CH23: =數據資料!BQ22 -> 169.49827 | CJ23: =數據資料!BR22 -> 141 | CK23: =數據資料!BS22 -> 33476 | CL23: =ROUND(數據資料!BT22/數據資料!$BR22*100,2) -> 49.65 | CM23: =ROUND(數據資料!BU22/數據資料!$BS22*100,2) -> 68.43 | CN23: =ROUND(數據資料!BV22/數據資料!$BR22*100,2) -> 0 | CO23: =ROUND(數據資料!BW22/數據資料!$BS22*100,2) -> 0 | CP23: =ROUND(數據資料!BX22/數據資料!$BR22*100,2) -> 42.55 | CQ23: =ROUND(數據資料!BY22/數據資料!$BS22*100,2) -> 17.59 | CR23: =100-CL23-CP23 -> 7.8 | CS23: =100-CM23-CQ23 -> 13.98 | CU23: =BY23 -> 民國103年 | CV23: =BZ23 -> 2014 | CW23: =數據資料!CE22 -> 36 | CX23: =數據資料!CF22 -> 37 | CY23: =數據資料!CG22 -> 9 | CZ23: =CW23/數據資料!CD22*100000 -> 8.9350866 | DA23: =(CX23+CY23)/數據資料!E22*100000 -> 10.691819 | DB23: =數據資料!CH22 -> 240982 | DC23: =數據資料!CI22/數據資料!$CH22*100 -> 99.554739 | DD23: =數據資料!CJ22/數據資料!$CH22*100 -> 0.44526147
B24: =數據資料!B23 -> 民國104年 | C24: =數據資料!C23 -> 2015 | D24: =數據資料!F23 -> 5897 | E24: =ROUND(數據資料!G23/數據資料!$F23*100,2) -> 27.81 | F24: =ROUND(數據資料!H23/數據資料!$F23*100,2) -> 0.83 | G24: =ROUND(數據資料!I23/數據資料!$F23*100,2) -> 9.33 | H24: =ROUND(數據資料!J23/數據資料!$F23*100,2) -> 10.68 | I24: =ROUND(數據資料!K23/數據資料!$F23*100,2) -> 22.84 | J24: =100-SUM(E24:I24) -> 28.51 | L24: =D24/數據資料!E23*10000 -> 136.18183 | M24: =數據資料!M23 -> 5573 | N24: =M24/D24*100 -> 94.505681 | O24: =數據資料!N23 -> 5137 | P24: =O24/數據資料!E23*10000 -> 118.63084 | R24: =B24 -> 民國104年 | S24: =C24 -> 2015 | T24: =數據資料!O23 -> 1640 | U24: =ROUND(數據資料!P23/數據資料!$O23*100,2) -> 0.12 | V24: =ROUND(數據資料!Q23/數據資料!$O23*100,2) -> 46.83 | W24: =ROUND(數據資料!R23/數據資料!$O23*100,2) -> 9.33 | X24: =100-SUM(U24:W24) -> 43.72 | Y24: =T24/數據資料!E23*10000 -> 37.873189 | Z24: =數據資料!T23 -> 1461 | AA24: #REF! | AB24: =Z24/T24*100 -> 89.085366 | AC24: =數據資料!U23/數據資料!P23*100 -> 150 | AD24: =數據資料!V23/數據資料!Q23*100 -> 93.359375 | AE24: =數據資料!W23/數據資料!R23*100 -> 83.660131 | AF24: =數據資料!X23/數據資料!S23*100 -> 85.495119 | AG24: =數據資料!Y23 -> 711 | AH24: =AG24/數據資料!E23*10000 -> 16.419413 | AJ24: =B24 -> 民國104年 | AK24: =C24 -> 2015 | AL24: =數據資料!AA23 -> 49 | AM24: =ROUND(數據資料!AB23/數據資料!$AA23*100,2) -> 30.61 | AN24: =ROUND(數據資料!AC23/數據資料!$AA23*100,2) -> 0 | AO24: =ROUND(數據資料!AD23/數據資料!$AA23*100,2) -> 12.24 | AP24: =ROUND(數據資料!AE23/數據資料!$AA23*100,2) -> 14.29 | AQ24: =ROUND(數據資料!AF23/數據資料!$AA23*100,2) -> 0 | AR24: =ROUND(數據資料!AG23/數據資料!$AA23*100,2) -> 0 | AS24: =100-SUM(AM24:AR24) -> 42.86 | AU24: =AL24/數據資料!E23*10000 -> 1.131577 | AV24: =數據資料!AI23 -> 51 | AW24: =AV24/AL24*100 -> 104.08163 | AX24: =數據資料!AJ23/數據資料!AB23*100 -> 100 | AY24: 0 | AZ24: =數據資料!AL23/數據資料!AD23*100 -> 100 | BA24: =數據資料!AM23/數據資料!AE23*100 -> 100 | BB24: 0 | BE24: =AJ24 -> 民國104年 | BF24: =AK24 -> 2015 | BG24: 0 | BH24: =數據資料!AP23/數據資料!AH23*100 -> 109.52381 | BI24: =數據資料!AQ23 -> 72 | BJ24: =BI24/數據資料!E23*10000 -> 1.6627254 | BK24: =數據資料!AR23 -> 550 | BL24: =BK24/數據資料!E23*10000 -> 12.701375 | BM24: =數據資料!AS23 -> 460 | BN24: =BM24/BK24*100 -> 83.636364 | BP24: =數據資料!AT23 -> 725 | BQ24: =ROUND(數據資料!AU23/數據資料!$AT23*100,2) -> 23.03 | BR24: =ROUND(數據資料!AV23/數據資料!$AT23*100,2) -> 65.79 | BS24: =ROUND(數據資料!AW23/數據資料!$AT23*100,2) -> 10.62 | BT24: =ROUND(數據資料!AX23/數據資料!$AT23*100,2) -> 0.55 | BU24: =數據資料!AY23 -> 775 | BV24: =BU24/數據資料!E23*10000 -> 17.897391 | BW24: =數據資料!AZ23 -> 399367.21 | BY24: =BE24 -> 民國104年 | BZ24: =BF24 -> 2015 | CA24: =數據資料!BD23 -> 3 | CB24: =數據資料!BE23 -> 0.49 | CC24: =數據資料!BH23 -> 262 | CD24: =數據資料!BI23 -> 78.89 | CE24: =數據資料!BL23 -> 798 | CF24: =數據資料!BM23 -> 235.84697 | CG24: =數據資料!BP23 -> 4074 | CH24: =數據資料!BQ23 -> 133.49324 | CJ24: =數據資料!BR23 -> 88 | CK24: =數據資料!BS23 -> 377725 | CL24: =ROUND(數據資料!BT23/數據資料!$BR23*100,2) -> 54.55 | CM24: =ROUND(數據資料!BU23/數據資料!$BS23*100,2) -> 95.42 | CN24: =ROUND(數據資料!BV23/數據資料!$BR23*100,2) -> 0 | CO24: =ROUND(數據資料!BW23/數據資料!$BS23*100,2) -> 0 | CP24: =ROUND(數據資料!BX23/數據資料!$BR23*100,2) -> 39.77 | CQ24: =ROUND(數據資料!BY23/數據資料!$BS23*100,2) -> 2.79 | CR24: =100-CL24-CP24 -> 5.68 | CS24: =100-CM24-CQ24 -> 1.79 | CU24: =BY24 -> 民國104年 | CV24: =BZ24 -> 2015 | CW24: =數據資料!CE23 -> 23 | CX24: =數據資料!CF23 -> 25 | CY24: =數據資料!CG23 -> 7 | CZ24: =CW24/數據資料!CD23*100000 -> 5.7016429 | DA24: =(CX24+CY24)/數據資料!E23*100000 -> 7.3898906 | DB24: =數據資料!CH23 -> 141824 | DC24: =數據資料!CI23/數據資料!$CH23*100 -> 99.376692 | DD24: =數據資料!CJ23/數據資料!$CH23*100 -> 0.62330776
B25: =數據資料!B24 -> 民國105年 | C25: =數據資料!C24 -> 2016 | D25: =數據資料!F24 -> 5266 | E25: =ROUND(數據資料!G24/數據資料!$F24*100,2) -> 22.45 | F25: =ROUND(數據資料!H24/數據資料!$F24*100,2) -> 0.65 | G25: =ROUND(數據資料!I24/數據資料!$F24*100,2) -> 9.93 | H25: =ROUND(數據資料!J24/數據資料!$F24*100,2) -> 12.42 | I25: =ROUND(數據資料!K24/數據資料!$F24*100,2) -> 23.03 | J25: =100-SUM(E25:I25) -> 31.52 | L25: =D25/數據資料!E24*10000 -> 120.8634 | M25: =數據資料!M24 -> 5051 | N25: =M25/D25*100 -> 95.917205 | O25: =數據資料!N24 -> 4935 | P25: =O25/數據資料!E24*10000 -> 113.2664 | R25: =B25 -> 民國105年 | S25: =C25 -> 2016 | T25: =數據資料!O24 -> 1182 | U25: =ROUND(數據資料!P24/數據資料!$O24*100,2) -> 0.08 | V25: =ROUND(數據資料!Q24/數據資料!$O24*100,2) -> 55.5 | W25: =ROUND(數據資料!R24/數據資料!$O24*100,2) -> 9.9 | X25: =100-SUM(U25:W25) -> 34.52 | Y25: =T25/數據資料!E24*10000 -> 27.128852 | Z25: =數據資料!T24 -> 1064 | AA25: #REF! | AB25: =Z25/T25*100 -> 90.01692 | AC25: =數據資料!U24/數據資料!P24*100 -> 100 | AD25: =數據資料!V24/數據資料!Q24*100 -> 91.768293 | AE25: =數據資料!W24/數據資料!R24*100 -> 60.683761 | AF25: =數據資料!X24/數據資料!S24*100 -> 95.588235 | AG25: =數據資料!Y24 -> 620 | AH25: =AG25/數據資料!E24*10000 -> 14.230024 | AJ25: =B25 -> 民國105年 | AK25: =C25 -> 2016 | AL25: =數據資料!AA24 -> 34 | AM25: =ROUND(數據資料!AB24/數據資料!$AA24*100,2) -> 11.76 | AN25: =ROUND(數據資料!AC24/數據資料!$AA24*100,2) -> 0 | AO25: =ROUND(數據資料!AD24/數據資料!$AA24*100,2) -> 8.82 | AP25: =ROUND(數據資料!AE24/數據資料!$AA24*100,2) -> 26.47 | AQ25: =ROUND(數據資料!AF24/數據資料!$AA24*100,2)+0.01 -> 2.95 | AR25: =ROUND(數據資料!AG24/數據資料!$AA24*100,2) -> 0 | AS25: =100-SUM(AM25:AR25) -> 50 | AU25: =AL25/數據資料!E24*10000 -> 0.78035614 | AV25: =數據資料!AI24 -> 34 | AW25: =AV25/AL25*100 -> 100 | AX25: =數據資料!AJ24/數據資料!AB24*100 -> 125 | AY25: 0 | AZ25: =數據資料!AL24/數據資料!AD24*100 -> 66.666667 | BA25: =數據資料!AM24/數據資料!AE24*100 -> 100 | BB25: =數據資料!AN24/數據資料!AF24*100 -> 100 | BE25: =AJ25 -> 民國105年 | BF25: =AK25 -> 2016 | BG25: 0 | BH25: =數據資料!AP24/數據資料!AH24*100 -> 100 | BI25: =數據資料!AQ24 -> 54 | BJ25: =BI25/數據資料!E24*10000 -> 1.2393892 | BK25: =數據資料!AR24 -> 523 | BL25: =BK25/數據資料!E24*10000 -> 12.003714 | BM25: =數據資料!AS24 -> 470 | BN25: =BM25/BK25*100 -> 89.866157 | BP25: =數據資料!AT24 -> 740 | BQ25: =ROUND(數據資料!AU24/數據資料!$AT24*100,2) -> 26.89 | BR25: =ROUND(數據資料!AV24/數據資料!$AT24*100,2) -> 65 | BS25: =ROUND(數據資料!AW24/數據資料!$AT24*100,2) -> 6.35 | BT25: =ROUND(數據資料!AX24/數據資料!$AT24*100,2) -> 1.76 | BU25: =數據資料!AY24 -> 785 | BV25: =BU25/數據資料!E24*10000 -> 18.017046 | BW25: =數據資料!AZ24 -> 18659.46 | BY25: =BE25 -> 民國105年 | BZ25: =BF25 -> 2016 | CA25: =數據資料!BD24 -> 9 | CB25: =數據資料!BE24 -> 1.48 | CC25: =數據資料!BH24 -> 236 | CD25: =數據資料!BI24 -> 72.62 | CE25: =數據資料!BL24 -> 753 | CF25: =數據資料!BM24 -> 223.20701 | CG25: =數據資料!BP24 -> 3937 | CH25: =數據資料!BQ24 -> 127.54495 | CJ25: =數據資料!BR24 -> 73 | CK25: =數據資料!BS24 -> 488169 | CL25: =ROUND(數據資料!BT24/數據資料!$BR24*100,2) -> 65.75 | CM25: =ROUND(數據資料!BU24/數據資料!$BS24*100,2) -> 99.38 | CN25: =ROUND(數據資料!BV24/數據資料!$BR24*100,2) -> 0 | CO25: =ROUND(數據資料!BW24/數據資料!$BS24*100,2) -> 0 | CP25: =ROUND(數據資料!BX24/數據資料!$BR24*100,2) -> 27.4 | CQ25: =ROUND(數據資料!BY24/數據資料!$BS24*100,2) -> 0.03 | CR25: =100-CL25-CP25 -> 6.85 | CS25: =100-CM25-CQ25 -> 0.59 | CU25: =BY25 -> 民國105年 | CV25: =BZ25 -> 2016 | CW25: =數據資料!CE24 -> 23 | CX25: =數據資料!CF24 -> 23 | CY25: =數據資料!CG24 -> 6 | CZ25: =CW25/數據資料!CD24*100000 -> 5.6595184 | DA25: =(CX25+CY25)/數據資料!E24*100000 -> 6.6559788 | DB25: =數據資料!CH24 -> 180853 | DC25: =數據資料!CI24/數據資料!$CH24*100 -> 99.668792 | DD25: =數據資料!CJ24/數據資料!$CH24*100 -> 0.33120822
B26: =數據資料!B25 -> 民國106年 | C26: =數據資料!C25 -> 2017 | D26: =數據資料!F25 -> 4424 | E26: =ROUND(數據資料!G25/數據資料!$F25*100,2) -> 22.6 | F26: =ROUND(數據資料!H25/數據資料!$F25*100,2) -> 0.18 | G26: =ROUND(數據資料!I25/數據資料!$F25*100,2) -> 10.06 | H26: =ROUND(數據資料!J25/數據資料!$F25*100,2) -> 16.14 | I26: =ROUND(數據資料!K25/數據資料!$F25*100,2) -> 18.15 | J26: =100-SUM(E26:I26) -> 32.87 | L26: =D26/數據資料!E25*10000 -> 100.72069 | M26: =數據資料!M25 -> 4371 | N26: =M26/D26*100 -> 98.801989 | O26: =數據資料!N25 -> 4345 | P26: =O26/數據資料!E25*10000 -> 98.922102 | R26: =B26 -> 民國106年 | S26: =C26 -> 2017 | T26: =數據資料!O25 -> 1000 | U26: =ROUND(數據資料!P25/數據資料!$O25*100,2) -> 0 | V26: =ROUND(數據資料!Q25/數據資料!$O25*100,2) -> 50.4 | W26: =ROUND(數據資料!R25/數據資料!$O25*100,2) -> 8.7 | X26: =100-SUM(U26:W26) -> 40.9 | Y26: =T26/數據資料!E25*10000 -> 22.766882 | Z26: =數據資料!T25 -> 907 | AA26: #REF! | AB26: =Z26/T26*100 -> 90.7 | AC26: 0 | AD26: =數據資料!V25/數據資料!Q25*100 -> 88.293651 | AE26: =數據資料!W25/數據資料!R25*100 -> 59.770115 | AF26: =數據資料!X25/數據資料!S25*100 -> 100 | AG26: =數據資料!Y25 -> 468 | AH26: =AG26/數據資料!E25*10000 -> 10.654901 | AJ26: =B26 -> 民國106年 | AK26: =C26 -> 2017 | AL26: =數據資料!AA25 -> 8 | AM26: =ROUND(數據資料!AB25/數據資料!$AA25*100,2) -> 50 | AN26: =ROUND(數據資料!AC25/數據資料!$AA25*100,2) -> 0 | AO26: =ROUND(數據資料!AD25/數據資料!$AA25*100,2) -> 12.5 | AP26: =ROUND(數據資料!AE25/數據資料!$AA25*100,2) -> 37.5 | AQ26: =ROUND(數據資料!AF25/數據資料!$AA25*100,2) -> 0 | AR26: =ROUND(數據資料!AG25/數據資料!$AA25*100,2) -> 0 | AS26: =100-SUM(AM26:AR26) -> 0 | AU26: =AL26/數據資料!E25*10000 -> 0.18213506 | AV26: =數據資料!AI25 -> 9 | AW26: =AV26/AL26*100 -> 112.5 | AX26: =數據資料!AJ25/數據資料!AB25*100 -> 100 | AY26: 0 | AZ26: =數據資料!AL25/數據資料!AD25*100 -> 200 | BA26: =數據資料!AM25/數據資料!AE25*100 -> 100 | BB26: 0 | BE26: =AJ26 -> 民國106年 | BF26: =AK26 -> 2017 | BG26: 0 | BH26: 0 | BI26: =數據資料!AQ25 -> 20 | BJ26: =BI26/數據資料!E25*10000 -> 0.45533764 | BK26: =數據資料!AR25 -> 445 | BL26: =BK26/數據資料!E25*10000 -> 10.131262 | BM26: =數據資料!AS25 -> 468 | BN26: =BM26/BK26*100 -> 105.16854 | BP26: =數據資料!AT25 -> 854 | BQ26: =ROUND(數據資料!AU25/數據資料!$AT25*100,2) -> 25.53 | BR26: =ROUND(數據資料!AV25/數據資料!$AT25*100,2) -> 65.93 | BS26: =ROUND(數據資料!AW25/數據資料!$AT25*100,2) -> 8.43 | BT26: =ROUND(數據資料!AX25/數據資料!$AT25*100,2) -> 0.12 | BU26: =數據資料!AY25 -> 978 | BV26: =BU26/數據資料!E25*10000 -> 22.266011 | BW26: =數據資料!AZ25 -> 95721.33 | BY26: =BE26 -> 民國106年 | BZ26: =BF26 -> 2017 | CA26: =數據資料!BD25 -> 7 | CB26: =數據資料!BE25 -> 1.15 | CC26: =數據資料!BH25 -> 226 | CD26: =數據資料!BI25 -> 70.8 | CE26: =數據資料!BL25 -> 686 | CF26: =數據資料!BM25 -> 206.21 | CG26: =數據資料!BP25 -> 3426 | CH26: =數據資料!BQ25 -> 109.48713 | CJ26: =數據資料!BR25 -> 26 | CK26: =數據資料!BS25 -> 3620879 | CL26: =ROUND(數據資料!BT25/數據資料!$BR25*100,2) -> 61.54 | CM26: =ROUND(數據資料!BU25/數據資料!$BS25*100,2) -> 99.35 | CN26: =ROUND(數據資料!BV25/數據資料!$BR25*100,2) -> 3.85 | CO26: =ROUND(數據資料!BW25/數據資料!$BS25*100,2) -> 0.5 | CP26: =ROUND(數據資料!BX25/數據資料!$BR25*100,2) -> 26.92 | CQ26: =ROUND(數據資料!BY25/數據資料!$BS25*100,2) -> 0.02 | CR26: =100-CL26-CP26 -> 11.54 | CS26: =100-CM26-CQ26 -> 0.63 | CU26: =BY26 -> 民國106年 | CV26: =BZ26 -> 2017 | CW26: =數據資料!CE25 -> 25 | CX26: =數據資料!CF25 -> 25 | CY26: =數據資料!CG25 -> 8 | CZ26: =CW26/數據資料!CD25*100000 -> 6.0786578 | DA26: =(CX26+CY26)/數據資料!E25*100000 -> 7.513071 | DB26: =數據資料!CH25 -> 192645 | DC26: =數據資料!CI25/數據資料!$CH25*100 -> 99.748761 | DD26: =數據資料!CJ25/數據資料!$CH25*100 -> 0.25123933
B27: =數據資料!B26 -> 民國107年 | C27: =數據資料!C26 -> 2018 | D27: =數據資料!F26 -> 4413 | E27: =ROUND(數據資料!G26/數據資料!$F26*100,2) -> 21.91 | F27: =ROUND(數據資料!H26/數據資料!$F26*100,2) -> 0.09 | G27: =ROUND(數據資料!I26/數據資料!$F26*100,2) -> 10.65 | H27: =ROUND(數據資料!J26/數據資料!$F26*100,2) -> 13.03 | I27: =ROUND(數據資料!K26/數據資料!$F26*100,2) -> 18.88 | J27: =100-SUM(E27:I27) -> 35.44 | L27: =D27/數據資料!E26*10000 -> 99.530091 | M27: =數據資料!M26 -> 4252 | N27: =M27/D27*100 -> 96.351688 | O27: =數據資料!N26 -> 4778 | P27: =O27/數據資料!E26*10000 -> 107.76224 | R27: =B27 -> 民國107年 | S27: =C27 -> 2018 | T27: =數據資料!O26 -> 967 | U27: =ROUND(數據資料!P26/數據資料!$O26*100,2) -> 0.1 | V27: =ROUND(數據資料!Q26/數據資料!$O26*100,2) -> 58.32 | W27: =ROUND(數據資料!R26/數據資料!$O26*100,2) -> 5.69 | X27: =100-SUM(U27:W27) -> 35.89 | Y27: =T27/數據資料!E26*10000 -> 21.809562 | Z27: =數據資料!T26 -> 858 | AA27: #REF! | AB27: =Z27/T27*100 -> 88.728025 | AC27: =數據資料!U26/數據資料!P26*100 -> 100 | AD27: =數據資料!V26/數據資料!Q26*100 -> 95.744681 | AE27: =數據資料!W26/數據資料!R26*100 -> 72.727273 | AF27: =數據資料!X26/數據資料!S26*100 -> 79.827089 | AG27: =數據資料!Y26 -> 558 | AH27: =AG27/數據資料!E26*10000 -> 12.585042 | AJ27: =B27 -> 民國107年 | AK27: =C27 -> 2018 | AL27: =數據資料!AA26 -> 4 | AM27: =ROUND(數據資料!AB26/數據資料!$AA26*100,2) -> 75 | AN27: =ROUND(數據資料!AC26/數據資料!$AA26*100,2) -> 0 | AO27: =ROUND(數據資料!AD26/數據資料!$AA26*100,2) -> 25 | AP27: =ROUND(數據資料!AE26/數據資料!$AA26*100,2) -> 0 | AQ27: =ROUND(數據資料!AF26/數據資料!$AA26*100,2) -> 0 | AR27: =ROUND(數據資料!AG26/數據資料!$AA26*100,2) -> 0 | AS27: =100-SUM(AM27:AR27) -> 0 | AU27: =AL27/數據資料!E26*10000 -> 0.090215355 | AV27: =數據資料!AI26 -> 5 | AW27: =AV27/AL27*100 -> 125 | AX27: =數據資料!AJ26/數據資料!AB26*100 -> 100 | AY27: 0 | AZ27: =數據資料!AL26/數據資料!AD26*100 -> 100 | BA27: 0 | BB27: 0 | BE27: =AJ27 -> 民國107年 | BF27: =AK27 -> 2018 | BG27: 0 | BH27: 0 | BI27: =數據資料!AQ26 -> 8 | BJ27: =BI27/數據資料!E26*10000 -> 0.18043071 | BK27: =數據資料!AR26 -> 470 | BL27: =BK27/數據資料!E26*10000 -> 10.600304 | BM27: =數據資料!AS26 -> 491 | BN27: =BM27/BK27*100 -> 104.46809 | BP27: =數據資料!AT26 -> 620 | BQ27: =ROUND(數據資料!AU26/數據資料!$AT26*100,2) -> 35.32 | BR27: =ROUND(數據資料!AV26/數據資料!$AT26*100,2) -> 58.39 | BS27: =ROUND(數據資料!AW26/數據資料!$AT26*100,2) -> 6.13 | BT27: =ROUND(數據資料!AX26/數據資料!$AT26*100,2) -> 0.16 | BU27: =數據資料!AY26 -> 767 | BV27: =BU27/數據資料!E26*10000 -> 17.298794 | BW27: =數據資料!AZ26 -> 1649980.1 | BY27: =BE27 -> 民國107年 | BZ27: =BF27 -> 2018 | CA27: =數據資料!BD26 -> 5 | CB27: =數據資料!BE26 -> 0.81 | CC27: =數據資料!BH26 -> 220 | CD27: =數據資料!BI26 -> 71.19 | CE27: =數據資料!BL26 -> 779 | CF27: =數據資料!BM26 -> 234.39 | CG27: =數據資料!BP26 -> 3774 | CH27: =數據資料!BQ26 -> 118.88842 | CJ27: =數據資料!BR26 -> 29 | CK27: =數據資料!BS26 -> 544543 | CL27: =ROUND(數據資料!BT26/數據資料!$BR26*100,2) -> 51.72 | CM27: =ROUND(數據資料!BU26/數據資料!$BS26*100,2) -> 90.43 | CN27: =ROUND(數據資料!BV26/數據資料!$BR26*100,2) -> 34.48 | CO27: =ROUND(數據資料!BW26/數據資料!$BS26*100,2) -> 8.47 | CP27: =ROUND(數據資料!BX26/數據資料!$BR26*100,2) -> 13.79 | CQ27: =ROUND(數據資料!BY26/數據資料!$BS26*100,2) -> 1.1 | CR27: =100-CL27-CP27 -> 34.49 | CS27: =100-CM27-CQ27 -> 8.47 | CU27: =BY27 -> 民國107年 | CV27: =BZ27 -> 2018 | CW27: =數據資料!CE26 -> 22 | CX27: =數據資料!CF26 -> 22 | CY27: =數據資料!CG26 -> 11 | CZ27: =CW27/數據資料!CD26*100000 -> 5.2735157 | DA27: =(CX27+CY27)/數據資料!E26*100000 -> 7.4427668 | DB27: =數據資料!CH26 -> 177454 | DC27: =數據資料!CI26/數據資料!$CH26*100 -> 99.748667 | DD27: =數據資料!CJ26/數據資料!$CH26*100 -> 0.25133274
B28: =數據資料!B27 -> 民國108年 | C28: =數據資料!C27 -> 2019 | D28: =數據資料!F27 -> 4373 | E28: =ROUND(數據資料!G27/數據資料!$F27*100,2) -> 18.57 | F28: =ROUND(數據資料!H27/數據資料!$F27*100,2) -> 0.21 | G28: =ROUND(數據資料!I27/數據資料!$F27*100,2) -> 8.44 | H28: =ROUND(數據資料!J27/數據資料!$F27*100,2) -> 13.26 | I28: =ROUND(數據資料!K27/數據資料!$F27*100,2) -> 22.94 | J28: =100-SUM(E28:I28) -> 36.58 | L28: =D28/數據資料!E27*10000 -> 97.782071 | M28: =數據資料!M27 -> 4521 | N28: =ROUND(M28/D28*100,2) -> 103.38 | O28: =數據資料!N27 -> 4961 | P28: =O28/數據資料!E27*10000 -> 110.92999 | R28: =B28 -> 民國108年 | S28: =C28 -> 2019 | T28: =數據資料!O27 -> 812 | U28: =ROUND(數據資料!P27/數據資料!$O27*100,2) -> 0 | V28: =ROUND(數據資料!Q27/數據資料!$O27*100,2) -> 67.12 | W28: =ROUND(數據資料!R27/數據資料!$O27*100,2) -> 3.33 | X28: =100-SUM(U28:W28) -> 29.55 | Y28: =T28/數據資料!E27*10000 -> 18.156653 | Z28: =數據資料!T27 -> 845 | AB28: =ROUND(Z28/T28*100,2) -> 104.06 | AC28: 0 | AD28: =數據資料!V27/數據資料!Q27*100 -> 98.53211 | AE28: =ROUND(數據資料!W27/數據資料!R27*100,2) -> 114.81 | AF28: =ROUND(數據資料!X27/數據資料!S27*100,2) -> 115.42 | AG28: =數據資料!Y27 -> 538 | AH28: =AG28/數據資料!E27*10000 -> 12.0299 | AJ28: =B28 -> 民國108年 | AK28: =C28 -> 2019 | AL28: =數據資料!AA27 -> 9 | AM28: =ROUND(數據資料!AB27/數據資料!$AA27*100,2) -> 66.67 | AN28: =ROUND(數據資料!AC27/數據資料!$AA27*100,2) -> 0 | AO28: =ROUND(數據資料!AD27/數據資料!$AA27*100,2) -> 11.11 | AP28: =ROUND(數據資料!AE27/數據資料!$AA27*100,2) -> 11.11 | AQ28: =ROUND(數據資料!AF27/數據資料!$AA27*100,2) -> 11.11 | AR28: =ROUND(數據資料!AG27/數據資料!$AA27*100,2) -> 0 | AS28: =100-SUM(AM28:AR28) -> 0 | AU28: =ROUND(AL28/數據資料!E27*10000,2) -> 0.2 | AV28: =數據資料!AI27 -> 9 | AW28: =ROUND(AV28/AL28*100,2) -> 100 | AX28: =ROUND(數據資料!AJ27/數據資料!AB27*100,2) -> 100 | AY28: 0 | AZ28: =ROUND(數據資料!AL27/數據資料!AD27*100,2) -> 100 | BA28: =數據資料!AM27/數據資料!AE27*100 -> 100 | BB28: =數據資料!AN27/數據資料!AF27*100 -> 100 | BE28: =AJ28 -> 民國108年 | BF28: =AK28 -> 2019 | BG28: 0 | BH28: 0 | BI28: =數據資料!AQ27 -> 9 | BJ28: =ROUND(BI28/數據資料!E27*10000,2) -> 0.2 | BK28: =數據資料!AR27 -> 369 | BL28: =BK28/數據資料!E27*10000 -> 8.2509911 | BM28: =數據資料!AS27 -> 479 | BN28: =BM28/BK28*100 -> 129.8103 | BP28: =數據資料!AT27 -> 652 | BQ28: =ROUND(數據資料!AU27/數據資料!$AT27*100,2) -> 36.04 | BR28: =ROUND(數據資料!AV27/數據資料!$AT27*100,2) -> 59.66 | BS28: =ROUND(數據資料!AW27/數據資料!$AT27*100,2) -> 3.83 | BT28: =ROUND(數據資料!AX27/數據資料!$AT27*100,2) -> 0.46 | BU28: =數據資料!AY27 -> 876 | BV28: =BU28/數據資料!E27*10000 -> 19.587719 | BW28: =數據資料!AZ27 -> 27283.34 | BY28: =BE28 -> 民國108年 | BZ28: =BF28 -> 2019 | CA28: =數據資料!BD27 -> 5 | CB28: =數據資料!BE27 -> 0.81 | CC28: =數據資料!BH27 -> 163 | CD28: =數據資料!BI27 -> 54.12 | CE28: =數據資料!BL27 -> 647 | CF28: =數據資料!BM27 -> 195.19 | CG28: =數據資料!BP27 -> 4146 | CH28: =數據資料!BQ27 -> 128.76816 | CJ28: =數據資料!BR27 -> 102 | CK28: =數據資料!BS27 -> 79034 | CL28: =ROUND(數據資料!BT27/數據資料!$BR27*100,2) -> 66.67 | CM28: =ROUND(數據資料!BU27/數據資料!$BS27*100,2) -> 46.13 | CN28: =ROUND(數據資料!BV27/數據資料!$BR27*100,2) -> 26.47 | CO28: =ROUND(數據資料!BW27/數據資料!$BS27*100,2) -> 32.87 | CP28: =ROUND(數據資料!BX27/數據資料!$BR27*100,2) -> 3.92 | CQ28: =ROUND(數據資料!BY27/數據資料!$BS27*100,2) -> 20.97 | CR28: =100-CL28-CP28 -> 29.41 | CS28: =100-CM28-CQ28 -> 32.9 | CU28: =BY28 -> 民國108年 | CV28: =BZ28 -> 2019 | CW28: =數據資料!CE27 -> 25 | CX28: =數據資料!CF27 -> 25 | CY28: =數據資料!CG27 -> 6 | CZ28: =ROUND(CW28/數據資料!CD27*100000,2) -> 5.91 | DA28: =(CX28+CY28)/數據資料!E27*100000 -> 6.931727 | DB28: =數據資料!CH27 -> 215331 | DC28: =數據資料!CI27/數據資料!$CH27*100 -> 99.760833 | DD28: =數據資料!CJ27/數據資料!$CH27*100 -> 0.23916668
B29: =數據資料!B28 -> 民國109年 | C29: =數據資料!C28 -> 2020 | D29: =數據資料!F28 -> 4105 | E29: =ROUND(數據資料!G28/數據資料!$F28*100,2) -> 18.1 | F29: =ROUND(數據資料!H28/數據資料!$F28*100,2) -> 0.24 | G29: =ROUND(數據資料!I28/數據資料!$F28*100,2) -> 8.19 | H29: =ROUND(數據資料!J28/數據資料!$F28*100,2) -> 10.94 | I29: =ROUND(數據資料!K28/數據資料!$F28*100,2) -> 23.12 | J29: =100-SUM(E29:I29) -> 39.41 | L29: =D29/數據資料!E28*10000 -> 91.200435 | M29: =數據資料!M28 -> 4143 | N29: =ROUND(M29/D29*100,2) -> 100.93 | O29: =數據資料!N28 -> 4714 | P29: =O29/數據資料!E28*10000 -> 104.73054 | R29: =B29 -> 民國109年 | S29: =C29 -> 2020 | T29: =數據資料!O28 -> 743 | U29: =ROUND(數據資料!P28/數據資料!$O28*100,2) -> 0 | V29: =ROUND(數據資料!Q28/數據資料!$O28*100,2) -> 74.02 | W29: =ROUND(數據資料!R28/數據資料!$O28*100,2) -> 4.04 | X29: =100-SUM(U29:W29) -> 21.94 | Y29: =ROUND(T29/數據資料!E28*10000,2) -> 16.51 | Z29: =數據資料!T28 -> 753 | AB29: =ROUND(Z29/T29*100,2) -> 101.35 | AC29: 0 | AD29: =數據資料!V28/數據資料!Q28*100 -> 98.363636 | AE29: =ROUND(數據資料!W28/數據資料!R28*100,2) -> 76.67 | AF29: =ROUND(數據資料!X28/數據資料!S28*100,2) -> 115.95 | AG29: =數據資料!Y28 -> 581 | AH29: =ROUND(AG29/數據資料!E28*10000,2) -> 12.91 | AJ29: =B29 -> 民國109年 | AK29: =C29 -> 2020 | AL29: =數據資料!AA28 -> 10 | AM29: =ROUND(數據資料!AB28/數據資料!$AA28*100,2) -> 40 | AN29: =ROUND(數據資料!AC28/數據資料!$AA28*100,2) -> 0 | AO29: =ROUND(數據資料!AD28/數據資料!$AA28*100,2) -> 30 | AP29: =ROUND(數據資料!AE28/數據資料!$AA28*100,2) -> 20 | AQ29: =ROUND(數據資料!AF28/數據資料!$AA28*100,2) -> 0 | AR29: =ROUND(數據資料!AG28/數據資料!$AA28*100,2) -> 0 | AS29: =100-SUM(AM29:AR29) -> 10 | AU29: =ROUND(AL29/數據資料!E28*10000,2) -> 0.22 | AV29: =數據資料!AI28 -> 10 | AW29: =ROUND(AV29/AL29*100,2) -> 100 | AX29: =ROUND(數據資料!AJ28/數據資料!AB28*100,2) -> 100 | AY29: 0 | AZ29: =ROUND(數據資料!AL28/數據資料!AD28*100,2) -> 100 | BA29: =ROUND(數據資料!AM28/數據資料!AE28*100,2) -> 100 | BB29: 0 | BE29: =AJ29 -> 民國109年 | BF29: =AK29 -> 2020 | BG29: 0 | BH29: 0 | BI29: =數據資料!AQ28 -> 19 | BJ29: =ROUND(BI29/數據資料!E28*10000,2) -> 0.42 | BK29: =數據資料!AR28 -> 336 | BL29: =BK29/數據資料!E28*10000 -> 7.4648834 | BM29: =數據資料!AS28 -> 354 | BN29: =ROUND(BM29/BK29*100,2) -> 105.36 | BP29: =數據資料!AT28 -> 558 | BQ29: =ROUND(數據資料!AU28/數據資料!$AT28*100,2) -> 20.07 | BR29: =ROUND(數據資料!AV28/數據資料!$AT28*100,2) -> 75.09 | BS29: =ROUND(數據資料!AW28/數據資料!$AT28*100,2) -> 4.66 | BT29: =ROUND(數據資料!AX28/數據資料!$AT28*100,2) -> 0.18 | BU29: =數據資料!AY28 -> 718 | BV29: =BU29/數據資料!E28*10000 -> 15.951745 | BW29: =數據資料!AZ28 -> 14960.17 | BY29: =BE29 -> 民國109年 | BZ29: =BF29 -> 2020 | CA29: =數據資料!BD28 -> 8 | CB29: =數據資料!BE28 -> 1.3 | CC29: =數據資料!BH28 -> 201 | CD29: =數據資料!BI28 -> 67.63 | CE29: =數據資料!BL28 -> 659 | CF29: =數據資料!BM28 -> 202.52 | CG29: =數據資料!BP28 -> 3846 | CH29: =數據資料!BQ28 -> 117.82475 | CJ29: =數據資料!BR28 -> 120 | CK29: =數據資料!BS28 -> 1397777 | CL29: =ROUND(數據資料!BT28/數據資料!$BR28*100,2) -> 44.17 | CM29: =ROUND(數據資料!BU28/數據資料!$BS28*100,2) -> 0.71 | CN29: =ROUND(數據資料!BV28/數據資料!$BR28*100,2) -> 43.33 | CO29: =ROUND(數據資料!BW28/數據資料!$BS28*100,2) -> 98.92 | CP29: =ROUND(數據資料!BX28/數據資料!$BR28*100,2) -> 5 | CQ29: =ROUND(數據資料!BY28/數據資料!$BS28*100,2) -> 0 | CR29: =100-CL29-CP29-CN29 -> 7.5 | CS29: =100-CM29-CQ29-CO29 -> 0.37 | CU29: =BY29 -> 民國109年 | CV29: =BZ29 -> 2020 | CW29: =數據資料!CE28 -> 34 | CX29: =數據資料!CF28 -> 34 | CY29: =數據資料!CG28 -> 19 | CZ29: =ROUND(CW29/數據資料!CD28*100000,2) -> 7.91 | DA29: =ROUND((CX29+CY29)/數據資料!E28*100000,2) -> 11.77 | DB29: =數據資料!CH28 -> 282192 | DC29: =ROUND(數據資料!CI28/數據資料!$CH28*100,2) -> 99.51 | DD29: =ROUND(數據資料!CJ28/數據資料!$CH28*100,2) -> 0.49
B30: 較上年增減% | R30: 較上年增減% | AJ30: 較上年增減% | BE30: 較上年增減% | BY30: 較上年增減% | CU30: 較上年增減%
B31: （或百、萬分點） | D31: =(D29-D28)/D28*100 -> -6.1285159 | E31: =E29-E28 -> -0.47 | F31: =F29-F28 -> 0.03 | G31: =G29-G28 -> -0.25 | H31: =H29-H28 -> -2.32 | I31: =I29-I28 -> 0.18 | J31: =J29-J28 -> 2.83 | L31: =L29-L28 -> -6.5816355 | M31: =(M29-M28)/M28*100 -> -8.3609821 | N31: =N29-N28 -> -2.45 | O31: =(O29-O28)/O28*100 -> -4.9788349 | P31: =P29-P28 -> -6.1994552 | R31: （或百、萬分點） | T31: =(T29-T28)/T28*100 -> -8.4975369 | U31: =U29-U28 -> 0 | V31: =V29-V28 -> 6.9 | W31: =W29-W28 -> 0.71 | X31: =X29-X28 -> -7.61 | Y31: =Y29-Y28 -> -1.6466526 | Z31: =(Z29-Z28)/Z28*100 -> -10.887574 | AB31: =AB29-AB28 -> -2.71 | AC31: =AC29-AC28 -> 0 | AD31: =AD29-AD28 -> -0.16847373 | AE31: =AE29-AE28 -> -38.14 | AF31: =AF29-AF28 -> 0.53 | AG31: =(AG29-AG28)/AG28*100 -> 7.9925651 | AH31: =AH29-AH28 -> 0.88009966 | AJ31: （或百、萬分點） | AL31: =(AL29-AL28)/AL28*100 -> 11.111111 | AM31: =AM29-AM28 -> -26.67 | AN31: =AN29-AN28 -> 0 | AO31: =AO29-AO28 -> 18.89 | AP31: =AP29-AP28 -> 8.89 | AQ31: =AQ29-AQ28 -> -11.11 | AR31: =AR29-AR28 -> 0 | AS31: =AS29-AS28 -> 10 | AU31: =AU29-AU28 -> 0.02 | AV31: =(AV29-AV28)/AV28*100 -> 11.111111 | AW31: =AW29-AW28 -> 0 | AX31: =AX29-AX28 -> 0 | AY31: 0 | AZ31: =AZ29-AZ28 -> 0 | BA31: =BA29-BA28 -> 0 | BB31: =BB29-BB28 -> -100 | BE31: （或百、萬分點） | BG31: =BG29-BG28 -> 0 | BH31: =BH29-BH28 -> 0 | BI31: =(BI29-BI28)/BI28*100 -> 111.11111 | BJ31: =BJ29-BJ28 -> 0.22 | BK31: =(BK29-BK28)/BK28*100 -> -8.9430894 | BL31: =BL29-BL28 -> -0.78610774 | BM31: =(BM29-BM28)/BM28*100 -> -26.096033 | BN31: =BN29-BN28 -> -24.450298 | BO31: =(BO29-BO28)/BO28*100 -> #DIV/0! | BP31: =(BP29-BP28)/BP28*100 -> -14.417178 | BQ31: =BQ29-BQ28 -> -15.97 | BR31: =BR29-BR28 -> 15.43 | BS31: =BS29-BS28 -> 0.83 | BT31: =BT29-BT28 -> -0.28 | BU31: =(BU29-BU28)/BU28*100 -> -18.03653 | BV31: =BV29-BV28 -> -3.6359739 | BW31: =(BW29-BW28)/BW28*100 -> -45.167381 | BY31: （或百、萬分點） | CA31: =(CA29-CA28)/CA28*100 -> 60 | CB31: =CB29-CB28 -> 0.49 | CC31: =(CC29-CC28)/CC28*100 -> 23.312883 | CD31: =CD29-CD28 -> 13.51 | CE31: =(CE29-CE28)/CE28*100 -> 1.8547141 | CF31: =CF29-CF28 -> 7.33 | CG31: =(CG29-CG28)/CG28*100 -> -7.23589 | CH31: =CH29-CH28 -> -10.943416 | CJ31: =(CJ29-CJ28)/CJ28*100 -> 17.647059 | CK31: =(CK29-CK28)/CK28*100 -> 1668.5768 | CL31: =CL29-CL28 -> -22.5 | CM31: =CM29-CM28 -> -45.42 | CN31: =CN29-CN28 -> 16.86 | CO31: =CO29-CO28 -> 66.05 | CP31: =CP29-CP28 -> 1.08 | CQ31: =CQ29-CQ28 -> -20.97 | CR31: =CR29-CR28 -> -21.91 | CS31: =CS29-CS28 -> -32.53 | CU31: （或百、萬分點） | CW31: =(CW29-CW28)/CW28*100 -> 36 | CX31: =(CX29-CX28)/CX28*100 -> 36 | CY31: =(CY29-CY28)/CY28*100 -> 216.66667 | CZ31: =CZ29-CZ28 -> 2 | DA31: =DA29-DA28 -> 4.838273 | DB31: =(DB29-DB28)/DB28*100 -> 31.050336 | DC31: =DC29-DC28 -> -0.25083332 | DD31: =DD29-DD28 -> 0.25083332
B32: Vs.with Last Year | R32: Vs.with Last Year | AJ32: Vs.with Last Year | BE32: Vs.with Last Year | BY32: Vs.with Last Year | CU32: Vs.with Last Year
B33: 資料來源:內政部警政署-警政統計資料庫及本局各單位公務統計報表。
B34: Source:Police politics statistics database file of National Police Agency and our bureau various units official business statistical Report form.
F35: 27 | N35: 28 | W35: 29 | AE35: 30 | AO35: 31 | AX35: 32 | BJ35: 33 | BT35: 34 | CD35: 35 | CP35: 36 | CZ35: 37

Sheet 統計表
A11: 統計表
A14: Statistical Tables
A44: 38

Sheet 1刑案
K2: 表1、新竹市 | P2: 刑事案件 | AR2: 表1、新竹市 | AW2: 刑事案件(續2) | BV2: 表1、新竹市 | CA2: 刑事案件(續4)
J3: Table 1、 Criminal Cases | P3: in Hsinchu City | AQ3: Table 1、Criminal Cases | AW3: in Hsinchu City（Cont.2） | BV3: Table 1、Criminal Cases | CA3: in Hsinchu City（Cont.4）
AC4: 單位：件,人 | BI4: 單位：件,人 | CI4: 單位：件,人
AC5: Unit:Case,Person | BI5: Unit:Case,Person | CI5: Unit:Case,Person
A6: 年(月)別 | D6: 總 | E6: 竊 盜 Larceny | J6: 贓 | K6: 賭 | L6: 傷 害 Injury | P6: 詐欺背信 Fraudulence | S6: 妨 | T6: 殺 人 Murder | W6: 駕 | X6: 妨害 | Y6: 妨害 | Z6: 妨害性自主罪 Offense Against Sexual Autonomy | AE6: 內 | AG6: 年(月)別 | AJ6: 恐嚇取財 Intimidation and Extortion | AM6: 擄 | AN6: 侵 | AO6: 偽造 | AP6: 違反毒品危害防制條例 Violation of the Narcotics Endangerment Prevention Act | AW6: 毀 | AX6: 妨 | AY6: 違反 著作 權法 | AZ6: 違反 商標 法 | BA6: 妨害 電腦 使用 | BB6: 強盜搶奪 Robbery & Forceful Taking | BE6: 竊 | BF6: 偽造 有價 證券 | BG6: 妨 | BH6: 違反 藥事 法 | BI6: 違反 | BJ6: 違反 森林 法 | BK6: 公 | BM6: 年(月)別 | BP6: 侵害 墳墓 屍體 | BQ6: 重 | BR6: 妨 | BS6: 違反 選罷 法 | BT6: 妨 | BU6: 遺 | BV6: 違反 | BW6: 懲治 走私 條例 | BX6: 妨 | BY6: 偽 | CA6: 偽造 度量 衡 | CB6: 偽 | CC6: 誣 | CD6: 湮 | CE6: 瀆 | CF6: 脫 | CG6: 藏 | CH6: 違反槍 | CI6: 違反 | CJ6: 其 | CK6: 暴
F7: 重 大 | G7: 普 通 | H7: 汽 車 | I7: 機 車 | M7: 重 | N7: 一 般 | Q7: 詐 | R7: 背 | S7: 害 | U7: 故 意 | V7: 過 失 | W7: 駛 | X7: 婚姻 | AA7: 強制 | AB7: 共同 | AC7: 對幼 | AD7: 性交 | AK7: 重大 | AL7: 一般 | AM7: 人 | AO7: 文書 | AQ7: 第一 | AR7: 第二 | AS7: 第三 | AT7: 第四 | AU7: 其 | AW7: 棄 | AX7: 害 | AZ7: 商標 | BC7: 強 | BD7: 搶 | BG7: 害 | BI7: 國家 | BK7: 共 | BR7: 害 | BT7: 害 | BV7: 貪污 | BX7: 害 | BY7: 造 | CD7: 滅 | CG7: 匿 | CH7: 砲彈藥 | CI7: 就業 | CK7: 力
E8: 計 | L8: 計 | M8: 傷 | P8: 計 | S8: 自 | T8: 計 | W8: 過 | X8: 及 | Z8: 計 | AB8: 強制 | AJ8: 計 | AK8: 恐嚇 | AL8: 恐嚇 | AM8: 勒 | AP8: 計 | AQ8: 級 | AR8: 級 | AS8: 級 | AT8: 級 | AW8: 損 | AX8: 公 | AZ8: 法 | BB8: 計 | BG8: 秩 | BI8: 總動 | BK8: 危 | BR8: 名 | BT8: 秘 | BV8: 治罪 | BX8: 兵 | BY8: 貨 | CD8: 證 | CG8: 頂 | CH8: 刀械管 | CI8: 服務 | CK8: 犯
D9: 計 | F9: 竊 盜 | G9: 竊 盜 | H9: 竊 盜 | I9: 竊 盜 | J9: 物 | K9: 博 | M9: 害 | N9: 傷 害 | Q9: 欺 | R9: 信 | S9: 由 | U9: 殺 人 | V9: 殺 人 | W9: 失 | X9: 家庭 | Y9: 風化 | AA9: 性交 | AB9: 性交 | AC9: 性交 | AD9: 猥褻 | AE9: 亂 | AK9: 取財 | AL9: 取財 | AM9: 贖 | AN9: 占 | AO9: 印文 | AQ9: 毒品 | AR9: 毒品 | AS9: 毒品 | AT9: 毒品 | AU9: 他 | AW9: 壞 | AX9: 務 | BC9: 盜 | BD9: 奪 | BE9: 佔 | BG9: 序 | BI9: 員法 | BK9: 險 | BQ9: 利 | BR9: 譽 | BT9: 密 | BU9: 棄 | BV9: 條例 | BX9: 役 | BY9: 幣 | CB9: 證 | CC9: 告 | CD9: 據 | CE9: 職 | CF9: 逃 | CG9: 替 | CH9: 制條例 | CI9: 法 | CJ9: 他 | CK9: 罪
A10: Year(Month) | D10: Grand Total | E10: Total | F10: Serious Larceny | G10: General Larceny | H10: Motor Vehicle Theft | I10: Motorcycle Theft | J10: Stolen Property | K10: Gambling | L10: Total | M10: Serious Injury | N10: General Injury | P10: Total | Q10: Fraud | R10: Breach of trust | S10: Asainst Personal Liberty | T10: Total | U10: Willful- ness | V10: Negligence | W10: Driver Negligence | X10: Against Marriage & Family | Y10: Offense Against Sexual Morality | Z10: Total | AA10: Forcible Rape | AB10: Gang Rape | AC10: Child Rape | AD10: Obscene Rape | AE10: Sedition | AG10: Year(Month) | AJ10: Total | AK10: Serious Intimida- tion and Extortion | AL10: General Intimida- tion and Extortion | AM10: Kidna- pping for Ransom | AN10: Offense of Misapprop-riation | AO10: Forging Instrumen-ts or Seals | AP10: Total | AQ10: First Grade Drugs | AR10: Second Grade Drugs | AS10: Third Grade Drugs | AT10: Fourth Grade Drugs | AU10: Others | AW10: Destruc-tion and Damage | AX10: Offense of Interference with Legal Activities | AY10: Offense of Copyright Law | AZ10: Offense of Tradema-rk Law | BA10: Impairm-ent to Use of Computers | BB10: Total | BC10: Robbery | BD10: Forceful Taking | BE10: Offense of Occupying Real Property | BF10: Counterf-eiting Valuable Securities | BG10: Interfer-ence with Public Order | BH10: Offense of Meducube Control Law | BI10: Offense of Mobiliza-tion Law | BJ10: Against Protecting Forest Act | BK10: Against Public Safety | BM10: Year(Month) | BP10: Against Graves and Corpses | BQ10: Usury | BR10: Against Reputation | BS10: Offense of Election and Rdpudiation Law | BT10: Against Privacy | BU10: Abandon ment of Helpless Persons | BV10: Against Accepting Bribes Law | BW10: Violation of the Smuggling Punishment Act | BX10: Against Conscription | BY10: Counter-feiting Currency | CA10: Falsifying Weights and Measrues | CB10: Perjury | CC10: Offense of Malicious Accusation | CD10: Offense of Destruction of Evidence | CE10: Malfeasance in Office | CF10: Escape | CG10: Concealment and Replacement | CH10: Violation of the Statue of Controlling Guns Ammunition and Knives | CI10: Violation of the Employment Service Law | CJ10: Others | CK10: Violent Crime
B14: 發生數 | C14: Case Reported | D14: 9789 | E14: =SUM(F14:I14) -> 8132 | F14: 14 | G14: 1230 | H14: 750 | I14: 6138 | J14: 28 | K14: 211 | L14: 127 | M14: 0 | N14: 0 | P14: 67 | Q14: 0 | R14: 0 | S14: 24 | T14: 30 | U14: 30 | V14: 0 | W14: 37 | X14: 29 | Y14: 41 | Z14: =SUM(AA14:AD14) -> 21 | AA14: 21 | AB14: 0 | AC14: 0 | AD14: 0 | AE14: 0 | AH14: 發生數 | AI14: Case Reported | AJ14: 30 | AK14: 0 | AL14: 0 | AM14: 4 | AN14: 11 | AO14: 21 | AP14: 0 | AQ14: 0 | AR14: 0 | AS14: 0 | AT14: 0 | AU14: 0 | AW14: 54 | AX14: 8 | AY14: 7 | AZ14: 1 | BA14: 0 | BB14: 162 | BC14: 67 | BD14: 95 | BE14: 1 | BF14: 3 | BG14: 5 | BH14: 0 | BI14: 0 | BJ14: 0 | BK14: 24 | BN14: 發生數 | BO14: Case Reported | BP14: 0 | BQ14: 6 | BR14: 0 | BS14: 0 | BT14: 0 | BU14: 0 | BV14: 0 | BW14: 9 | BX14: 0 | BY14: 1 | CA14: 0 | CB14: 0 | CC14: 11 | CD14: 0 | CE14: 0 | CF14: 0 | CG14: 3 | CH14: 84 | CI14: 45 | CJ14: =D14-SUM(F14:CI14)+T14+Z14+AP14+BB14 -> 552 | CK14: =M14+U14+Z14-AD14+AJ14+AM14+BB14 -> 247
A15: 民國85年 | B15: 破獲數 | C15: Case Resolved | D15: 4598 | E15: =SUM(F15:I15) -> 3174 | F15: 8 | G15: 364 | H15: 307 | I15: 2495 | J15: 27 | K15: 210 | L15: 77 | M15: 0 | N15: 0 | P15: 24 | Q15: 0 | R15: 0 | S15: 23 | T15: 30 | U15: 30 | V15: 0 | W15: 26 | X15: 28 | Y15: 38 | Z15: =SUM(AA15:AD15) -> 12 | AA15: 12 | AB15: 0 | AC15: 0 | AD15: 0 | AE15: 0 | AG15: 民國85年 | AH15: 破獲數 | AI15: Case Resolved | AJ15: 22 | AK15: 0 | AL15: 0 | AM15: 3 | AN15: 9 | AO15: 20 | AP15: 0 | AQ15: 0 | AR15: 0 | AS15: 0 | AT15: 0 | AU15: 0 | AW15: 21 | AX15: 8 | AY15: 7 | AZ15: 1 | BA15: 0 | BB15: 92 | BC15: 50 | BD15: 42 | BE15: 1 | BF15: 2 | BG15: 5 | BH15: 0 | BI15: 0 | BJ15: 0 | BK15: 19 | BM15: 民國85年 | BN15: 破獲數 | BO15: Case Resolved | BP15: 0 | BQ15: 9 | BR15: 0 | BT15: 0 | BU15: 0 | BV15: 0 | BW15: 8 | BX15: 0 | BY15: 1 | CA15: 0 | CB15: 0 | CC15: 5 | CD15: 0 | CE15: 0 | CF15: 0 | CG15: 3 | CH15: 79 | CI15: 42 | CJ15: =D15-SUM(F15:CI15)+T15+Z15+AP15+BB15 -> 572 | CK15: =M15+U15+Z15-AD15+AJ15+AM15+BB15 -> 159
A16: 1996 | B16: 嫌疑犯 | C16: Suspects | D16: 2883 | E16: =SUM(F16:I16) -> 694 | F16: 8 | G16: 310 | H16: 37 | I16: 339 | J16: 38 | K16: 565 | L16: 95 | M16: 0 | N16: 0 | P16: 23 | Q16: 0 | R16: 0 | S16: 32 | T16: 51 | U16: 51 | V16: 0 | W16: 25 | X16: 45 | Y16: 45 | Z16: =SUM(AA16:AD16) -> 12 | AA16: 12 | AB16: 0 | AC16: 0 | AD16: 0 | AE16: 0 | AG16: 1996 | AH16: 嫌疑犯 | AI16: Suspects | AJ16: 40 | AK16: 0 | AL16: 0 | AM16: 9 | AN16: 7 | AO16: 17 | AP16: 0 | AQ16: 0 | AR16: 0 | AS16: 0 | AT16: 0 | AU16: 0 | AW16: 23 | AX16: 9 | AY16: 9 | AZ16: 1 | BA16: 0 | BB16: 83 | BC16: 58 | BD16: 25 | BE16: 1 | BF16: 0 | BG16: 6 | BH16: 0 | BI16: 0 | BJ16: 0 | BK16: 24 | BM16: 1996 | BN16: 嫌疑犯 | BO16: Suspects | BP16: 0 | BQ16: 12 | BR16: 0 | BS16: 0 | BT16: 0 | BU16: 0 | BV16: 0 | BW16: 33 | BX16: 0 | BY16: 0 | CA16: 0 | CB16: 0 | CC16: 5 | CD16: 0 | CE16: 0 | CF16: 0 | CG16: 3 | CH16: 75 | CI16: 49 | CJ16: =D16-SUM(F16:CI16)+T16+Z16+AP16+BB16 -> -3140 | CK16: =M16+U16+Z16-AD16+AJ16+AM16+BB16 -> 195
B18: 發生數 | C18: Case Reported | D18: 10915 | E18: =SUM(F18:I18) -> 9063 | F18: 15 | G18: 1582 | H18: 804 | I18: 6662 | J18: 23 | K18: 212 | L18: 106 | M18: 0 | N18: 0 | P18: 67 | Q18: 0 | R18: 0 | S18: 29 | T18: 30 | U18: 29 | V18: 1 | W18: 22 | X18: 23 | Y18: 71 | Z18: =SUM(AA18:AD18) -> 19 | AA18: 19 | AB18: 0 | AC18: 0 | AD18: 0 | AE18: 0 | AH18: 發生數 | AI18: Case Reported | AJ18: 28 | AK18: 0 | AL18: 0 | AM18: 4 | AN18: 20 | AO18: 25 | AP18: 0 | AQ18: 0 | AR18: 0 | AS18: 0 | AT18: 0 | AU18: 0 | AW18: 74 | AX18: 11 | AY18: 10 | AZ18: 5 | BA18: 0 | BB18: 175 | BC18: 68 | BD18: 107 | BE18: 1 | BF18: 2 | BG18: 7 | BH18: 0 | BI18: 0 | BJ18: 0 | BK18: 21 | BN18: 發生數 | BO18: Case Reported | BP18: 0 | BQ18: 31 | BR18: 1 | BS18: 0 | BT18: 0 | BU18: 1 | BV18: 0 | BW18: 17 | BX18: 0 | BY18: 2 | CA18: 0 | CB18: 0 | CC18: 7 | CD18: 0 | CE18: 0 | CF18: 0 | CG18: 4 | CH18: 94 | CI18: 46 | CJ18: =D18-SUM(F18:CI18)+T18+Z18+AP18+BB18 -> 664 | CK18: =M18+U18+Z18-AD18+AJ18+AM18+BB18 -> 255
A19: 民國86年 | B19: 破獲數 | C19: Case Resolved | D19: 4695 | E19: =SUM(F19:I19) -> 3147 | F19: 2 | G19: 353 | H19: 360 | I19: 2432 | J19: 19 | K19: 214 | L19: 66 | M19: 0 | N19: 0 | P19: 21 | Q19: 0 | R19: 0 | S19: 18 | T19: 28 | U19: 27 | V19: 1 | W19: 15 | X19: 21 | Y19: 72 | Z19: =SUM(AA19:AD19) -> 10 | AA19: 10 | AB19: 0 | AC19: 0 | AD19: 0 | AE19: 0 | AG19: 民國86年 | AH19: 破獲數 | AI19: Case Resolved | AJ19: 20 | AK19: 0 | AL19: 0 | AM19: 4 | AN19: 9 | AO19: 18 | AP19: 0 | AQ19: 0 | AR19: 0 | AS19: 0 | AT19: 0 | AU19: 0 | AW19: 21 | AX19: 10 | AY19: 10 | AZ19: 5 | BA19: 0 | BB19: 165 | BC19: 57 | BD19: 108 | BE19: 0 | BF19: 0 | BG19: 7 | BH19: 0 | BI19: 0 | BJ19: 0 | BK19: 16 | BM19: 民國86年 | BN19: 破獲數 | BO19: Case Resolved | BP19: 0 | BQ19: 21 | BR19: 0 | BS19: 0 | BT19: 0 | BU19: 1 | BV19: 0 | BW19: 14 | BX19: 0 | BY19: 3 | CA19: 0 | CB19: 0 | CC19: 4 | CD19: 0 | CE19: 0 | CF19: 0 | CG19: 5 | CH19: 84 | CI19: 49 | CJ19: =D19-SUM(F19:CI19)+T19+Z19+AP19+BB19 -> 598 | CK19: =M19+U19+Z19-AD19+AJ19+AM19+BB19 -> 226
A20: 1997 | B20: 嫌疑犯 | C20: Suspects | D20: 3063 | E20: =SUM(F20:I20) -> 668 | F20: 11 | G20: 308 | H20: 40 | I20: 309 | J20: 27 | K20: 624 | L20: 91 | M20: 0 | N20: 0 | P20: 24 | Q20: 0 | R20: 0 | S20: 30 | T20: 56 | U20: 54 | V20: 2 | W20: 17 | X20: 38 | Y20: 98 | Z20: =SUM(AA20:AD20) -> 10 | AA20: 10 | AB20: 0 | AC20: 0 | AD20: 0 | AE20: 0 | AG20: 1997 | AH20: 嫌疑犯 | AI20: Suspects | AJ20: 29 | AK20: 0 | AL20: 0 | AM20: 14 | AN20: 7 | AO20: 16 | AP20: 0 | AQ20: 0 | AR20: 0 | AS20: 0 | AT20: 0 | AU20: 0 | AW20: 27 | AX20: 8 | AY20: 11 | AZ20: 5 | BA20: 0 | BB20: 124 | BC20: 79 | BD20: 45 | BE20: 0 | BF20: 0 | BG20: 6 | BH20: 0 | BI20: 0 | BJ20: 0 | BK20: 17 | BM20: 1997 | BN20: 嫌疑犯 | BO20: Suspects | BP20: 0 | BQ20: 26 | BR20: 0 | BS20: 0 | BT20: 0 | BU20: 1 | BV20: 0 | BW20: 51 | BX20: 0 | BY20: 4 | CA20: 0 | CB20: 0 | CC20: 4 | CD20: 0 | CE20: 0 | CF20: 0 | CG20: 3 | CH20: 81 | CI20: 53 | CJ20: =D20-SUM(F20:CI20)+T20+Z20+AP20+BB20 -> -3101 | CK20: =M20+U20+Z20-AD20+AJ20+AM20+BB20 -> 231
B22: 發生數 | C22: Offense Known to the Police | D22: 11701 | E22: =SUM(F22:I22) -> 9835 | F22: 12 | G22: 1423 | H22: 1169 | I22: 7231 | J22: 37 | K22: 66 | L22: 137 | M22: 0 | N22: 0 | P22: 150 | Q22: 0 | R22: 0 | S22: 37 | T22: 39 | U22: 39 | V22: 0 | W22: 30 | X22: 25 | Y22: 39 | Z22: =SUM(AA22:AD22) -> 30 | AA22: 30 | AB22: 0 | AC22: 0 | AD22: 0 | AE22: 0 | AH22: 發生數 | AI22: Offense Known to the Police | AJ22: 36 | AK22: 0 | AL22: 0 | AM22: 1 | AN22: 9 | AO22: 36 | AP22: 647 | AQ22: 61 | AR22: 454 | AS22: 0 | AT22: 0 | AU22: 132 | AW22: 66 | AX22: 13 | AY22: 10 | AZ22: 0 | BA22: 0 | BB22: 181 | BC22: 58 | BD22: 123 | BE22: 2 | BF22: 5 | BG22: 3 | BH22: 1 | BI22: 0 | BJ22: 0 | BK22: 19 | BN22: 發生數 | BO22: Offense Known to the Police | BP22: 0 | BQ22: 27 | BR22: 1 | BS22: 0 | BT22: 0 | BU22: 0 | BV22: 0 | BW22: 39 | BX22: 0 | BY22: 4 | CA22: 0 | CB22: 0 | CC22: 15 | CD22: 0 | CE22: 0 | CF22: 0 | CG22: 2 | CH22: 50 | CI22: 40 | CJ22: =D22-SUM(F22:CI22)+T22+Z22+AP22+BB22 -> 69 | CK22: =M22+U22+Z22-AD22+AJ22+AM22+BB22 -> 287
A23: 民國87年 | B23: 破獲數 | C23: Offense Cleared by the Police | D23: 5354 | E23: =SUM(F23:I23) -> 3924 | F23: 4 | G23: 291 | H23: 524 | I23: 3105 | J23: 25 | K23: 65 | L23: 94 | M23: 0 | N23: 0 | P23: 33 | Q23: 0 | R23: 0 | S23: 29 | T23: 35 | U23: 35 | V23: 0 | W23: 24 | X23: 24 | Y23: 35 | Z23: =SUM(AA23:AD23) -> 26 | AA23: 26 | AB23: 0 | AC23: 0 | AD23: 0 | AE23: 0 | AG23: 民國87年 | AH23: 破獲數 | AI23: Offense Cleared by the Police | AJ23: 19 | AK23: 0 | AL23: 0 | AM23: 1 | AN23: 6 | AO23: 17 | AP23: 562 | AQ23: 50 | AR23: 404 | AS23: 0 | AT23: 0 | AU23: 108 | AW23: 25 | AX23: 9 | AY23: 10 | AZ23: 0 | BA23: 0 | BB23: 156 | BC23: 53 | BD23: 103 | BE23: 2 | BF23: 4 | BG23: 3 | BH23: 1 | BI23: 0 | BJ23: 0 | BK23: 17 | BM23: 民國87年 | BN23: 破獲數 | BO23: Offense Cleared by the Police | BP23: 0 | BQ23: 33 | BR23: 0 | BS23: 0 | BT23: 0 | BU23: 0 | BV23: 0 | BW23: 32 | BX23: 0 | BY23: 3 | CA23: 0 | CB23: 0 | CC23: 8 | CD23: 0 | CE23: 0 | CF23: 0 | CG23: 1 | CH23: 47 | CI23: 27 | CJ23: =D23-SUM(F23:CI23)+T23+Z23+AP23+BB23 -> 57 | CK23: =M23+U23+Z23-AD23+AJ23+AM23+BB23 -> 237
A24: 1998 | B24: 嫌疑犯 | C24: Offenders | D24: 2818 | E24: =SUM(F24:I24) -> 690 | F24: 3 | G24: 295 | H24: 48 | I24: 344 | J24: 39 | K24: 274 | L24: 135 | M24: 0 | N24: 0 | P24: 27 | Q24: 0 | R24: 0 | S24: 35 | T24: 84 | U24: 84 | V24: 0 | W24: 26 | X24: 40 | Y24: 46 | Z24: =SUM(AA24:AD24) -> 29 | AA24: 29 | AB24: 0 | AC24: 0 | AD24: 0 | AE24: 0 | AG24: 1998 | AH24: 嫌疑犯 | AI24: Offenders | AJ24: 21 | AK24: 0 | AL24: 0 | AM24: 3 | AN24: 5 | AO24: 11 | AP24: 811 | AQ24: 116 | AR24: 689 | AS24: 0 | AT24: 0 | AU24: 6 | AW24: 26 | AX24: 10 | AY24: 10 | AZ24: 0 | BA24: 0 | BB24: 122 | BC24: 75 | BD24: 47 | BE24: 2 | BF24: 3 | BG24: 3 | BH24: 1 | BI24: 0 | BJ24: 0 | BK24: 19 | BM24: 1998 | BN24: 嫌疑犯 | BO24: Offenders | BP24: 0 | BQ24: 48 | BR24: 0 | BS24: 0 | BT24: 0 | BU24: 0 | BV24: 0 | BW24: 119 | BX24: 0 | BY24: 1 | CA24: 0 | CB24: 0 | CC24: 8 | CD24: 0 | CE24: 0 | CF24: 0 | CG24: 0 | CH24: 60 | CI24: 32 | CJ24: =D24-SUM(F24:CI24)+T24+Z24+AP24+BB24 -> -3918 | CK24: =M24+U24+Z24-AD24+AJ24+AM24+BB24 -> 259
B26: 發生數 | C26: Offense Known to the Police | D26: 10875 | E26: =SUM(F26:I26) -> 8549 | F26: 11 | G26: 1116 | H26: 1181 | I26: 6241 | J26: 21 | K26: 65 | L26: 132 | M26: 0 | N26: 0 | P26: 127 | Q26: 0 | R26: 0 | S26: 16 | T26: 31 | U26: 31 | V26: 0 | W26: 57 | X26: 21 | Y26: 70 | Z26: =SUM(AA26:AD26) -> 32 | AA26: 32 | AB26: 0 | AC26: 0 | AD26: 0 | AE26: 0 | AH26: 發生數 | AI26: Offense Known to the Police | AJ26: 40 | AK26: 0 | AL26: 0 | AM26: 3 | AN26: 27 | AO26: 27 | AP26: 856 | AQ26: 84 | AR26: 625 | AS26: 2 | AT26: 0 | AU26: 145 | AW26: 45 | AX26: 13 | AY26: 40 | AZ26: 0 | BA26: 0 | BB26: 202 | BC26: 90 | BD26: 112 | BE26: 0 | BF26: 0 | BG26: 0 | BH26: 1 | BI26: 0 | BJ26: 0 | BK26: 234 | BN26: 發生數 | BO26: Offense Known to the Police | BP26: 0 | BQ26: 31 | BR26: 1 | BS26: 0 | BT26: 1 | BU26: 1 | BV26: 0 | BW26: 23 | BX26: 0 | BY26: 0 | CA26: 0 | CB26: 0 | CC26: 18 | CD26: 0 | CE26: 0 | CF26: 0 | CG26: 0 | CH26: 49 | CI26: 35 | CJ26: =D26-SUM(F26:CI26)+T26+Z26+AP26+BB26 -> 107 | CK26: =M26+U26+Z26-AD26+AJ26+AM26+BB26 -> 308
A27: 民國88年 | B27: 破獲數 | C27: Offense Cleared by the Police | D27: 6139 | E27: =SUM(F27:I27) -> 4229 | F27: 15 | G27: 516 | H27: 568 | I27: 3130 | J27: 13 | K27: 63 | L27: 98 | M27: 0 | N27: 0 | P27: 40 | Q27: 0 | R27: 0 | S27: 14 | T27: 28 | U27: 28 | V27: 0 | W27: 44 | X27: 22 | Y27: 60 | Z27: =SUM(AA27:AD27) -> 28 | AA27: 28 | AB27: 0 | AC27: 0 | AD27: 0 | AE27: 0 | AG27: 民國88年 | AH27: 破獲數 | AI27: Offense Cleared by the Police | AJ27: 24 | AK27: 0 | AL27: 0 | AM27: 3 | AN27: 11 | AO27: 22 | AP27: 788 | AQ27: 77 | AR27: 598 | AS27: 3 | AT27: 0 | AU27: 110 | AW27: 19 | AX27: 11 | AY27: 39 | AZ27: 0 | BA27: 0 | BB27: 132 | BC27: 63 | BD27: 69 | BE27: 0 | BF27: 0 | BG27: 0 | BH27: 1 | BI27: 0 | BJ27: 0 | BK27: 214 | BM27: 民國88年 | BN27: 破獲數 | BO27: Offense Cleared by the Police | BP27: 0 | BQ27: 29 | BR27: 0 | BS27: 0 | BT27: 1 | BU27: 0 | BV27: 0 | BW27: 25 | BX27: 0 | BY27: 0 | CA27: 0 | CB27: 0 | CC27: 9 | CD27: 0 | CE27: 0 | CF27: 0 | CG27: 1 | CH27: 43 | CI27: 34 | CJ27: =D27-SUM(F27:CI27)+T27+Z27+AP27+BB27 -> 94 | CK27: =M27+U27+Z27-AD27+AJ27+AM27+BB27 -> 215
A28: 1999 | B28: 嫌疑犯 | C28: Offenders | D28: 3600 | E28: =SUM(F28:I28) -> 993 | F28: 16 | G28: 445 | H28: 79 | I28: 453 | J28: 17 | K28: 169 | L28: 128 | M28: 0 | N28: 0 | P28: 40 | Q28: 0 | R28: 0 | S28: 21 | T28: 44 | U28: 44 | V28: 0 | W28: 45 | X28: 41 | Y28: 79 | Z28: =SUM(AA28:AD28) -> 30 | AA28: 30 | AB28: 0 | AC28: 0 | AD28: 0 | AE28: 0 | AG28: 1999 | AH28: 嫌疑犯 | AI28: Offenders | AJ28: 30 | AK28: 0 | AL28: 0 | AM28: 7 | AN28: 13 | AO28: 23 | AP28: 1108 | AQ28: 142 | AR28: 950 | AS28: 0 | AT28: 0 | AU28: 16 | AW28: 18 | AX28: 11 | AY28: 44 | AZ28: 0 | BA28: 0 | BB28: 104 | BC28: 75 | BD28: 29 | BE28: 0 | BF28: 0 | BG28: 0 | BH28: 0 | BI28: 0 | BJ28: 0 | BK28: 217 | BM28: 1999 | BN28: 嫌疑犯 | BO28: Offenders | BP28: 0 | BQ28: 54 | BR28: 0 | BS28: 0 | BT28: 1 | BU28: 0 | BV28: 0 | BW28: 97 | BX28: 0 | BY28: 1 | CA28: 0 | CB28: 0 | CC28: 9 | CD28: 0 | CE28: 0 | CF28: 0 | CG28: 1 | CH28: 46 | CI28: 46 | CJ28: =D28-SUM(F28:CI28)+T28+Z28+AP28+BB28 -> -3835 | CK28: =M28+U28+Z28-AD28+AJ28+AM28+BB28 -> 215
B30: 發生數 | C30: Offense Known to the Police | D30: 12177 | E30: =SUM(F30:I30) -> 10187 | F30: 7 | G30: 1342 | H30: 1301 | I30: 7537 | J30: 19 | K30: 31 | L30: 105 | M30: 1 | N30: 104 | P30: 125 | Q30: 0 | R30: 0 | S30: 18 | T30: 30 | U30: 30 | V30: 0 | W30: 25 | X30: 23 | Y30: 22 | Z30: 34 | AA30: 24 | AB30: 0 | AC30: 2 | AD30: 8 | AE30: 0 | AH30: 發生數 | AI30: Offense Known to the Police | AJ30: 41 | AK30: 0 | AL30: 41 | AM30: 0 | AN30: 27 | AO30: 98 | AP30: 607 | AQ30: 105 | AR30: 493 | AS30: 1 | AT30: 0 | AU30: 8 | AW30: 44 | AX30: 8 | AY30: 41 | AZ30: 9 | BA30: 0 | BB30: 181 | BC30: 55 | BD30: 126 | BE30: 1 | BF30: 1 | BG30: 1 | BH30: 0 | BI30: 0 | BJ30: 0 | BK30: 262 | BN30: 發生數 | BO30: Offense Known to the Police | BP30: 0 | BQ30: 20 | BR30: 3 | BS30: 0 | BT30: 0 | BU30: 1 | BV30: 0 | BW30: 0 | BX30: 0 | BY30: 1 | CA30: 0 | CB30: 0 | CC30: 9 | CD30: 0 | CE30: 0 | CF30: 0 | CG30: 2 | CH30: 33 | CI30: 52 | CJ30: =D30-SUM(F30:CI30)+L30+T30+Z30+AJ30+AP30+BB30 -> 116 | CK30: =M30+U30+Z30-AD30+AK30+AM30+BB30 -> 238
A31: 民國89年 | B31: 破獲數 | C31: Offense Cleared by the Police | D31: 5640 | E31: =SUM(F31:I31) -> 4048 | F31: 4 | G31: 424 | H31: 617 | I31: 3003 | J31: 15 | K31: 32 | L31: 94 | M31: 1 | N31: 93 | P31: 26 | Q31: 0 | R31: 0 | S31: 14 | T31: 29 | U31: 29 | V31: 0 | W31: 23 | X31: 23 | Y31: 22 | Z31: 27 | AA31: 19 | AB31: 0 | AC31: 2 | AD31: 6 | AE31: 0 | AG31: 民國89年 | AH31: 破獲數 | AI31: Offense Cleared by the Police | AJ31: 18 | AK31: 0 | AL31: 18 | AM31: 0 | AN31: 9 | AO31: 50 | AP31: 572 | AQ31: 99 | AR31: 464 | AS31: 1 | AT31: 0 | AU31: 8 | AW31: 15 | AX31: 8 | AY31: 30 | AZ31: 4 | BA31: 0 | BB31: 131 | BC31: 56 | BD31: 75 | BE31: 1 | BF31: 1 | BG31: 1 | BH31: 0 | BI31: 0 | BJ31: 0 | BK31: 240 | BM31: 民國89年 | BN31: 破獲數 | BO31: Offense Cleared by the Police | BP31: 0 | BQ31: 18 | BR31: 2 | BS31: 0 | BT31: 0 | BU31: 2 | BV31: 0 | BW31: 0 | BX31: 0 | BY31: 2 | CA31: 0 | CB31: 0 | CC31: 10 | CD31: 0 | CE31: 0 | CF31: 0 | CG31: 3 | CH31: 29 | CI31: 40 | CJ31: =D31-SUM(F31:CI31)+L31+T31+Z31+AJ31+AP31+BB31 -> 101 | CK31: =M31+U31+Z31-AD31+AK31+AM31+BB31 -> 182
A32: 2000 | B32: 嫌疑犯 | C32: Offenders | D32: 2973 | E32: =SUM(F32:I32) -> 826 | F32: 2 | G32: 385 | H32: 91 | I32: 348 | J32: 19 | K32: 137 | L32: 110 | M32: 1 | N32: 109 | P32: 24 | Q32: 0 | R32: 0 | S32: 16 | T32: 41 | U32: 41 | V32: 0 | W32: 23 | X32: 39 | Y32: 26 | Z32: 28 | AA32: 20 | AB32: 0 | AC32: 2 | AD32: 6 | AE32: 0 | AG32: 2000 | AH32: 嫌疑犯 | AI32: Offenders | AJ32: 34 | AK32: 0 | AL32: 34 | AM32: 0 | AN32: 8 | AO32: 67 | AP32: 824 | AQ32: 159 | AR32: 659 | AS32: 1 | AT32: 0 | AU32: 5 | AW32: 11 | AX32: 12 | AY32: 33 | AZ32: 5 | BA32: 0 | BB32: 125 | BC32: 91 | BD32: 34 | BE32: 1 | BF32: 2 | BG32: 1 | BH32: 0 | BI32: 0 | BJ32: 0 | BK32: 269 | BM32: 2000 | BN32: 嫌疑犯 | BO32: Offenders | BP32: 0 | BQ32: 15 | BR32: 2 | BS32: 0 | BT32: 0 | BU32: 1 | BV32: 0 | BW32: 0 | BX32: 0 | BY32: 3 | CA32: 0 | CB32: 0 | CC32: 11 | CD32: 0 | CE32: 0 | CF32: 0 | CG32: 3 | CH32: 36 | CI32: 51 | CJ32: =D32-SUM(F32:CI32)+L32+T32+Z32+AJ32+AP32+BB32+BM32+AG32 -> 170 | CK32: =M32+U32+Z32-AD32+AK32+AM32+BB32 -> 189
B34: 發生數 | C34: Offense Known to the Police | D34: 12300 | E34: =SUM(F34:I34) -> 9710 | F34: 5 | G34: 1866 | H34: 1438 | I34: 6401 | J34: 14 | K34: 41 | L34: 162 | M34: 1 | N34: 161 | P34: 274 | Q34: 0 | R34: 0 | S34: 31 | T34: 36 | U34: 35 | V34: 1 | W34: 37 | X34: 16 | Y34: 86 | Z34: 62 | AA34: 31 | AB34: 1 | AC34: 14 | AD34: 16 | AE34: 0 | AH34: 發生數 | AI34: Offense Known to the Police | AJ34: 92 | AK34: 7 | AL34: 85 | AM34: 4 | AN34: 22 | AO34: 137 | AP34: 440 | AQ34: 156 | AR34: 256 | AS34: 0 | AT34: 0 | AU34: 28 | AW34: 103 | AX34: 12 | AY34: 88 | AZ34: 3 | BA34: 0 | BB34: 184 | BC34: 79 | BD34: 105 | BE34: 1 | BF34: 2 | BG34: 3 | BH34: 2 | BI34: 0 | BJ34: 0 | BK34: 443 | BN34: 發生數 | BO34: Offense Known to the Police | BP34: 0 | BQ34: 21 | BR34: 1 | BS34: 2 | BT34: 1 | BU34: 1 | BV34: 0 | BW34: 1 | BX34: 0 | BY34: 12 | CA34: 0 | CB34: 0 | CC34: 7 | CD34: 0 | CE34: 0 | CF34: 1 | CG34: 0 | CH34: 47 | CI34: 60 | CJ34: =D34-SUM(F34:CI34)+L34+P34+T34+Z34+AJ34+AP34+BB34 -> 415 | CK34: =M34+U34+Z34-AD34+AK34+AM34+BB34 -> 277
A35: 民國90年 | B35: 破獲數 | C35: Offense Cleared by the Police | D35: 6730 | E35: =SUM(F35:I35) -> 4819 | F35: 4 | G35: 454 | H35: 752 | I35: 3609 | J35: 15 | K35: 40 | L35: 127 | M35: 1 | N35: 126 | P35: 37 | Q35: 0 | R35: 0 | S35: 26 | T35: 36 | U35: 35 | V35: 1 | W35: 36 | X35: 19 | Y35: 80 | Z35: 60 | AA35: 29 | AB35: 1 | AC35: 16 | AD35: 14 | AE35: 0 | AG35: 民國90年 | AH35: 破獲數 | AI35: Offense Cleared by the Police | AJ35: 36 | AK35: 4 | AL35: 32 | AM35: 2 | AN35: 11 | AO35: 36 | AP35: 427 | AQ35: 157 | AR35: 248 | AS35: 0 | AT35: 0 | AU35: 22 | AW35: 21 | AX35: 12 | AY35: 53 | AZ35: 2 | BA35: 0 | BB35: 140 | BC35: 67 | BD35: 73 | BE35: 1 | BF35: 0 | BG35: 2 | BH35: 0 | BI35: 0 | BJ35: 0 | BK35: 434 | BM35: 民國90年 | BN35: 破獲數 | BO35: Offense Cleared by the Police | BP35: 0 | BQ35: 20 | BR35: 0 | BS35: 2 | BT35: 0 | BU35: 1 | BV35: 0 | BW35: 0 | BX35: 0 | BY35: 13 | CA35: 0 | CB35: 0 | CC35: 8 | CD35: 0 | CE35: 0 | CF35: 1 | CG35: 0 | CH35: 46 | CI35: 47 | CJ35: =D35-SUM(F35:CI35)+L35+P35+T35+Z35+AJ35+AP35+BB35 -> 157 | CK35: =M35+U35+Z35-AD35+AK35+AM35+BB35 -> 228
A36: 2001 | B36: 嫌疑犯 | C36: Offenders | D36: 3368 | E36: =SUM(F36:I36) -> 811 | F36: 4 | G36: 381 | H36: 108 | I36: 318 | J36: 17 | K36: 169 | L36: 183 | M36: 4 | N36: 179 | P36: 30 | Q36: 0 | R36: 0 | S36: 40 | T36: 70 | U36: 69 | V36: 1 | W36: 37 | X36: 32 | Y36: 113 | Z36: =SUM(AA36:AD36) -> 60 | AA36: 27 | AB36: 2 | AC36: 17 | AD36: 14 | AE36: 0 | AG36: 2001 | AH36: 嫌疑犯 | AI36: Offenders | AJ36: 58 | AK36: 5 | AL36: 53 | AM36: 15 | AN36: 10 | AO36: 40 | AP36: 609 | AQ36: 252 | AR36: 349 | AS36: 1 | AT36: 0 | AU36: 7 | AW36: 22 | AX36: 12 | AY36: 63 | AZ36: 4 | BA36: 0 | BB36: 130 | BC36: 90 | BD36: 40 | BE36: 1 | BF36: 0 | BG36: 2 | BH36: 0 | BI36: 0 | BJ36: 0 | BK36: 461 | BM36: 2001 | BN36: 嫌疑犯 | BO36: Offenders | BP36: 0 | BQ36: 25 | BR36: 0 | BS36: 14 | BT36: 0 | BU36: 1 | BV36: 0 | BW36: 0 | BX36: 0 | BY36: 13 | CA36: 0 | CB36: 0 | CC36: 7 | CD36: 0 | CE36: 0 | CF36: 2 | CG36: 0 | CH36: 50 | CI36: 73 | CJ36: =D36-SUM(F36:CI36)+L36+T36+Z36+AJ36+AP36+BB36+BM36+AG36 -> 194 | CK36: =M36+U36+Z36-AD36+AK36+AM36+BB36 -> 269
B38: 發生數 | C38: Offense Known to the Police | D38: 12543 | E38: =SUM(F38:I38) -> 9749 | F38: 4 | G38: 1792 | H38: 1238 | I38: 6715 | J38: 18 | K38: 36 | L38: 177 | M38: 1 | N38: 176 | P38: 380 | Q38: 0 | R38: 0 | S38: 23 | T38: 24 | U38: 24 | V38: 0 | W38: 26 | X38: 10 | Y38: 78 | Z38: 68 | AA38: 44 | AB38: 0 | AC38: 14 | AD38: 10 | AE38: 0 | AH38: 發生數 | AI38: Offense Known to the Police | AJ38: 162 | AK38: 1 | AL38: 161 | AM38: 3 | AN38: 35 | AO38: 77 | AP38: 528 | AQ38: 277 | AR38: 236 | AS38: 0 | AT38: 0 | AU38: 15 | AW38: 88 | AX38: 7 | AY38: 65 | AZ38: 17 | BA38: 0 | BB38: 258 | BC38: 100 | BD38: 158 | BE38: 3 | BF38: 0 | BG38: 1 | BH38: 0 | BI38: 0 | BJ38: 0 | BK38: 418 | BN38: 發生數 | BO38: Offense Known to the Police | BP38: 0 | BQ38: 7 | BR38: 9 | BS38: 35 | BT38: 3 | BU38: 1 | BV38: 0 | BW38: 0 | BX38: 0 | BY38: 6 | CA38: 0 | CB38: 0 | CC38: 8 | CD38: 0 | CE38: 0 | CF38: 0 | CG38: 0 | CH38: 48 | CI38: 0 | CJ38: =D38-SUM(F38:CI38)+L38+T38+Z38+AJ38+AP38+BB38 -> 175 | CK38: =M38+U38+Z38-AD38+AK38+AM38+BB38 -> 345
A39: 民國91年 | B39: 破獲數 | C39: Offense Cleared by the Police | D39: 8010 | E39: =SUM(F39:I39) -> 5904 | F39: 6 | G39: 725 | H39: 861 | I39: 4312 | J39: 15 | K39: 35 | L39: 144 | M39: 1 | N39: 143 | P39: 46 | Q39: 0 | R39: 0 | S39: 14 | T39: 21 | U39: 21 | V39: 0 | W39: 26 | X39: 12 | Y39: 73 | Z39: 80 | AA39: 57 | AB39: 0 | AC39: 16 | AD39: 7 | AE39: 0 | AG39: 民國91年 | AH39: 破獲數 | AI39: Offense Cleared by the Police | AJ39: 56 | AK39: 1 | AL39: 55 | AM39: 3 | AN39: 13 | AO39: 29 | AP39: 581 | AQ39: 306 | AR39: 264 | AS39: 0 | AT39: 0 | AU39: 11 | AW39: 12 | AX39: 6 | AY39: 47 | AZ39: 7 | BA39: 0 | BB39: 195 | BC39: 94 | BD39: 101 | BE39: 3 | BF39: 0 | BG39: 0 | BH39: 0 | BI39: 0 | BJ39: 0 | BK39: 415 | BM39: 民國91年 | BN39: 破獲數 | BO39: Offense Cleared by the Police | BP39: 0 | BQ39: 7 | BR39: 3 | BS39: 40 | BT39: 2 | BU39: 1 | BV39: 0 | BW39: 0 | BX39: 0 | BY39: 8 | CA39: 0 | CB39: 0 | CC39: 2 | CD39: 0 | CE39: 0 | CF39: 0 | CG39: 0 | CH39: 57 | CI39: 0 | CJ39: =D39-SUM(F39:CI39)+L39+T39+Z39+AJ39+AP39+BB39 -> 153 | CK39: =M39+U39+Z39-AD39+AK39+AM39+BB39 -> 294
A40: 2002 | B40: 嫌疑犯 | C40: Offenders | D40: 3904 | E40: =SUM(F40:I40) -> 919 | F40: 19 | G40: 539 | H40: 83 | I40: 278 | J40: 17 | K40: 96 | L40: 219 | M40: 1 | N40: 218 | P40: 40 | Q40: 0 | R40: 0 | S40: 12 | T40: 44 | U40: 44 | V40: 0 | W40: 26 | X40: 18 | Y40: 102 | Z40: 76 | AA40: 55 | AB40: 0 | AC40: 14 | AD40: 7 | AE40: 0 | AG40: 2002 | AH40: 嫌疑犯 | AI40: Offenders | AJ40: 61 | AK40: 1 | AL40: 60 | AM40: 12 | AN40: 12 | AO40: 34 | AP40: 807 | AQ40: 431 | AR40: 365 | AS40: 1 | AT40: 0 | AU40: 10 | AW40: 13 | AX40: 4 | AY40: 62 | AZ40: 1 | BA40: 0 | BB40: 181 | BC40: 126 | BD40: 55 | BE40: 3 | BF40: 0 | BG40: 0 | BH40: 0 | BI40: 0 | BJ40: 0 | BK40: 415 | BM40: 2002 | BN40: 嫌疑犯 | BO40: Offenders | BP40: 0 | BQ40: 9 | BR40: 4 | BS40: 461 | BT40: 2 | BU40: 1 | BV40: 0 | BW40: 0 | BX40: 0 | BY40: 11 | CA40: 0 | CB40: 0 | CC40: 2 | CD40: 0 | CE40: 0 | CF40: 0 | CG40: 0 | CH40: 51 | CI40: 0 | CJ40: =D40-SUM(F40:CI40)+L40+T40+Z40+AJ40+AP40+BB40+BM40+AG40 -> 189 | CK40: =M40+U40+Z40-AD40+AK40+AM40+BB40 -> 308
B42: 發生數 | C42: Offense Known to the Police | D42: 11870 | E42: =SUM(F42:I42) -> 9514 | F42: 2 | G42: 1594 | H42: 1342 | I42: 6576 | J42: 14 | K42: 30 | L42: 118 | M42: 3 | N42: 115 | P42: 518 | Q42: 0 | R42: 0 | S42: 17 | T42: 19 | U42: 19 | V42: 0 | W42: 9 | X42: 11 | Y42: 70 | Z42: 75 | AA42: 51 | AB42: 0 | AC42: 5 | AD42: 19 | AE42: 0 | AH42: 發生數 | AI42: Offense Known to the Police | AJ42: 126 | AK42: 0 | AL42: 126 | AM42: 3 | AN42: 36 | AO42: 75 | AP42: 281 | AQ42: 150 | AR42: 104 | AS42: 1 | AT42: 0 | AU42: 26 | AW42: 138 | AX42: 8 | AY42: 51 | AZ42: 19 | BA42: 0 | BB42: 122 | BC42: 63 | BD42: 59 | BE42: 2 | BF42: 12 | BG42: 2 | BH42: 0 | BI42: 0 | BJ42: 0 | BK42: 356 | BN42: 發生數 | BO42: Offense Known to the Police | BP42: 0 | BQ42: 33 | BR42: 6 | BS42: 0 | BT42: 1 | BU42: 1 | BV42: 0 | BW42: 0 | BX42: 0 | BY42: 6 | CA42: 0 | CB42: 0 | CC42: 11 | CD42: 0 | CE42: 0 | CF42: 0 | CG42: 0 | CH42: 42 | CI42: 0 | CJ42: =D42-SUM(F42:CI42)+L42+T42+Z42+AJ42+AP42+BB42 -> 144 | CK42: =M42+U42+Z42-AD42+AK42+AM42+BB42 -> 203
A43: 民國92年 | B43: 破獲數 | C43: Offense Cleared by the Police | D43: 7089 | E43: =SUM(F43:I43) -> 5380 | F43: 0 | G43: 483 | H43: 831 | I43: 4066 | J43: 13 | K43: 30 | L43: 96 | M43: 3 | N43: 93 | P43: 150 | Q43: 0 | R43: 0 | S43: 12 | T43: 17 | U43: 17 | V43: 0 | W43: 9 | X43: 8 | Y43: 68 | Z43: 73 | AA43: 48 | AB43: 0 | AC43: 3 | AD43: 22 | AE43: 0 | AG43: 民國92年 | AH43: 破獲數 | AI43: Offense Cleared by the Police | AJ43: 55 | AK43: 0 | AL43: 55 | AM43: 2 | AN43: 19 | AO43: 32 | AP43: 345 | AQ43: 185 | AR43: 131 | AS43: 1 | AT43: 0 | AU43: 28 | AW43: 13 | AX43: 8 | AY43: 42 | AZ43: 28 | BA43: 0 | BB43: 85 | BC43: 51 | BD43: 34 | BE43: 2 | BF43: 11 | BG43: 2 | BH43: 0 | BI43: 0 | BJ43: 0 | BK43: 356 | BM43: 民國92年 | BN43: 破獲數 | BO43: Offense Cleared by the Police | BP43: 0 | BQ43: 45 | BR43: 4 | BS43: 0 | BT43: 0 | BU43: 0 | BV43: 0 | BW43: 0 | BX43: 0 | BY43: 6 | CA43: 0 | CB43: 0 | CC43: 5 | CD43: 0 | CE43: 0 | CF43: 0 | CG43: 1 | CH43: 51 | CI43: 0 | CJ43: =D43-SUM(F43:CI43)+L43+T43+Z43+AJ43+AP43+BB43 -> 121 | CK43: =M43+U43+Z43-AD43+AK43+AM43+BB43 -> 158
A44: 2003 | B44: 嫌疑犯 | C44: Offenders | D44: 2502 | E44: =SUM(F44:I44) -> 595 | F44: 0 | G44: 401 | H44: 56 | I44: 138 | J44: 11 | K44: 86 | L44: 132 | M44: 9 | N44: 123 | P44: 94 | Q44: 0 | R44: 0 | S44: 11 | T44: 31 | U44: 31 | V44: 0 | W44: 10 | X44: 10 | Y44: 85 | Z44: 67 | AA44: 47 | AB44: 0 | AC44: 3 | AD44: 17 | AE44: 0 | AG44: 2003 | AH44: 嫌疑犯 | AI44: Offenders | AJ44: 54 | AK44: 0 | AL44: 54 | AM44: 5 | AN44: 18 | AO44: 29 | AP44: 480 | AQ44: 255 | AR44: 210 | AS44: 1 | AT44: 0 | AU44: 14 | AW44: 8 | AX44: 4 | AY44: 60 | AZ44: 30 | BA44: 0 | BB44: 88 | BC44: 67 | BD44: 21 | BE44: 3 | BF44: 1 | BG44: 0 | BH44: 0 | BI44: 0 | BJ44: 0 | BK44: 362 | BM44: 2003 | BN44: 嫌疑犯 | BO44: Offenders | BP44: 0 | BQ44: 32 | BR44: 4 | BS44: 0 | BT44: 0 | BU44: 0 | BV44: 0 | BW44: 0 | BX44: 0 | BY44: 4 | CA44: 0 | CB44: 0 | CC44: 5 | CD44: 0 | CE44: 0 | CF44: 0 | CG44: 1 | CH44: 44 | CI44: 0 | CJ44: =D44-SUM(F44:CI44)+L44+T44+Z44+AJ44+AP44+BB44+BM44+AG44 -> 138 | CK44: =M44+U44+Z44-AD44+AK44+AM44+BB44 -> 183
B46: 發生數 | C46: Offense Known to the Police | D46: 12309 | E46: =SUM(F46:I46) -> 8721 | F46: 5 | G46: 1648 | H46: 1445 | I46: 5623 | J46: 9 | K46: 35 | L46: 128 | M46: 2 | N46: 126 | P46: 1230 | Q46: 0 | R46: 0 | S46: 11 | T46: 24 | U46: 24 | V46: 0 | W46: 14 | X46: 7 | Y46: 64 | Z46: 65 | AA46: 39 | AB46: 1 | AC46: 6 | AD46: 19 | AE46: 0 | AH46: 發生數 | AI46: Offense Known to the Police | AJ46: 86 | AK46: 1 | AL46: 85 | AM46: 2 | AN46: 28 | AO46: 64 | AP46: 542 | AQ46: 241 | AR46: 175 | AS46: 14 | AT46: 0 | AU46: 112 | AW46: 119 | AX46: 7 | AY46: 32 | AZ46: 22 | BA46: 0 | BB46: 106 | BC46: 44 | BD46: 62 | BE46: 6 | BF46: 1 | BG46: 0 | BH46: 0 | BI46: 0 | BJ46: 0 | BK46: 537 | BN46: 發生數 | BO46: Offense Known to the Police | BP46: 0 | BQ46: 21 | BR46: 13 | BS46: 3 | BT46: 1 | BU46: 3 | BV46: 0 | BW46: 0 | BX46: 0 | BY46: 5 | CA46: 0 | CB46: 1 | CC46: 5 | CD46: 0 | CE46: 0 | CF46: 0 | CG46: 0 | CH46: 104 | CI46: 0 | CJ46: =D46-SUM(F46:CI46)+L46+T46+Z46+AJ46+AP46+BB46 -> 293 | CK46: =M46+U46+Z46-AD46+AK46+AM46+BB46 -> 181
A47: 民國93年 | B47: 破獲數 | C47: Offense Cleared | D47: 7770 | E47: =SUM(F47:I47) -> 4772 | F47: 4 | G47: 553 | H47: 838 | I47: 3377 | J47: 9 | K47: 37 | L47: 107 | M47: 2 | N47: 105 | P47: 961 | Q47: 0 | R47: 0 | S47: 8 | T47: 23 | U47: 23 | V47: 0 | W47: 13 | X47: 6 | Y47: 50 | Z47: 62 | AA47: 37 | AB47: 1 | AC47: 5 | AD47: 19 | AE47: 0 | AG47: 民國93年 | AH47: 破獲數 | AI47: Offense Cleared | AJ47: 27 | AK47: 1 | AL47: 26 | AM47: 1 | AN47: 25 | AO47: 32 | AP47: 614 | AQ47: 281 | AR47: 193 | AS47: 14 | AT47: 0 | AU47: 126 | AW47: 11 | AX47: 7 | AY47: 34 | AZ47: 13 | BA47: 0 | BB47: 71 | BC47: 39 | BD47: 32 | BE47: 5 | BF47: 0 | BG47: 0 | BH47: 0 | BI47: 0 | BJ47: 0 | BK47: 534 | BM47: 民國93年 | BN47: 破獲數 | BO47: Offense Cleared | BP47: 0 | BQ47: 27 | BR47: 11 | BS47: 3 | BT47: 2 | BU47: 1 | BV47: 0 | BW47: 0 | BX47: 0 | BY47: 3 | CA47: 0 | CB47: 0 | CC47: 3 | CD47: 0 | CE47: 0 | CF47: 0 | CG47: 1 | CH47: 117 | CI47: 0 | CJ47: =D47-SUM(F47:CI47)+L47+T47+Z47+AJ47+AP47+BB47 -> 180 | CK47: =M47+U47+Z47-AD47+AK47+AM47+BB47 -> 141
A48: 2004 | B48: 嫌疑犯 | C48: Offenders | D48: 3435 | E48: =SUM(F48:I48) -> 682 | F48: 7 | G48: 451 | H48: 61 | I48: 163 | J48: 8 | K48: 92 | L48: 147 | M48: 2 | N48: 145 | P48: 364 | Q48: 0 | R48: 0 | S48: 14 | T48: 49 | U48: 49 | V48: 0 | W48: 13 | X48: 9 | Y48: 58 | Z48: 59 | AA48: 35 | AB48: 3 | AC48: 4 | AD48: 17 | AE48: 0 | AG48: 2004 | AH48: 嫌疑犯 | AI48: Offenders | AJ48: 22 | AK48: 2 | AL48: 20 | AM48: 0 | AN48: 30 | AO48: 40 | AP48: 774 | AQ48: 429 | AR48: 311 | AS48: 19 | AT48: 0 | AU48: 15 | AW48: 10 | AX48: 4 | AY48: 46 | AZ48: 13 | BA48: 0 | BB48: 77 | BC48: 59 | BD48: 18 | BE48: 6 | BF48: 0 | BG48: 0 | BH48: 0 | BI48: 0 | BJ48: 0 | BK48: 534 | BM48: 2004 | BN48: 嫌疑犯 | BO48: Offenders | BP48: 0 | BQ48: 24 | BR48: 11 | BS48: 15 | BT48: 2 | BU48: 2 | BV48: 0 | BW48: 0 | BX48: 0 | BY48: 5 | CA48: 0 | CB48: 0 | CC48: 3 | CD48: 0 | CE48: 0 | CF48: 0 | CG48: 1 | CH48: 112 | CI48: 0 | CJ48: =D48-SUM(F48:CI48)+L48+T48+Z48+AJ48+AP48+BB48+BM48+AG48 -> 209 | CK48: =M48+U48+Z48-AD48+AK48+AM48+BB48 -> 172
B50: 發生數 | C50: Offense Known to the Police | D50: 11065 | E50: =SUM(F50:I50) -> 6691 | F50: 6 | G50: 2348 | H50: 1059 | I50: 3278 | J50: 10 | K50: 25 | L50: 174 | M50: 1 | N50: 173 | P50: 1165 | Q50: 1161 | R50: 4 | S50: 24 | T50: 18 | U50: 17 | V50: 1 | W50: 28 | X50: 7 | Y50: 75 | Z50: 59 | AA50: 35 | AB50: 0 | AC50: 10 | AD50: 14 | AE50: 0 | AH50: 發生數 | AI50: Offense Known to the Police | AJ50: 104 | AK50: 0 | AL50: 104 | AM50: 3 | AN50: 32 | AO50: 65 | AP50: 791 | AQ50: 357 | AR50: 271 | AS50: 11 | AT50: 0 | AU50: 152 | AW50: 250 | AX50: 10 | AY50: 36 | AZ50: 36 | BA50: 322 | BB50: 141 | BC50: 58 | BD50: 83 | BE50: 4 | BF50: 4 | BG50: 0 | BH50: 1 | BI50: 0 | BJ50: 0 | BK50: 650 | BN50: 發生數 | BO50: Offense Known to the Police | BP50: 0 | BQ50: 49 | BR50: 14 | BS50: 14 | BT50: 0 | BU50: 0 | BV50: 0 | BW50: 0 | BX50: 0 | BY50: 1 | CA50: 0 | CB50: 0 | CC50: 2 | CD50: 0 | CE50: 0 | CF50: 0 | CG50: 0 | CH50: 73 | CI50: 0 | CJ50: =D50-SUM(F50:CI50)+L50+P50+T50+Z50+AJ50+AP50+BB50 -> 187 | CK50: =M50+U50+Z50-AD50+AK50+AM50+BB50 -> 207
A51: 民國 94年 | B51: 破獲數 | C51: Offense Cleared | D51: 7296 | E51: =SUM(F51:I51) -> 4100 | F51: 5 | G51: 821 | H51: 653 | I51: 2621 | J51: 10 | K51: 26 | L51: 130 | M51: 1 | N51: 129 | P51: 570 | Q51: 569 | R51: 1 | S51: 11 | T51: 17 | U51: 16 | V51: 1 | W51: 25 | X51: 4 | Y51: 68 | Z51: 57 | AA51: 38 | AB51: 0 | AC51: 7 | AD51: 12 | AE51: 0 | AG51: 民國 94年 | AH51: 破獲數 | AI51: Offense Cleared | AJ51: 80 | AK51: 0 | AL51: 80 | AM51: 4 | AN51: 8 | AO51: 30 | AP51: 1002 | AQ51: 450 | AR51: 326 | AS51: 11 | AT51: 0 | AU51: 215 | AW51: 12 | AX51: 10 | AY51: 23 | AZ51: 4 | BA51: 30 | BB51: 95 | BC51: 57 | BD51: 38 | BE51: 5 | BF51: 2 | BG51: 0 | BH51: 0 | BI51: 0 | BJ51: 0 | BK51: 649 | BM51: 民國 94年 | BN51: 破獲數 | BO51: Offense Cleared | BP51: 0 | BQ51: 74 | BR51: 7 | BS51: 19 | BT51: 0 | BU51: 1 | BV51: 0 | BW51: 0 | BX51: 0 | BY51: 1 | CA51: 0 | CB51: 0 | CC51: 3 | CD51: 0 | CE51: 0 | CF51: 0 | CG51: 0 | CH51: 82 | CI51: 0 | CJ51: =D51-SUM(F51:CI51)+L51+P51+T51+Z51+AJ51+AP51+BB51 -> 137 | CK51: =M51+U51+Z51-AD51+AK51+AM51+BB51 -> 161
A52: 2005 | B52: 嫌疑犯 | C52: Offenders | D52: 4051 | E52: =SUM(F52:I52) -> 819 | F52: 10 | G52: 492 | H52: 115 | I52: 202 | J52: 14 | K52: 72 | L52: 184 | M52: 4 | N52: 180 | P52: 314 | Q52: 313 | R52: 1 | S52: 9 | T52: 28 | U52: 27 | V52: 1 | W52: 27 | X52: 7 | Y52: 74 | Z52: 51 | AA52: 34 | AB52: 0 | AC52: 7 | AD52: 10 | AE52: 0 | AG52: 2005 | AH52: 嫌疑犯 | AI52: Offenders | AJ52: 17 | AK52: 0 | AL52: 17 | AM52: 12 | AN52: 9 | AO52: 27 | AP52: 1112 | AQ52: 644 | AR52: 448 | AS52: 11 | AT52: 0 | AU52: 9 | AW52: 15 | AX52: 8 | AY52: 26 | AZ52: 5 | BA52: 27 | BB52: 89 | BC52: 65 | BD52: 24 | BE52: 12 | BF52: 5 | BG52: 0 | BH52: 0 | BI52: 0 | BJ52: 0 | BK52: 661 | BM52: 2005 | BN52: 嫌疑犯 | BO52: Offenders | BP52: 0 | BQ52: 34 | BR52: 7 | BS52: 149 | BT52: 0 | BU52: 1 | BV52: 0 | BW52: 0 | BX52: 0 | BY52: 1 | CA52: 0 | CB52: 0 | CC52: 3 | CD52: 0 | CE52: 0 | CF52: 0 | CG52: 0 | CH52: 70 | CI52: 0 | CJ52: =D52-SUM(F52:CI52)+L52+T52+Z52+AJ52+AP52+BB52+BM52+AG52+P52 -> 162 | CK52: =M52+U52+Z52-AD52+AK52+AM52+BB52 -> 173
B54: 發生數 | C54: Offense Known to the Police | D54: 9676 | E54: =SUM(F54:I54) -> 5510 | F54: 1 | G54: 2278 | H54: 584 | I54: 2647 | J54: 4 | K54: 62 | L54: 197 | M54: 2 | N54: 195 | P54: 919 | Q54: 919 | R54: 0 | S54: 32 | T54: 21 | U54: 20 | V54: 1 | W54: 115 | X54: 8 | Y54: 45 | Z54: 69 | AA54: 40 | AB54: 2 | AC54: 11 | AD54: 16 | AE54: 0 | AH54: 發生數 | AI54: Offense Known to the Police | AJ54: 98 | AK54: 0 | AL54: 98 | AM54: 2 | AN54: 41 | AO54: 77 | AP54: 579 | AQ54: 343 | AR54: 231 | AS54: 4 | AT54: 1 | AU54: 0 | AW54: 485 | AX54: 11 | AY54: 46 | AZ54: 23 | BA54: 149 | BB54: 124 | BC54: 49 | BD54: 75 | BE54: 2 | BF54: 0 | BG54: 0 | BH54: 0 | BI54: 0 | BJ54: 0 | BK54: 704 | BN54: 發生數 | BO54: Offense Known to the Police | BP54: 0 | BQ54: 80 | BR54: 22 | BS54: 2 | BT54: 3 | BU54: 1 | BV54: 0 | BW54: 4 | BX54: 0 | BY54: 0 | CA54: 0 | CB54: 0 | CC54: 5 | CD54: 0 | CE54: 0 | CF54: 0 | CG54: 0 | CH54: 44 | CI54: 0 | CJ54: =D54-SUM(F54:CI54)+L54+P54+T54+Z54+AJ54+AP54+BB54 -> 192 | CK54: =M54+U54+Z54-AD54+AK54+AM54+BB54 -> 201
A55: 民國 95年 | B55: 破獲數 | C55: Offense Cleared | D55: 6613 | E55: =SUM(F55:I55) -> 3322 | F55: 1 | G55: 612 | H55: 351 | I55: 2358 | J55: 4 | K55: 63 | L55: 129 | M55: 0 | N55: 129 | P55: 736 | Q55: 736 | R55: 0 | S55: 15 | T55: 20 | U55: 19 | V55: 1 | W55: 115 | X55: 10 | Y55: 41 | Z55: 70 | AA55: 43 | AB55: 3 | AC55: 12 | AD55: 12 | AE55: 0 | AG55: 民國 95年 | AH55: 破獲數 | AI55: Offense Cleared | AJ55: 37 | AK55: 0 | AL55: 37 | AM55: 2 | AN55: 17 | AO55: 41 | AP55: 862 | AQ55: 533 | AR55: 324 | AS55: 3 | AT55: 1 | AU55: 1 | AW55: 27 | AX55: 11 | AY55: 30 | AZ55: 10 | BA55: 14 | BB55: 69 | BC55: 38 | BD55: 31 | BE55: 3 | BF55: 0 | BG55: 0 | BH55: 0 | BI55: 0 | BJ55: 0 | BK55: 704 | BM55: 民國 95年 | BN55: 破獲數 | BO55: Offense Cleared | BP55: 0 | BQ55: 72 | BR55: 10 | BS55: 5 | BT55: 0 | BU55: 0 | BV55: 0 | BW55: 3 | BX55: 0 | BY55: 0 | CA55: 0 | CB55: 0 | CC55: 3 | CD55: 0 | CE55: 0 | CF55: 0 | CG55: 0 | CH55: 53 | CI55: 0 | CJ55: =D55-SUM(F55:CI55)+L55+P55+T55+Z55+AJ55+AP55+BB55 -> 115 | CK55: =M55+U55+Z55-AD55+AK55+AM55+BB55 -> 148
A56: 2006 | B56: 嫌疑犯 | C56: Offenders | D56: 4231 | E56: =SUM(F56:I56) -> 725 | F56: 1 | G56: 483 | H56: 45 | I56: 196 | J56: 4 | K56: 89 | L56: 198 | M56: 0 | N56: 198 | P56: 524 | Q56: 524 | R56: 0 | S56: 21 | T56: 49 | U56: 48 | V56: 1 | W56: 124 | X56: 13 | Y56: 46 | Z56: 76 | AA56: 45 | AB56: 8 | AC56: 11 | AD56: 12 | AE56: 0 | AG56: 2006 | AH56: 嫌疑犯 | AI56: Offenders | AJ56: 53 | AK56: 0 | AL56: 53 | AM56: 7 | AN56: 13 | AO56: 34 | AP56: 960 | AQ56: 606 | AR56: 350 | AS56: 3 | AT56: 1 | AU56: 0 | AW56: 30 | AX56: 8 | AY56: 37 | AZ56: 13 | BA56: 15 | BB56: 79 | BC56: 59 | BD56: 20 | BE56: 6 | BF56: 0 | BG56: 0 | BH56: 0 | BI56: 0 | BJ56: 0 | BK56: 717 | BM56: 2006 | BN56: 嫌疑犯 | BO56: Offenders | BP56: 0 | BQ56: 69 | BR56: 10 | BS56: 78 | BT56: 0 | BU56: 0 | BV56: 0 | BW56: 7 | BX56: 0 | BY56: 0 | CA56: 0 | CB56: 0 | CC56: 3 | CD56: 0 | CE56: 0 | CF56: 0 | CG56: 0 | CH56: 57 | CI56: 0 | CJ56: =D56-SUM(F56:CI56)+L56+T56+Z56+AJ56+AP56+BB56+BM56+AG56+P56 -> 166 | CK56: =M56+U56+Z56-AD56+AK56+AM56+BB56 -> 198
B58: 發生數 | C58: Offense Known to the Police | D58: 9932 | E58: 5547 | F58: 4 | G58: 1861 | H58: 798 | I58: 2884 | J58: 7 | K58: 68 | L58: 203 | M58: 0 | N58: 203 | P58: 1055 | Q58: 1053 | R58: 2 | S58: 36 | T58: 13 | U58: 13 | V58: 0 | W58: 65 | X58: 10 | Y58: 62 | Z58: 75 | AA58: 39 | AB58: 2 | AC58: 12 | AD58: 22 | AE58: 0 | AH58: 發生數 | AI58: Offense Known to the Police | AJ58: 111 | AK58: 0 | AL58: 111 | AM58: 0 | AN58: 71 | AO58: 49 | AP58: 509 | AQ58: 267 | AR58: 231 | AS58: 11 | AT58: 0 | AU58: 0 | AW58: 378 | AX58: 8 | AY58: 67 | AZ58: 39 | BA58: 168 | BB58: 73 | BC58: 33 | BD58: 40 | BE58: 2 | BF58: 1 | BG58: 2 | BH58: 0 | BI58: 0 | BJ58: 0 | BK58: 901 | BN58: 發生數 | BO58: Offense Known to the Police | BP58: 0 | BQ58: 67 | BR58: 24 | BS58: 2 | BT58: 3 | BU58: 3 | BV58: 0 | BW58: 2 | BX58: 0 | BY58: 6 | CA58: 0 | CB58: 0 | CC58: 3 | CD58: 3 | CE58: 1 | CF58: 0 | CG58: 0 | CH58: 52 | CI58: 1 | CJ58: 245 | CK58: =M58+U58+Z58-AD58+AK58+AM58+BB58 -> 139
A59: 民國 96年 | B59: 破獲數 | C59: Offense Cleared | D59: 7185 | E59: 3595 | F59: 2 | G59: 684 | H59: 526 | I59: 2383 | J59: 6 | K59: 73 | L59: 141 | M59: 0 | N59: 141 | P59: 973 | Q59: 972 | R59: 1 | S59: 22 | T59: 15 | U59: 15 | V59: 0 | W59: 64 | X59: 13 | Y59: 53 | Z59: 73 | AA59: 43 | AB59: 1 | AC59: 12 | AD59: 17 | AE59: 0 | AG59: 民國 96年 | AH59: 破獲數 | AI59: Offense Cleared | AJ59: 31 | AK59: 0 | AL59: 31 | AM59: 0 | AN59: 26 | AO59: 20 | AP59: 687 | AQ59: 324 | AR59: 353 | AS59: 10 | AT59: 0 | AU59: 0 | AW59: 39 | AX59: 10 | AY59: 49 | AZ59: 13 | BA59: 14 | BB59: 55 | BC59: 26 | BD59: 29 | BE59: 2 | BF59: 1 | BG59: 0 | BH59: 0 | BI59: 0 | BJ59: 0 | BK59: 902 | BM59: 民國 96年 | BN59: 破獲數 | BO59: Offense Cleared | BP59: 0 | BQ59: 79 | BR59: 11 | BS59: 3 | BT59: 1 | BU59: 2 | BV59: 0 | BW59: 0 | BX59: 0 | BY59: 6 | CA59: 0 | CB59: 0 | CC59: 1 | CD59: 3 | CE59: 0 | CF59: 0 | CG59: 0 | CH59: 64 | CI59: 2 | CJ59: 136 | CK59: =M59+U59+Z59-AD59+AK59+AM59+BB59 -> 126
A60: 2007 | B60: 嫌疑犯 | C60: Offenders | D60: 4499 | E60: 694 | F60: 2 | G60: 464 | H60: 49 | I60: 179 | J60: 9 | K60: 177 | L60: 224 | M60: 0 | N60: 224 | P60: 731 | Q60: 730 | R60: 1 | S60: 44 | T60: 41 | U60: 41 | V60: 0 | W60: 73 | X60: 16 | Y60: 73 | Z60: 67 | AA60: 42 | AB60: 2 | AC60: 11 | AD60: 12 | AE60: 0 | AG60: 2007 | AH60: 嫌疑犯 | AI60: Offenders | AJ60: 34 | AK60: 0 | AL60: 34 | AM60: 0 | AN60: 27 | AO60: 16 | AP60: 773 | AQ60: 365 | AR60: 392 | AS60: 16 | AT60: 0 | AU60: 0 | AW60: 29 | AX60: 9 | AY60: 62 | AZ60: 16 | BA60: 12 | BB60: 59 | BC60: 38 | BD60: 21 | BE60: 2 | BF60: 1 | BG60: 0 | BH60: 0 | BI60: 0 | BJ60: 0 | BK60: 915 | BM60: 2007 | BN60: 嫌疑犯 | BO60: Offenders | BP60: 0 | BQ60: 83 | BR60: 12 | BS60: 36 | BT60: 1 | BU60: 3 | BV60: 0 | BW60: 0 | BX60: 0 | BY60: 6 | CA60: 0 | CB60: 0 | CC60: 1 | CD60: 3 | CE60: 0 | CF60: 0 | CG60: 0 | CH60: 52 | CI60: 5 | CJ60: 193 | CK60: =M60+U60+Z60-AD60+AK60+AM60+BB60 -> 155
B62: 發生數 | C62: Offense Known to the Police | D62: 7936 | E62: 4218 | F62: 2 | G62: 1449 | H62: 590 | I62: 2177 | J62: 20 | K62: 86 | L62: 116 | M62: 1 | N62: 115 | P62: 958 | Q62: 955 | R62: 3 | S62: 32 | T62: 11 | U62: 11 | V62: 0 | W62: 19 | X62: 4 | Y62: 131 | Z62: 85 | AA62: 49 | AB62: 2 | AC62: 14 | AD62: 20 | AE62: 0 | AH62: 發生數 | AI62: Offense Known to the Police | AJ62: 69 | AK62: 0 | AL62: 69 | AM62: 0 | AN62: 55 | AO62: 41 | AP62: 661 | AQ62: 378 | AR62: 269 | AS62: 13 | AT62: 1 | AU62: 0 | AW62: 194 | AX62: 10 | AY62: 44 | AZ62: 36 | BA62: 66 | BB62: 48 | BC62: 19 | BD62: 29 | BE62: 6 | BF62: 1 | BG62: 0 | BH62: 1 | BI62: 0 | BJ62: 0 | BK62: 706 | BN62: 發生數 | BO62: Offense Known to the Police | BP62: 0 | BQ62: 114 | BR62: 20 | BS62: 4 | BT62: 4 | BU62: 1 | BV62: 0 | BW62: 1 | BX62: 0 | BY62: 2 | CA62: 0 | CB62: 0 | CC62: 2 | CD62: 0 | CE62: 0 | CF62: 0 | CG62: 0 | CH62: 26 | CI62: 1 | CJ62: 143 | CK62: =M62+U62+Z62-AD62+AK62+AM62+BB62 -> 125
A63: 民國 97年 | B63: 破獲數 | C63: Offense Cleared | D63: 6366 | E63: 2918 | F63: 0 | G63: 641 | H63: 372 | I63: 1905 | J63: 10 | K63: 90 | L63: 96 | M63: 1 | N63: 95 | P63: 1011 | Q63: 1010 | R63: 1 | S63: 32 | T63: 10 | U63: 10 | V63: 0 | W63: 20 | X63: 5 | Y63: 48 | Z63: 79 | AA63: 47 | AB63: 3 | AC63: 12 | AD63: 17 | AE63: 0 | AG63: 民國 97年 | AH63: 破獲數 | AI63: Offense Cleared | AJ63: 35 | AK63: 0 | AL63: 35 | AM63: 0 | AN63: 30 | AO63: 25 | AP63: 839 | AQ63: 481 | AR63: 346 | AS63: 11 | AT63: 1 | AU63: 0 | AW63: 18 | AX63: 10 | AY63: 32 | AZ63: 8 | BA63: 3 | BB63: 55 | BC63: 23 | BD63: 32 | BE63: 6 | BF63: 1 | BG63: 0 | BH63: 0 | BI63: 0 | BJ63: 0 | BK63: 705 | BM63: 民國 97年 | BN63: 破獲數 | BO63: Offense Cleared | BP63: 0 | BQ63: 134 | BR63: 14 | BS63: 4 | BT63: 4 | BU63: 0 | BV63: 0 | BW63: 0 | BX63: 0 | BY63: 2 | CA63: 0 | CB63: 0 | CC63: 0 | CD63: 0 | CE63: 0 | CF63: 0 | CG63: 0 | CH63: 33 | CI63: 0 | CJ63: 89 | CK63: =M63+U63+Z63-AD63+AK63+AM63+BB63 -> 128
A64: 2008 | B64: 嫌疑犯 | C64: Offenders | D64: 4575 | E64: 779 | F64: 0 | G64: 567 | H64: 72 | I64: 140 | J64: 12 | K64: 159 | L64: 154 | M64: 5 | N64: 149 | P64: 911 | Q64: 910 | R64: 1 | S64: 52 | T64: 18 | U64: 18 | V64: 0 | W64: 22 | X64: 9 | Y64: 71 | Z64: 93 | AA64: 48 | AB64: 15 | AC64: 14 | AD64: 16 | AE64: 0 | AG64: 2008 | AH64: 嫌疑犯 | AI64: Offenders | AJ64: 42 | AK64: 0 | AL64: 42 | AM64: 0 | AN64: 36 | AO64: 27 | AP64: 941 | AQ64: 533 | AR64: 383 | AS64: 23 | AT64: 2 | AU64: 0 | AW64: 18 | AX64: 10 | AY64: 43 | AZ64: 9 | BA64: 3 | BB64: 60 | BC64: 43 | BD64: 17 | BE64: 10 | BF64: 1 | BG64: 0 | BH64: 0 | BI64: 0 | BJ64: 0 | BK64: 706 | BM64: 2008 | BN64: 嫌疑犯 | BO64: Offenders | BP64: 0 | BQ64: 120 | BR64: 15 | BS64: 56 | BT64: 4 | BU64: 0 | BV64: 0 | BW64: 0 | BX64: 0 | BY64: 3 | CA64: 0 | CB64: 0 | CC64: 0 | CD64: 0 | CE64: 0 | CF64: 0 | CG64: 0 | CH64: 29 | CI64: 0 | CJ64: 162 | CK64: =M64+U64+Z64-AD64+AK64+AM64+BB64 -> 160
B66: 發生數 | C66: Offense Known to the Police | D66: 6515 | E66: 3172 | F66: 0 | G66: 992 | H66: 511 | I66: 1669 | J66: 18 | K66: 102 | L66: 127 | M66: 1 | N66: 126 | P66: 763 | Q66: 762 | R66: 1 | S66: 36 | T66: 10 | U66: 10 | V66: 0 | W66: 51 | X66: 6 | Y66: 80 | Z66: 46 | AA66: 22 | AB66: 1 | AC66: 7 | AD66: 16 | AE66: 0 | AH66: 發生數 | AI66: Offense Known to the Police | AJ66: 43 | AK66: 0 | AL66: 43 | AM66: 0 | AN66: 46 | AO66: 37 | AP66: 524 | AQ66: 255 | AR66: 253 | AS66: 16 | AT66: 0 | AU66: 0 | AW66: 146 | AX66: 6 | AY66: 44 | AZ66: 49 | BA66: 39 | BB66: 35 | BC66: 18 | BD66: 17 | BE66: 7 | BF66: 1 | BG66: 2 | BH66: 0 | BI66: 0 | BJ66: 1 | BK66: 889 | BN66: 發生數 | BO66: Offense Known to the Police | BP66: 0 | BQ66: 74 | BR66: 29 | BS66: 13 | BT66: 5 | BU66: 0 | BV66: 0 | BW66: 1 | BX66: 0 | BY66: 1 | CA66: 0 | CB66: 0 | CC66: 5 | CD66: 1 | CE66: 1 | CF66: 0 | CG66: 0 | CH66: 33 | CI66: 0 | CJ66: 72 | CK66: =M66+U66+Z66-AD66+AK66+AM66+BB66 -> 76
A67: 民國 98年 | B67: 破獲數 | C67: Offense Cleared | D67: 5720 | E67: 2354 | F67: 0 | G67: 683 | H67: 220 | I67: 1451 | J67: 8 | K67: 97 | L67: 119 | M67: 1 | N67: 118 | P67: 931 | Q67: 931 | R67: 0 | S67: 32 | T67: 13 | U67: 13 | V67: 0 | W67: 51 | X67: 5 | Y67: 50 | Z67: 42 | AA67: 20 | AB67: 1 | AC67: 7 | AD67: 14 | AE67: 0 | AG67: 民國 98年 | AH67: 破獲數 | AI67: Offense Cleared | AJ67: 28 | AK67: 0 | AL67: 28 | AM67: 0 | AN67: 32 | AO67: 30 | AP67: 622 | AQ67: 291 | AR67: 314 | AS67: 17 | AT67: 0 | AU67: 0 | AW67: 32 | AX67: 6 | AY67: 24 | AZ67: 6 | BA67: 6 | BB67: 42 | BC67: 22 | BD67: 20 | BE67: 9 | BF67: 1 | BG67: 2 | BH67: 0 | BI67: 0 | BJ67: 5 | BK67: 890 | BM67: 民國 98年 | BN67: 破獲數 | BO67: Offense Cleared | BP67: 0 | BQ67: 92 | BR67: 23 | BS67: 14 | BT67: 5 | BU67: 0 | BV67: 0 | BW67: 0 | BX67: 0 | BY67: 2 | CA67: 0 | CB67: 0 | CC67: 5 | CD67: 1 | CE67: 1 | CF67: 0 | CG67: 0 | CH67: 53 | CI67: 0 | CJ67: 87 | CK67: =M67+U67+Z67-AD67+AK67+AM67+BB67 -> 84
A68: 2009 | B68: 嫌疑犯 | C68: Offenders | D68: 4714 | E68: 768 | F68: 1 | G68: 599 | H68: 38 | I68: 130 | J68: 12 | K68: 167 | L68: 200 | M68: 2 | N68: 198 | P68: 965 | Q68: 965 | R68: 0 | S68: 58 | T68: 26 | U68: 26 | V68: 0 | W68: 57 | X68: 9 | Y68: 75 | Z68: 51 | AA68: 20 | AB68: 7 | AC68: 7 | AD68: 17 | AE68: 0 | AG68: 2009 | AH68: 嫌疑犯 | AI68: Offenders | AJ68: 57 | AK68: 0 | AL68: 57 | AM68: 0 | AN68: 32 | AO68: 34 | AP68: 742 | AQ68: 359 | AR68: 333 | AS68: 50 | AT68: 0 | AU68: 0 | AW68: 35 | AX68: 5 | AY68: 27 | AZ68: 7 | BA68: 5 | BB68: 47 | BC68: 28 | BD68: 19 | BE68: 13 | BF68: 1 | BG68: 2 | BH68: 0 | BI68: 0 | BJ68: 12 | BK68: 893 | BM68: 2009 | BN68: 嫌疑犯 | BO68: Offenders | BP68: 0 | BQ68: 83 | BR68: 27 | BS68: 90 | BT68: 9 | BU68: 0 | BV68: 0 | BW68: 0 | BX68: 0 | BY68: 2 | CA68: 0 | CB68: 0 | CC68: 6 | CD68: 1 | CE68: 4 | CF68: 0 | CG68: 0 | CH68: 41 | CI68: 0 | CJ68: 151 | CK68: =M68+U68+Z68-AD68+AK68+AM68+BB68 -> 109
B70: 發生數 | C70: Offense Known to the Police | D70: 6386 | E70: 2796 | F70: 0 | G70: 866 | H70: 483 | I70: 1447 | J70: 15 | K70: 116 | L70: 192 | M70: 1 | N70: 191 | P70: 564 | Q70: 564 | R70: 0 | S70: 49 | T70: 8 | U70: 7 | V70: 1 | W70: 116 | X70: 11 | Y70: 66 | Z70: 76 | AA70: 16 | AB70: 0 | AC70: 19 | AD70: 41 | AE70: 0 | AH70: 發生數 | AI70: Offense Known to the Police | AJ70: 49 | AK70: 0 | AL70: 49 | AM70: 1 | AN70: 72 | AO70: 31 | AP70: 632 | AQ70: 190 | AR70: 414 | AS70: 28 | AT70: 0 | AU70: 0 | AW70: 131 | AX70: 10 | AY70: 44 | AZ70: 47 | BA70: 47 | BB70: 25 | BC70: 18 | BD70: 7 | BE70: 10 | BF70: 2 | BG70: 0 | BH70: 19 | BI70: 0 | BJ70: 0 | BK70: 936 | BN70: 發生數 | BO70: Offense Known to the Police | BP70: 0 | BQ70: 111 | BR70: 37 | BS70: 12 | BT70: 12 | BU70: 2 | BV70: 0 | BW70: 0 | BX70: 0 | BY70: 4 | CA70: 0 | CB70: 0 | CC70: 5 | CD70: 0 | CE70: 1 | CF70: 0 | CG70: 0 | CH70: 38 | CI70: 0 | CJ70: 99 | CK70: =M70+U70+Z70-AD70+AK70+AM70+BB70 -> 69
A71: 民國 99年 | B71: 破獲數 | C71: Offense Cleared | D71: 5676 | E71: 2271 | F71: 2 | G71: 667 | H71: 321 | I71: 1281 | J71: 16 | K71: 115 | L71: 185 | M71: 1 | N71: 184 | P71: 516 | Q71: 516 | R71: 0 | S71: 46 | T71: 8 | U71: 7 | V71: 1 | W71: 116 | X71: 6 | Y71: 59 | Z71: 61 | AA71: 14 | AB71: 0 | AC71: 20 | AD71: 27 | AE71: 0 | AG71: 民國 99年 | AH71: 破獲數 | AI71: Offense Cleared | AJ71: 36 | AK71: 0 | AL71: 36 | AM71: 2 | AN71: 66 | AO71: 21 | AP71: 745 | AQ71: 216 | AR71: 493 | AS71: 36 | AT71: 0 | AU71: 0 | AW71: 37 | AX71: 11 | AY71: 29 | AZ71: 14 | BA71: 5 | BB71: 24 | BC71: 19 | BD71: 5 | BE71: 17 | BF71: 2 | BG71: 0 | BH71: 16 | BI71: 0 | BJ71: 4 | BK71: 928 | BM71: 民國 99年 | BN71: 破獲數 | BO71: Offense Cleared | BP71: 0 | BQ71: 96 | BR71: 37 | BS71: 12 | BT71: 12 | BU71: 2 | BV71: 0 | BW71: 0 | BX71: 0 | BY71: 4 | CA71: 0 | CB71: 0 | CC71: 6 | CD71: 0 | CE71: 1 | CF71: 0 | CG71: 0 | CH71: 55 | CI71: 0 | CJ71: 95 | CK71: =M71+U71+Z71-AD71+AK71+AM71+BB71 -> 68
A72: 2010 | B72: 嫌疑犯 | C72: Offenders | D72: 5049 | E72: 801 | F72: 2 | G72: 583 | H72: 87 | I72: 129 | J72: 15 | K72: 209 | L72: 297 | M72: 1 | N72: 296 | P72: 546 | Q72: 546 | R72: 0 | S72: 57 | T72: 26 | U72: 24 | V72: 2 | W72: 136 | X72: 10 | Y72: 85 | Z72: 65 | AA72: 14 | AB72: 0 | AC72: 22 | AD72: 29 | AE72: 0 | AG72: 2010 | AH72: 嫌疑犯 | AI72: Offenders | AJ72: 68 | AK72: 0 | AL72: 68 | AM72: 8 | AN72: 67 | AO72: 24 | AP72: 956 | AQ72: 274 | AR72: 611 | AS72: 71 | AT72: 0 | AU72: 0 | AW72: 40 | AX72: 14 | AY72: 30 | AZ72: 16 | BA72: 5 | BB72: 29 | BC72: 24 | BD72: 5 | BE72: 34 | BF72: 2 | BG72: 0 | BH72: 16 | BI72: 0 | BJ72: 4 | BK72: 934 | BM72: 2010 | BN72: 嫌疑犯 | BO72: Offenders | BP72: 0 | BQ72: 101 | BR72: 44 | BS72: 93 | BT72: 15 | BU72: 2 | BV72: 0 | BW72: 0 | BX72: 0 | BY72: 5 | CA72: 0 | CB72: 0 | CC72: 5 | CD72: 0 | CE72: 0 | CF72: 0 | CG72: 0 | CH72: 46 | CI72: 0 | CJ72: 244 | CK72: =M72+U72+Z72-AD72+AK72+AM72+BB72 -> 98
B74: 發生數 | C74: Offense Known to the Police | D74: 6291 | E74: 2147 | F74: 1 | G74: 856 | H74: 283 | I74: 1007 | J74: 22 | K74: 98 | L74: 310 | M74: 1 | N74: 309 | P74: 399 | Q74: 396 | R74: 3 | S74: 87 | T74: 9 | U74: 9 | V74: 0 | W74: 234 | X74: 10 | Y74: 66 | Z74: 91 | AA74: 15 | AB74: 0 | AC74: 18 | AD74: 58 | AE74: 0 | AH74: 發生數 | AI74: Offense Known to the Police | AJ74: 67 | AK74: 0 | AL74: 67 | AM74: 1 | AN74: 76 | AO74: 40 | AP74: 622 | AQ74: 204 | AR74: 390 | AS74: 25 | AT74: 1 | AU74: 2 | AW74: 159 | AX74: 22 | AY74: 47 | AZ74: 61 | BA74: 92 | BB74: 13 | BC74: 7 | BD74: 6 | BE74: 11 | BF74: 0 | BG74: 1 | BH74: 5 | BI74: 0 | BJ74: 0 | BK74: 1281 | BN74: 發生數 | BO74: Offense Known to the Police | BP74: 0 | BQ74: 104 | BR74: 58 | BS74: 1 | BT74: 7 | BU74: 2 | BV74: 0 | BW74: 0 | BX74: 0 | BY74: 3 | CA74: 0 | CB74: 0 | CC74: 14 | CD74: 1 | CE74: 0 | CF74: 1 | CG74: 0 | CH74: 39 | CI74: 0 | CJ74: 90 | CK74: =M74+U74+Z74-AD74+AK74+AM74+BB74 -> 57
A75: 民國100年 | B75: 破獲數 | C75: Offense Cleared | D75: 5696 | E75: 1752 | F75: 2 | G75: 638 | H75: 184 | I75: 928 | J75: 21 | K75: 120 | L75: 303 | M75: 1 | N75: 302 | P75: 365 | Q75: 363 | R75: 2 | S75: 87 | T75: 9 | U75: 9 | V75: 0 | W75: 234 | X75: 11 | Y75: 60 | Z75: 79 | AA75: 13 | AB75: 0 | AC75: 17 | AD75: 49 | AE75: 0 | AG75: 民國100年 | AH75: 破獲數 | AI75: Offense Cleared | AJ75: 68 | AK75: 0 | AL75: 68 | AM75: 1 | AN75: 78 | AO75: 31 | AP75: 712 | AQ75: 222 | AR75: 451 | AS75: 37 | AT75: 0 | AU75: 2 | AW75: 66 | AX75: 21 | AY75: 34 | AZ75: 10 | BA75: 4 | BB75: 13 | BC75: 8 | BD75: 5 | BE75: 18 | BF75: 1 | BG75: 1 | BH75: 4 | BI75: 0 | BJ75: 1 | BK75: 1279 | BM75: 民國100年 | BN75: 破獲數 | BO75: Offense Cleared | BP75: 0 | BQ75: 98 | BR75: 52 | BS75: 1 | BT75: 7 | BU75: 2 | BV75: 0 | BW75: 1 | BX75: 0 | BY75: 3 | CA75: 0 | CB75: 0 | CC75: 15 | CD75: 0 | CE75: 0 | CF75: 1 | CG75: 0 | CH75: 44 | CI75: 0 | CJ75: 89 | CK75: =M75+U75+Z75-AD75+AK75+AM75+BB75 -> 54
A76: 2011 | B76: 嫌疑犯 | C76: Offenders | D76: 5498 | E76: 745 | F76: 3 | G76: 600 | H76: 47 | I76: 95 | J76: 25 | K76: 190 | L76: 502 | M76: 1 | N76: 501 | P76: 302 | Q76: 300 | R76: 2 | S76: 139 | T76: 52 | U76: 52 | V76: 0 | W76: 261 | X76: 18 | Y76: 73 | Z76: 79 | AA76: 12 | AB76: 0 | AC76: 17 | AD76: 50 | AE76: 0 | AG76: 2011 | AH76: 嫌疑犯 | AI76: Offenders | AJ76: 99 | AK76: 0 | AL76: 99 | AM76: 4 | AN76: 68 | AO76: 32 | AP76: 930 | AQ76: 253 | AR76: 599 | AS76: 77 | AT76: 0 | AU76: 1 | AW76: 86 | AX76: 24 | AY76: 40 | AZ76: 11 | BA76: 4 | BB76: 10 | BC76: 7 | BD76: 3 | BE76: 26 | BF76: 5 | BG76: 0 | BH76: 5 | BI76: 0 | BJ76: 2 | BK76: 1288 | BM76: 2011 | BN76: 嫌疑犯 | BO76: Offenders | BP76: 0 | BQ76: 103 | BR76: 63 | BS76: 12 | BT76: 9 | BU76: 2 | BV76: 0 | BW76: 1 | BX76: 0 | BY76: 3 | CA76: 0 | CB76: 0 | CC76: 15 | CD76: 0 | CE76: 0 | CF76: 5 | CG76: 0 | CH76: 46 | CI76: 0 | CJ76: 219 | CK76: =M76+U76+Z76-AD76+AK76+AM76+BB76 -> 96
B78: 發生數 | C78: Offense Known to the Police | D78: 6006 | E78: 1865 | F78: 1 | G78: 789 | H78: 179 | I78: 896 | J78: 19 | K78: 84 | L78: 286 | M78: 0 | N78: 286 | P78: 265 | Q78: 265 | R78: 0 | S78: 95 | T78: 20 | U78: 20 | V78: 0 | W78: 282 | X78: 29 | Y78: 76 | Z78: 93 | AA78: 11 | AB78: 0 | AC78: 15 | AD78: 67 | AE78: 0 | AH78: 發生數 | AI78: Offense Known to the Police | AJ78: 61 | AK78: 0 | AL78: 61 | AM78: 1 | AN78: 96 | AO78: 51 | AP78: 560 | AQ78: 193 | AR78: 301 | AS78: 66 | AT78: 0 | AU78: 0 | AW78: 105 | AX78: 29 | AY78: 43 | AZ78: 64 | BA78: 31 | BB78: 29 | BC78: 21 | BD78: 8 | BE78: 53 | BF78: 0 | BG78: 0 | BH78: 3 | BI78: 0 | BJ78: 1 | BK78: 1466 | BN78: 發生數 | BO78: Offense Known to the Police | BP78: 0 | BQ78: 60 | BR78: 76 | BS78: 0 | BT78: 5 | BU78: 5 | BV78: 0 | BW78: 0 | BX78: 0 | BY78: 5 | CA78: 0 | CB78: 0 | CC78: 7 | CD78: 0 | CE78: 0 | CF78: 0 | CG78: 0 | CH78: 28 | CI78: 1 | CJ78: 112 | CK78: =M78+U78+Z78-AD78+AK78+AM78+BB78 -> 76
A79: 民國101年 | B79: 破獲數 | C79: Offense Cleared | D79: 5711 | E79: 1590 | F79: 1 | G79: 626 | H79: 160 | I79: 803 | J79: 18 | K79: 97 | L79: 287 | M79: 0 | N79: 287 | P79: 264 | Q79: 264 | R79: 0 | S79: 94 | T79: 20 | U79: 20 | V79: 0 | W79: 282 | X79: 30 | Y79: 70 | Z79: 89 | AA79: 11 | AB79: 0 | AC79: 17 | AD79: 61 | AE79: 0 | AG79: 民國101年 | AH79: 破獲數 | AI79: Offense Cleared | AJ79: 63 | AK79: 0 | AL79: 63 | AM79: 1 | AN79: 96 | AO79: 44 | AP79: 659 | AQ79: 246 | AR79: 349 | AS79: 64 | AT79: 0 | AU79: 0 | AW79: 79 | AX79: 30 | AY79: 34 | AZ79: 16 | BA79: 7 | BB79: 27 | BC79: 22 | BD79: 5 | BE79: 58 | BF79: 0 | BG79: 0 | BH79: 3 | BI79: 0 | BJ79: 2 | BK79: 1464 | BM79: 民國101年 | BN79: 破獲數 | BO79: Offense Cleared | BP79: 0 | BQ79: 66 | BR79: 73 | BS79: 0 | BT79: 7 | BU79: 6 | BV79: 0 | BW79: 0 | BX79: 0 | BY79: 5 | CA79: 0 | CB79: 0 | CC79: 8 | CD79: 0 | CE79: 0 | CF79: 0 | CG79: 0 | CH79: 34 | CI79: 1 | CJ79: 87 | CK79: =M79+U79+Z79-AD79+AK79+AM79+BB79 -> 76
A80: 2012 | B80: 嫌疑犯 | C80: Offenders | D80: 5525 | E80: 748 | F80: 4 | G80: 576 | H80: 68 | I80: 100 | J80: 13 | K80: 178 | L80: 418 | M80: 0 | N80: 418 | P80: 300 | Q80: 300 | R80: 0 | S80: 146 | T80: 57 | U80: 57 | V80: 0 | W80: 309 | X80: 43 | Y80: 79 | Z80: 90 | AA80: 11 | AB80: 0 | AC80: 16 | AD80: 63 | AE80: 0 | AG80: 2012 | AH80: 嫌疑犯 | AI80: Offenders | AJ80: 74 | AK80: 0 | AL80: 74 | AM80: 3 | AN80: 82 | AO80: 43 | AP80: 757 | AQ80: 264 | AR80: 401 | AS80: 90 | AT80: 1 | AU80: 1 | AW80: 85 | AX80: 36 | AY80: 37 | AZ80: 17 | BA80: 7 | BB80: 38 | BC80: 34 | BD80: 4 | BE80: 82 | BF80: 0 | BG80: 0 | BH80: 3 | BI80: 0 | BJ80: 2 | BK80: 1479 | BM80: 2012 | BN80: 嫌疑犯 | BO80: Offenders | BP80: 0 | BQ80: 73 | BR80: 77 | BS80: 0 | BT80: 7 | BU80: 7 | BV80: 0 | BW80: 0 | BX80: 0 | BY80: 5 | CA80: 0 | CB80: 0 | CC80: 7 | CD80: 0 | CE80: 0 | CF80: 0 | CG80: 0 | CH80: 34 | CI80: 1 | CJ80: 188 | CK80: =M80+U80+Z80-AD80+AK80+AM80+BB80 -> 125
B82: 發生數 | C82: Offense Known to the Police | D82: 6131 | E82: 1916 | F82: 0 | G82: 848 | H82: 175 | I82: 893 | J82: 31 | K82: 78 | L82: 282 | M82: 0 | N82: 282 | P82: 372 | Q82: 369 | R82: 3 | S82: 77 | T82: 19 | U82: 19 | V82: 0 | W82: 285 | X82: 12 | Y82: 58 | Z82: 108 | AA82: 15 | AB82: 0 | AC82: 19 | AD82: 74 | AE82: 0 | AH82: 發生數 | AI82: Offense Known to the Police | AJ82: 67 | AK82: 0 | AL82: 67 | AM82: 0 | AN82: 99 | AO82: 50 | AP82: 612 | AQ82: 200 | AR82: 358 | AS82: 54 | AT82: 0 | AU82: 0 | AW82: 99 | AX82: 30 | AY82: 54 | AZ82: 66 | BA82: 29 | BB82: 23 | BC82: 14 | BD82: 9 | BE82: 11 | BF82: 0 | BG82: 0 | BH82: 3 | BI82: 0 | BJ82: 1 | BK82: 1454 | BN82: 發生數 | BO82: Offense Known to the Police | BP82: 0 | BQ82: 70 | BR82: 78 | BS82: 0 | BT82: 12 | BU82: 4 | BV82: 0 | BW82: 1 | BX82: 0 | BY82: 2 | CA82: 0 | CB82: 0 | CC82: 5 | CD82: 0 | CE82: 0 | CF82: 0 | CG82: 0 | CH82: 30 | CI82: 0 | CJ82: 93 | CK82: =M82+U82+Z82-AD82+AK82+AM82+BB82 -> 76
A83: 民國102年 | B83: 破獲數 | C83: Offense Cleared | D83: 5490 | E83: 1535 | F83: 2 | G83: 632 | H83: 158 | I83: 743 | J83: 31 | K83: 78 | L83: 274 | M83: 0 | N83: 274 | P83: 267 | Q83: 265 | R83: 2 | S83: 67 | T83: 18 | U83: 18 | V83: 0 | W83: 285 | X83: 12 | Y83: 50 | Z83: 101 | AA83: 16 | AB83: 0 | AC83: 18 | AD83: 67 | AE83: 0 | AG83: 民國102年 | AH83: 破獲數 | AI83: Offense Cleared | AJ83: 64 | AK83: 0 | AL83: 64 | AM83: 0 | AN83: 99 | AO83: 40 | AP83: 644 | AQ83: 213 | AR83: 362 | AS83: 69 | AT83: 0 | AU83: 0 | AW83: 66 | AX83: 31 | AY83: 30 | AZ83: 23 | BA83: 6 | BB83: 24 | BC83: 14 | BD83: 10 | BE83: 11 | BF83: 0 | BG83: 0 | BH83: 2 | BI83: 0 | BJ83: 5 | BK83: 1456 | BM83: 民國102年 | BN83: 破獲數 | BO83: Offense Cleared | BP83: 0 | BQ83: 58 | BR83: 72 | BS83: 0 | BT83: 9 | BU83: 4 | BV83: 0 | BW83: 0 | BX83: 0 | BY83: 2 | CA83: 0 | CB83: 0 | CC83: 2 | CD83: 0 | CE83: 0 | CF83: 0 | CG83: 0 | CH83: 47 | CI83: 0 | CJ83: 77 | CK83: =M83+U83+Z83-AD83+AK83+AM83+BB83 -> 76
A84: 2013 | B84: 嫌疑犯 | C84: Offenders | D84: 5170 | E84: 671 | F84: 3 | G84: 538 | H84: 33 | I84: 97 | J84: 30 | K84: 124 | L84: 427 | M84: 0 | N84: 427 | P84: 270 | Q84: 270 | R84: 0 | S84: 87 | T84: 60 | U84: 60 | V84: 0 | W84: 321 | X84: 16 | Y84: 66 | Z84: 95 | AA84: 16 | AB84: 0 | AC84: 18 | AD84: 61 | AE84: 0 | AG84: 2013 | AH84: 嫌疑犯 | AI84: Offenders | AJ84: 75 | AK84: 0 | AL84: 75 | AM84: 7 | AN84: 78 | AO84: 39 | AP84: 740 | AQ84: 230 | AR84: 390 | AS84: 120 | AT84: 0 | AU84: 0 | AW84: 75 | AX84: 42 | AY84: 35 | AZ84: 27 | BA84: 6 | BB84: 34 | BC84: 24 | BD84: 10 | BE84: 13 | BF84: 0 | BG84: 0 | BH84: 3 | BI84: 0 | BJ84: 8 | BK84: 1454 | BM84: 2013 | BN84: 嫌疑犯 | BO84: Offenders | BP84: 0 | BQ84: 66 | BR84: 83 | BS84: 0 | BT84: 9 | BU84: 2 | BV84: 0 | BW84: 0 | BX84: 0 | BY84: 3 | CA84: 0 | CB84: 0 | CC84: 2 | CD84: 0 | CE84: 0 | CF84: 0 | CG84: 0 | CH84: 45 | CI84: 0 | CJ84: 157 | CK84: =M84+U84+Z84-AD84+AK84+AM84+BB84 -> 135
B86: 發生數 | C86: Offense Known to the Police | D86: 6826 | E86: 1763 | F86: 2 | G86: 856 | H86: 171 | I86: 734 | J86: 24 | K86: 67 | L86: 294 | M86: 0 | N86: 294 | P86: 403 | Q86: 398 | R86: 5 | S86: 85 | T86: 17 | U86: 17 | V86: 0 | W86: 307 | X86: 11 | Y86: 50 | Z86: 100 | AA86: 17 | AB86: 0 | AC86: 11 | AD86: 72 | AE86: 0 | AH86: 發生數 | AI86: Offense Known to the Police | AJ86: 48 | AK86: 0 | AL86: 48 | AM86: 0 | AN86: 93 | AO86: 25 | AP86: 564 | AQ86: 153 | AR86: 365 | AS86: 45 | AT86: 0 | AU86: 1 | AW86: 74 | AX86: 24 | AY86: 42 | AZ86: 43 | BA86: 29 | BB86: 31 | BC86: 15 | BD86: 16 | BE86: 12 | BF86: 0 | BG86: 3 | BH86: 2 | BI86: 0 | BJ86: 0 | BK86: 2391 | BN86: 發生數 | BO86: Offense Known to the Police | BP86: 0 | BQ86: 62 | BR86: 88 | BS86: 10 | BT86: 6 | BU86: 1 | BV86: 1 | BW86: 0 | BX86: 0 | BY86: 2 | CA86: 0 | CB86: 0 | CC86: 8 | CD86: 1 | CE86: 0 | CF86: 0 | CG86: 0 | CH86: 36 | CI86: 1 | CJ86: 108 | CK86: =M86+U86+Z86-AD86+AK86+AM86+BB86 -> 76
A87: 民國103年 | B87: 破獲數 | C87: Offense Cleared | D87: 6512 | E87: 1526 | F87: 1 | G87: 681 | H87: 126 | I87: 718 | J87: 24 | K87: 77 | L87: 295 | M87: 0 | N87: 295 | P87: 331 | Q87: 329 | R87: 2 | S87: 80 | T87: 19 | U87: 19 | V87: 0 | W87: 307 | X87: 10 | Y87: 50 | Z87: 86 | AA87: 15 | AB87: 0 | AC87: 11 | AD87: 60 | AE87: 0 | AG87: 民國103年 | AH87: 破獲數 | AI87: Offense Cleared | AJ87: 46 | AK87: 0 | AL87: 46 | AM87: 0 | AN87: 85 | AO87: 21 | AP87: 628 | AQ87: 181 | AR87: 405 | AS87: 41 | AT87: 0 | AU87: 1 | AW87: 68 | AX87: 23 | AY87: 25 | AZ87: 39 | BA87: 2 | BB87: 32 | BC87: 17 | BD87: 15 | BE87: 14 | BF87: 0 | BG87: 3 | BH87: 1 | BI87: 0 | BJ87: 4 | BK87: 2391 | BM87: 民國103年 | BN87: 破獲數 | BO87: Offense Cleared | BP87: 0 | BQ87: 65 | BR87: 80 | BS87: 13 | BT87: 8 | BU87: 1 | BV87: 0 | BW87: 1 | BX87: 0 | BY87: 2 | CA87: 0 | CB87: 0 | CC87: 1 | CD87: 1 | CE87: 0 | CF87: 0 | CG87: 0 | CH87: 44 | CI87: 1 | CJ87: 108 | CK87: =M87+U87+Z87-AD87+AK87+AM87+BB87 -> 77
A88: 2014 | B88: 嫌疑犯 | C88: Offenders | D88: 6284 | E88: 738 | F88: 1 | G88: 605 | H88: 44 | I88: 88 | J88: 26 | K88: 105 | L88: 425 | M88: 0 | N88: 425 | P88: 314 | Q88: 312 | R88: 2 | S88: 108 | T88: 46 | U88: 46 | V88: 0 | W88: 349 | X88: 11 | Y88: 60 | Z88: 90 | AA88: 13 | AB88: 0 | AC88: 11 | AD88: 66 | AE88: 0 | AG88: 2014 | AH88: 嫌疑犯 | AI88: Offenders | AJ88: 61 | AK88: 0 | AL88: 61 | AM88: 0 | AN88: 58 | AO88: 25 | AP88: 722 | AQ88: 204 | AR88: 442 | AS88: 75 | AT88: 0 | AU88: 1 | AW88: 80 | AX88: 28 | AY88: 27 | AZ88: 44 | BA88: 2 | BB88: 42 | BC88: 34 | BD88: 8 | BE88: 23 | BF88: 0 | BG88: 3 | BH88: 2 | BI88: 0 | BJ88: 15 | BK88: 2396 | BM88: 2014 | BN88: 嫌疑犯 | BO88: Offenders | BP88: 0 | BQ88: 89 | BR88: 89 | BS88: 46 | BT88: 7 | BU88: 1 | BV88: 0 | BW88: 2 | BX88: 0 | BY88: 7 | CA88: 0 | CB88: 0 | CC88: 0 | CD88: 1 | CE88: 0 | CF88: 0 | CG88: 0 | CH88: 41 | CI88: 1 | CJ88: 200 | CK88: =M88+U88+Z88-AD88+AK88+AM88+BB88 -> 112
B90: 發生數 | C90: Offense Known to the Police | D90: 5897 | E90: 1640 | F90: 2 | G90: 768 | H90: 153 | I90: 717 | J90: 14 | K90: 121 | L90: 251 | M90: 0 | N90: 251 | P90: 553 | Q90: 550 | R90: 3 | S90: 92 | T90: 16 | U90: 15 | V90: 1 | W90: 283 | X90: 9 | Y90: 61 | Z90: 140 | AA90: 6 | AB90: 0 | AC90: 15 | AD90: 119 | AE90: 0 | AH90: 發生數 | AI90: Offense Known to the Police | AJ90: 56 | AK90: 0 | AL90: 56 | AM90: 0 | AN90: 105 | AO90: 39 | AP90: 630 | AQ90: 137 | AR90: 424 | AS90: 67 | AT90: 0 | AU90: 2 | AW90: 109 | AX90: 20 | AY90: 39 | AZ90: 41 | BA90: 26 | BB90: 13 | BC90: 6 | BD90: 7 | BE90: 16 | BF90: 1 | BG90: 1 | BH90: 2 | BI90: 0 | BJ90: 0 | BK90: 1347 | BN90: 發生數 | BO90: Offense Known to the Police | BP90: 0 | BQ90: 47 | BR90: 74 | BS90: 2 | BT90: 14 | BU90: 0 | BV90: 0 | BW90: 3 | BX90: 0 | BY90: 2 | CA90: 0 | CB90: 0 | CC90: 7 | CD90: 0 | CE90: 0 | CF90: 1 | CG90: 0 | CH90: 38 | CI90: 0 | CJ90: 84 | CK90: =M90+U90+Z90-AD90+AK90+AM90+BB90 -> 49
A91: 民國104年 | B91: 破獲數 | C91: Offense Cleared | D91: 5573 | E91: 1461 | F91: 3 | G91: 717 | H91: 128 | I91: 613 | J91: 11 | K91: 127 | L91: 248 | M91: 0 | N91: 248 | P91: 462 | Q91: 460 | R91: 2 | S91: 90 | T91: 16 | U91: 15 | V91: 1 | W91: 283 | X91: 6 | Y91: 58 | Z91: 130 | AA91: 8 | AB91: 0 | AC91: 15 | AD91: 107 | AE91: 0 | AG91: 民國104年 | AH91: 破獲數 | AI91: Offense Cleared | AJ91: 50 | AK91: 0 | AL91: 50 | AM91: 0 | AN91: 98 | AO91: 29 | AP91: 725 | AQ91: 167 | AR91: 477 | AS91: 77 | AT91: 2 | AU91: 2 | AW91: 85 | AX91: 20 | AY91: 13 | AZ91: 22 | BA91: 4 | BB91: 13 | BC91: 6 | BD91: 7 | BE91: 16 | BF91: 1 | BG91: 1 | BH91: 2 | BI91: 0 | BJ91: 4 | BK91: 1346 | BM91: 民國104年 | BN91: 破獲數 | BO91: Offense Cleared | BP91: 0 | BQ91: 38 | BR91: 72 | BS91: 1 | BT91: 13 | BU91: 0 | BV91: 0 | BW91: 2 | BX91: 0 | BY91: 2 | CA91: 0 | CB91: 0 | CC91: 6 | CD91: 0 | CE91: 0 | CF91: 1 | CG91: 0 | CH91: 44 | CI91: 0 | CJ91: 73 | CK91: =M91+U91+Z91-AD91+AK91+AM91+BB91 -> 51
A92: 2015 | B92: 嫌疑犯 | C92: Offenders | D92: 5137 | E92: 711 | F92: 5 | G92: 555 | H92: 61 | I92: 90 | J92: 8 | K92: 179 | L92: 372 | M92: 0 | N92: 372 | P92: 295 | Q92: 294 | R92: 1 | S92: 114 | T92: 35 | U92: 34 | V92: 1 | W92: 322 | X92: 9 | Y92: 64 | Z92: 113 | AA92: 6 | AB92: 0 | AC92: 14 | AD92: 93 | AE92: 0 | AG92: 2015 | AH92: 嫌疑犯 | AI92: Offenders | AJ92: 57 | AK92: 0 | AL92: 57 | AM92: 0 | AN92: 84 | AO92: 36 | AP92: 775 | AQ92: 178 | AR92: 513 | AS92: 77 | AT92: 4 | AU92: 3 | AW92: 94 | AX92: 22 | AY92: 16 | AZ92: 24 | BA92: 12 | BB92: 18 | BC92: 7 | BD92: 11 | BE92: 30 | BF92: 1 | BG92: 1 | BH92: 2 | BI92: 0 | BJ92: 1 | BK92: 1346 | BM92: 2015 | BN92: 嫌疑犯 | BO92: Offenders | BP92: 0 | BQ92: 37 | BR92: 84 | BS92: 1 | BT92: 13 | BU92: 0 | BV92: 0 | BW92: 5 | BX92: 0 | BY92: 0 | CA92: 0 | CB92: 0 | CC92: 6 | CD92: 0 | CE92: 0 | CF92: 2 | CG92: 0 | CH92: 40 | CI92: 0 | CJ92: 208 | CK92: =M92+U92+Z92-AD92+AK92+AM92+BB92 -> 72
B94: 發生數 | C94: Offense Known to the Police | D94: 5266 | E94: 1182 | F94: 1 | G94: 656 | H94: 117 | I94: 408 | J94: 6 | K94: 114 | L94: 263 | M94: 1 | N94: 262 | P94: 526 | Q94: 523 | R94: 3 | S94: 120 | T94: 4 | U94: 4 | V94: 0 | W94: 242 | X94: 19 | Y94: 44 | Z94: 104 | AA94: 3 | AB94: 0 | AC94: 14 | AD94: 87 | AE94: 0 | AH94: 發生數 | AI94: Offense Known to the Police | AJ94: 54 | AK94: 0 | AL94: 54 | AM94: 0 | AN94: 98 | AO94: 41 | AP94: 654 | AQ94: 168 | AR94: 433 | AS94: 44 | AT94: 0 | AU94: 9 | AW94: 114 | AX94: 25 | AY94: 57 | AZ94: 17 | BA94: 15 | BB94: 12 | BC94: 3 | BD94: 9 | BE94: 18 | BF94: 0 | BG94: 1 | BH94: 0 | BI94: 0 | BJ94: 0 | BK94: 1213 | BN94: 發生數 | BO94: Offense Known to the Police | BP94: 0 | BQ94: 44 | BR94: 87 | BS94: 3 | BT94: 12 | BU94: 1 | BV94: 0 | BW94: 1 | BX94: 0 | BY94: 6 | CA94: 0 | CB94: 0 | CC94: 5 | CD94: 0 | CE94: 0 | CF94: 0 | CG94: 1 | CH94: 42 | CI94: 0 | CJ94: 121 | CK94: =M94+U94+Z94-AD94+AK94+AM94+BB94 -> 34
A95: 民國105年 | B95: 破獲數 | C95: Offense Cleared | D95: 5051 | E95: 1064 | F95: 1 | G95: 602 | H95: 71 | I95: 390 | J95: 8 | K95: 101 | L95: 257 | M95: 1 | N95: 256 | P95: 473 | Q95: 470 | R95: 3 | S95: 116 | T95: 5 | U95: 5 | V95: 0 | W95: 242 | X95: 19 | Y95: 42 | Z95: 103 | AA95: 3 | AB95: 0 | AC95: 14 | AD95: 86 | AE95: 0 | AG95: 民國105年 | AH95: 破獲數 | AI95: Offense Cleared | AJ95: 43 | AK95: 0 | AL95: 43 | AM95: 0 | AN95: 92 | AO95: 29 | AP95: 740 | AQ95: 199 | AR95: 481 | AS95: 47 | AT95: 0 | AU95: 13 | AW95: 97 | AX95: 25 | AY95: 16 | AZ95: 4 | BA95: 5 | BB95: 11 | BC95: 2 | BD95: 9 | BE95: 19 | BF95: 0 | BG95: 1 | BH95: 1 | BI95: 0 | BJ95: 1 | BK95: 1214 | BM95: 民國105年 | BN95: 破獲數 | BO95: Offense Cleared | BP95: 0 | BQ95: 54 | BR95: 85 | BS95: 3 | BT95: 12 | BU95: 1 | BV95: 0 | BW95: 1 | BX95: 0 | BY95: 6 | CA95: 0 | CB95: 0 | CC95: 4 | CD95: 0 | CE95: 0 | CF95: 0 | CG95: 0 | CH95: 50 | CI95: 0 | CJ95: 107 | CK95: =M95+U95+Z95-AD95+AK95+AM95+BB95 -> 34
A96: 2016 | B96: 嫌疑犯 | C96: Offenders | D96: 4935 | E96: 620 | F96: 1 | G96: 513 | H96: 32 | I96: 74 | J96: 8 | K96: 126 | L96: 362 | M96: 3 | N96: 359 | P96: 476 | Q96: 473 | R96: 3 | S96: 139 | T96: 18 | U96: 18 | V96: 0 | W96: 248 | X96: 24 | Y96: 41 | Z96: 99 | AA96: 3 | AB96: 0 | AC96: 14 | AD96: 82 | AE96: 0 | AG96: 2016 | AH96: 嫌疑犯 | AI96: Offenders | AJ96: 55 | AK96: 0 | AL96: 55 | AM96: 0 | AN96: 71 | AO96: 28 | AP96: 785 | AQ96: 213 | AR96: 509 | AS96: 47 | AT96: 0 | AU96: 16 | AW96: 109 | AX96: 28 | AY96: 16 | AZ96: 4 | BA96: 5 | BB96: 16 | BC96: 9 | BD96: 7 | BE96: 25 | BF96: 0 | BG96: 1 | BH96: 1 | BI96: 0 | BJ96: 0 | BK96: 1233 | BM96: 2016 | BN96: 嫌疑犯 | BO96: Offenders | BP96: 0 | BQ96: 72 | BR96: 101 | BS96: 16 | BT96: 13 | BU96: 0 | BV96: 0 | BW96: 5 | BX96: 0 | BY96: 6 | CA96: 0 | CB96: 0 | CC96: 4 | CD96: 0 | CE96: 0 | CF96: 0 | CG96: 0 | CH96: 45 | CI96: 0 | CJ96: 135 | CK96: =M96+U96+Z96-AD96+AK96+AM96+BB96 -> 54
B98: 發生數 | C98: Offense Known to the Police | D98: 4424 | E98: 1000 | F98: 0 | G98: 504 | H98: 87 | I98: 409 | J98: 9 | K98: 136 | L98: 196 | M98: 0 | N98: 196 | P98: 449 | Q98: 445 | R98: 4 | S98: 82 | T98: 4 | U98: 4 | V98: 0 | W98: 177 | X98: 11 | Y98: 54 | Z98: 115 | AA98: 0 | AB98: 0 | AC98: 9 | AD98: 106 | AE98: 0 | AH98: 發生數 | AI98: Offense Known to the Police | AJ98: 53 | AK98: 0 | AL98: 53 | AM98: 0 | AN98: 78 | AO98: 28 | AP98: 714 | AQ98: 181 | AR98: 479 | AS98: 53 | AT98: 0 | AU98: 1 | AW98: 82 | AX98: 21 | AY98: 60 | AZ98: 29 | BA98: 12 | BB98: 4 | BC98: 1 | BD98: 3 | BE98: 15 | BF98: 2 | BG98: 2 | BH98: 2 | BI98: 0 | BJ98: 0 | BK98: 803 | BN98: 發生數 | BO98: Offense Known to the Police | BP98: 0 | BQ98: 19 | BR98: 93 | BS98: 0 | BT98: 9 | BU98: 0 | BV98: 0 | BW98: 0 | BX98: 0 | BY98: 2 | CA98: 0 | CB98: 0 | CC98: 1 | CD98: 0 | CE98: 0 | CF98: 0 | CG98: 0 | CH98: 47 | CI98: 1 | CJ98: 114 | CK98: =M98+U98+Z98-AD98-AC98+AK98+AM98+BB98 -> 8
A99: 民國106年 | B99: 破獲數 | C99: Offense Cleared | D99: 4371 | E99: 907 | F99: 1 | G99: 445 | H99: 52 | I99: 409 | J99: 5 | K99: 130 | L99: 197 | M99: 0 | N99: 197 | P99: 473 | Q99: 468 | R99: 5 | S99: 89 | T99: 4 | U99: 4 | V99: 0 | W99: 175 | X99: 11 | Y99: 56 | Z99: 106 | AA99: 0 | AB99: 0 | AC99: 9 | AD99: 97 | AE99: 0 | AG99: 民國106年 | AH99: 破獲數 | AI99: Offense Cleared | AJ99: 56 | AK99: 0 | AL99: 56 | AM99: 0 | AN99: 75 | AO99: 19 | AP99: 854 | AQ99: 218 | AR99: 563 | AS99: 72 | AT99: 0 | AU99: 1 | AW99: 78 | AX99: 22 | AY99: 9 | AZ99: 1 | BA99: 2 | BB99: 5 | BC99: 2 | BD99: 3 | BE99: 14 | BF99: 2 | BG99: 3 | BH99: 3 | BI99: 0 | BJ99: 0 | BK99: 803 | BM99: 民國106年 | BN99: 破獲數 | BO99: Offense Cleared | BP99: 0 | BQ99: 15 | BR99: 93 | BS99: 0 | BT99: 7 | BU99: 0 | BV99: 0 | BW99: 1 | BX99: 0 | BY99: 2 | CA99: 0 | CB99: 0 | CC99: 2 | CD99: 0 | CE99: 0 | CF99: 0 | CG99: 0 | CH99: 66 | CI99: 1 | CJ99: 85 | CK99: =M99+U99+Z99-AD99-AC99+AK99+AM99+BB99 -> 9
A100: 2017 | B100: 嫌疑犯 | C100: Offenders | D100: 4345 | E100: 468 | F100: 1 | G100: 386 | H100: 17 | I100: 64 | J100: 6 | K100: 173 | L100: 292 | M100: 0 | N100: 292 | P100: 482 | Q100: 476 | R100: 6 | S100: 136 | T100: 8 | U100: 8 | V100: 0 | W100: 186 | X100: 18 | Y100: 58 | Z100: 106 | AA100: 0 | AB100: 0 | AC100: 8 | AD100: 98 | AE100: 0 | AG100: 2017 | AH100: 嫌疑犯 | AI100: Offenders | AJ100: 76 | AK100: 0 | AL100: 76 | AM100: 0 | AN100: 64 | AO100: 16 | AP100: 978 | AQ100: 264 | AR100: 629 | AS100: 83 | AT100: 0 | AU100: 2 | AW100: 84 | AX100: 21 | AY100: 9 | AZ100: 1 | BA100: 1 | BB100: 12 | BC100: 8 | BD100: 4 | BE100: 18 | BF100: 1 | BG100: 12 | BH100: 3 | BI100: 0 | BJ100: 0 | BK100: 808 | BM100: 2017 | BN100: 嫌疑犯 | BO100: Offenders | BP100: 0 | BQ100: 16 | BR100: 105 | BS100: 0 | BT100: 7 | BU100: 0 | BV100: 0 | BW100: 14 | BX100: 0 | BY100: 1 | CA100: 0 | CB100: 0 | CC100: 2 | CD100: 0 | CE100: 0 | CF100: 0 | CG100: 0 | CH100: 62 | CI100: 1 | CJ100: 100 | CK100: =M100+U100+Z100-AD100-AC100+AK100+AM100+BB100 -> 20
B102: 發生數 | C102: Offense Known to the Police | D102: 4413 | E102: 967 | F102: 1 | G102: 564 | H102: 55 | I102: 347 | J102: 8 | K102: 66 | L102: 285 | M102: 0 | N102: 285 | P102: 473 | Q102: 470 | R102: 3 | S102: 109 | T102: 3 | U102: 3 | V102: 0 | W102: 202 | X102: 14 | Y102: 43 | Z102: 94 | AA102: 0 | AB102: 0 | AC102: 8 | AD102: 86 | AE102: 0 | AH102: 發生數 | AI102: Offense Known to the Police | AJ102: 40 | AK102: 0 | AL102: 40 | AM102: 0 | AN102: 108 | AO102: 29 | AP102: 575 | AQ102: 196 | AR102: 339 | AS102: 39 | AT102: 0 | AU102: 1 | AW102: 128 | AX102: 24 | AY102: 64 | AZ102: 38 | BA102: 9 | BB102: 1 | BC102: 1 | BD102: 0 | BE102: 6 | BF102: 0 | BG102: 3 | BH102: 2 | BI102: 0 | BJ102: 0 | BK102: 833 | BN102: 發生數 | BO102: Offense Known to the Police | BP102: 0 | BQ102: 11 | BR102: 124 | BS102: 18 | BT102: 11 | BU102: 1 | BV102: 0 | BW102: 0 | BX102: 0 | BY102: 0 | CA102: 0 | CB102: 0 | CC102: 8 | CD102: 0 | CE102: 0 | CF102: 0 | CG102: 0 | CH102: 42 | CI102: 0 | CJ102: 74 | CK102: =M102+U102+Z102-AD102-AC102+AK102+AM102+BB102 -> 4
A103: 民國107年 | B103: 破獲數 | C103: Offense Cleared | D103: 4252 | E103: 858 | F103: 1 | G103: 540 | H103: 40 | I103: 277 | J103: 7 | K103: 28 | L103: 289 | M103: 0 | N103: 289 | P103: 495 | Q103: 491 | R103: 4 | S103: 110 | T103: 3 | U103: 3 | V103: 0 | W103: 202 | X103: 14 | Y103: 44 | Z103: 92 | AA103: 1 | AB103: 0 | AC103: 7 | AD103: 84 | AE103: 0 | AG103: 民國107年 | AH103: 破獲數 | AI103: Offense Cleared | AJ103: 43 | AK103: 0 | AL103: 43 | AM103: 0 | AN103: 112 | AO103: 27 | AP103: 620 | AQ103: 219 | AR103: 362 | AS103: 38 | AT103: 0 | AU103: 1 | AW103: 126 | AX103: 24 | AY103: 3 | AZ103: 1 | BA103: 4 | BB103: 1 | BC103: 1 | BD103: 0 | BE103: 6 | BF103: 0 | BG103: 4 | BH103: 0 | BI103: 0 | BJ103: 0 | BK103: 834 | BM103: 民國107年 | BN103: 破獲數 | BO103: Offense Cleared | BP103: 0 | BQ103: 12 | BR103: 133 | BS103: 24 | BT103: 11 | BU103: 1 | BV103: 0 | BW103: 0 | BX103: 0 | BY103: 0 | CA103: 0 | CB103: 0 | CC103: 6 | CD103: 0 | CE103: 0 | CF103: 0 | CG103: 0 | CH103: 49 | CI103: 0 | CJ103: 69 | CK103: =M103+U103+Z103-AD103-AC103+AK103+AM103+BB103 -> 5
A104: 2018 | B104: 嫌疑犯 | C104: Offenders | D104: 4778 | E104: 558 | F104: 5 | G104: 472 | H104: 24 | I104: 57 | J104: 8 | K104: 60 | L104: 402 | M104: 0 | N104: 402 | P104: 814 | Q104: 808 | R104: 6 | S104: 142 | T104: 6 | U104: 6 | V104: 0 | W104: 216 | X104: 16 | Y104: 46 | Z104: 97 | AA104: 1 | AB104: 0 | AC104: 7 | AD104: 89 | AE104: 0 | AG104: 2018 | AH104: 嫌疑犯 | AI104: Offenders | AJ104: 67 | AK104: 0 | AL104: 67 | AM104: 0 | AN104: 86 | AO104: 20 | AP104: 767 | AQ104: 258 | AR104: 447 | AS104: 61 | AT104: 0 | AU104: 1 | AW104: 130 | AX104: 29 | AY104: 4 | AZ104: 1 | BA104: 3 | BB104: 1 | BC104: 1 | BD104: 0 | BE104: 8 | BF104: 0 | BG104: 13 | BH104: 0 | BI104: 0 | BJ104: 0 | BK104: 835 | BM104: 2018 | BN104: 嫌疑犯 | BO104: Offenders | BP104: 0 | BQ104: 11 | BR104: 149 | BS104: 121 | BT104: 11 | BU104: 0 | BV104: 0 | BW104: 0 | BX104: 0 | BY104: 0 | CA104: 0 | CB104: 0 | CC104: 6 | CD104: 0 | CE104: 0 | CF104: 0 | CG104: 0 | CH104: 52 | CI104: 0 | CJ104: 99 | CK104: =M104+U104+Z104-AD104-AC104+AK104+AM104+BB104 -> 8
B106: 發生數 | C106: Offense Known to the Police | D106: 4373 | E106: 812 | F106: 0 | G106: 545 | H106: 27 | I106: 240 | J106: 5 | K106: 98 | L106: 283 | M106: 1 | N106: 282 | P106: 372 | Q106: 369 | R106: 3 | S106: 153 | T106: 6 | U106: 6 | V106: 0 | W106: 220 | X106: 7 | Y106: 9 | Z106: 120 | AA106: 0 | AB106: 0 | AC106: 5 | AD106: 115 | AE106: 0 | AH106: 發生數 | AI106: Offense Known to the Police | AJ106: 23 | AK106: 0 | AL106: 23 | AM106: 0 | AN106: 118 | AO106: 33 | AP106: 580 | AQ106: 206 | AR106: 354 | AS106: 19 | AT106: 0 | AU106: 1 | AW106: 116 | AX106: 21 | AY106: 38 | AZ106: 29 | BA106: 9 | BB106: 2 | BC106: 1 | BD106: 1 | BE106: 4 | BF106: 1 | BG106: 1 | BH106: 4 | BI106: 0 | BJ106: 0 | BK106: 1003 | BN106: 發生數 | BO106: Offense Known to the Police | BP106: 0 | BQ106: 17 | BR106: 120 | BS106: 1 | BT106: 11 | BU106: 1 | BV106: 0 | BW106: 0 | BX106: 0 | BY106: 2 | CA106: 0 | CB106: 0 | CC106: 4 | CD106: 1 | CE106: 0 | CF106: 0 | CG106: 0 | CH106: 45 | CI106: 0 | CJ106: 104 | CK106: =M106+U106+Z106-AD106-AC106+AK106+AM106+BB106 -> 9
A107: 民國108年 | B107: 破獲數 | C107: Offense Cleared | D107: 4521 | E107: 845 | F107: 0 | G107: 537 | H107: 31 | I107: 277 | J107: 5 | K107: 102 | L107: 281 | M107: 1 | N107: 280 | P107: 482 | Q107: 479 | R107: 3 | S107: 153 | T107: 6 | U107: 6 | V107: 0 | W107: 220 | X107: 6 | Y107: 9 | Z107: 119 | AA107: 0 | AB107: 0 | AC107: 6 | AD107: 113 | AE107: 0 | AG107: 民國108年 | AH107: 破獲數 | AI107: Offense Cleared | AJ107: 26 | AK107: 0 | AL107: 26 | AM107: 0 | AN107: 114 | AO107: 28 | AP107: 652 | AQ107: 235 | AR107: 389 | AS107: 25 | AT107: 0 | AU107: 3 | AW107: 115 | AX107: 22 | AY107: 2 | AZ107: 0 | BA107: 6 | BB107: 2 | BC107: 1 | BD107: 1 | BE107: 4 | BF107: 1 | BG107: 0 | BH107: 1 | BI107: 0 | BJ107: 0 | BK107: 1008 | BM107: 民國108年 | BN107: 破獲數 | BO107: Offense Cleared | BP107: 0 | BQ107: 21 | BR107: 115 | BS107: 1 | BT107: 11 | BU107: 1 | BV107: 0 | BW107: 0 | BX107: 0 | BY107: 3 | CA107: 0 | CB107: 0 | CC107: 2 | CD107: 0 | CE107: 0 | CF107: 0 | CG107: 0 | CH107: 60 | CI107: 0 | CJ107: 98 | CK107: =M107+U107+Z107-AD107-AC107+AK107+AM107+BB107 -> 9
A108: 2019 | B108: 嫌疑犯 | C108: Offenders | D108: 4961 | E108: 538 | F108: 0 | G108: 487 | H108: 14 | I108: 37 | J108: 5 | K108: 217 | L108: 409 | M108: 1 | N108: 408 | P108: 669 | Q108: 665 | R108: 4 | S108: 182 | T108: 6 | U108: 6 | V108: 0 | W108: 231 | X108: 14 | Y108: 9 | Z108: 118 | AA108: 0 | AB108: 0 | AC108: 6 | AD108: 112 | AE108: 0 | AG108: 2019 | AH108: 嫌疑犯 | AI108: Offenders | AJ108: 76 | AK108: 0 | AL108: 76 | AM108: 0 | AN108: 96 | AO108: 26 | AP108: 876 | AQ108: 287 | AR108: 556 | AS108: 29 | AT108: 0 | AU108: 4 | AW108: 111 | AX108: 23 | AY108: 2 | AZ108: 0 | BA108: 4 | BB108: 2 | BC108: 1 | BD108: 1 | BE108: 5 | BF108: 1 | BG108: 0 | BH108: 2 | BI108: 0 | BJ108: 0 | BK108: 1007 | BM108: 2019 | BN108: 嫌疑犯 | BO108: Offenders | BP108: 0 | BQ108: 23 | BR108: 110 | BS108: 2 | BT108: 11 | BU108: 0 | BV108: 0 | BW108: 0 | BX108: 0 | BY108: 3 | CA108: 0 | CB108: 0 | CC108: 2 | CD108: 0 | CE108: 0 | CF108: 0 | CG108: 0 | CH108: 51 | CI108: 0 | CJ108: 130 | CK108: =M108+U108+Z108-AD108-AC108+AK108+AM108+BB108 -> 9
B110: 發生數 | C110: Offense Known to the Police | D110: 4105 | E110: 743 | F110: 0 | G110: 550 | H110: 30 | I110: 163 | J110: 2 | K110: 28 | L110: 310 | M110: 0 | N110: 310 | P110: 338 | Q110: 336 | R110: 2 | S110: 150 | T110: 4 | U110: 4 | V110: 0 | W110: 202 | X110: 5 | Y110: 10 | Z110: 128 | AA110: 1 | AB110: 0 | AC110: 1 | AD110: 126 | AE110: 0 | AH110: 發生數 | AI110: Offense Known to the Police | AJ110: 6 | AK110: 0 | AL110: 6 | AM110: 0 | AN110: 145 | AO110: 43 | AP110: 449 | AQ110: 63 | AR110: 356 | AS110: 29 | AT110: 0 | AU110: 1 | AW110: 120 | AX110: 15 | AY110: 27 | AZ110: 29 | BA110: 16 | BB110: 5 | BC110: 3 | BD110: 2 | BE110: 2 | BF110: 2 | BG110: 21 | BH110: 1 | BI110: 0 | BJ110: 1 | BK110: 949 | BN110: 發生數 | BO110: Offense Known to the Police | BP110: 0 | BQ110: 33 | BR110: 152 | BS110: 0 | BT110: 16 | BU110: 0 | BV110: 0 | BW110: 0 | BX110: 0 | BY110: 0 | CA110: 0 | CB110: 0 | CC110: 7 | CD110: 1 | CE110: 1 | CF110: 0 | CG110: 0 | CH110: 46 | CI110: 0 | CJ110: 98 | CK110: =M110+U110+Z110-AD110-AC110+AK110+AM110+BB110 -> 10
A111: 民國109年 | B111: 破獲數 | C111: Offense Cleared | D111: 4143 | E111: 753 | F111: 0 | G111: 541 | H111: 23 | I111: 189 | J111: 2 | K111: 21 | L111: 309 | M111: 0 | N111: 309 | P111: 356 | Q111: 354 | R111: 2 | S111: 144 | T111: 4 | U111: 4 | V111: 0 | W111: 202 | X111: 5 | Y111: 9 | Z111: 127 | AA111: 1 | AB111: 0 | AC111: 1 | AD111: 125 | AE111: 0 | AG111: 民國109年 | AH111: 破獲數 | AI111: Offense Cleared | AJ111: 8 | AK111: 0 | AL111: 8 | AM111: 0 | AN111: 134 | AO111: 34 | AP111: 558 | AQ111: 112 | AR111: 419 | AS111: 26 | AT111: 0 | AU111: 1 | AW111: 113 | AX111: 15 | AY111: 0 | AZ111: 1 | BA111: 10 | BB111: 5 | BC111: 3 | BD111: 2 | BE111: 2 | BF111: 2 | BG111: 21 | BH111: 1 | BI111: 0 | BJ111: 0 | BK111: 958 | BM111: 民國109年 | BN111: 破獲數 | BO111: Offense Cleared | BP111: 0 | BQ111: 38 | BR111: 146 | BS111: 4 | BT111: 14 | BU111: 0 | BV111: 0 | BW111: 0 | BX111: 0 | BY111: 0 | CA111: 0 | CB111: 0 | CC111: 6 | CD111: 0 | CE111: 1 | CF111: 0 | CG111: 0 | CH111: 55 | CI111: 0 | CJ111: 85 | CK111: =M111+U111+Z111-AD111-AC111+AK111+AM111+BB111 -> 10
A112: 2020 | B112: 嫌疑犯 | C112: Offenders | D112: 4714 | E112: 581 | F112: 0 | G112: 510 | H112: 16 | I112: 55 | J112: 3 | K112: 87 | L112: 469 | M112: 0 | N112: 469 | P112: 513 | Q112: 511 | R112: 2 | S112: 189 | T112: 9 | U112: 9 | V112: 0 | W112: 218 | X112: 6 | Y112: 11 | Z112: 126 | AA112: 1 | AB112: 0 | AC112: 1 | AD112: 124 | AE112: 0 | AG112: 2020 | AH112: 嫌疑犯 | AI112: Offenders | AJ112: 23 | AK112: 0 | AL112: 23 | AM112: 0 | AN112: 120 | AO112: 29 | AP112: 718 | AQ112: 136 | AR112: 550 | AS112: 30 | AT112: 0 | AU112: 2 | AW112: 116 | AX112: 14 | AY112: 0 | AZ112: 1 | BA112: 7 | BB112: 9 | BC112: 7 | BD112: 2 | BE112: 2 | BF112: 1 | BG112: 96 | BH112: 1 | BI112: 0 | BJ112: 0 | BK112: 961 | BM112: 2020 | BN112: 嫌疑犯 | BO112: Offenders | BP112: 0 | BQ112: 50 | BR112: 152 | BS112: 25 | BT112: 13 | BU112: 0 | BV112: 0 | BW112: 0 | BX112: 0 | BY112: 0 | CA112: 0 | CB112: 0 | CC112: 8 | CD112: 0 | CE112: 1 | CF112: 0 | CG112: 0 | CH112: 60 | CI112: 0 | CJ112: 95 | CK112: =M112+U112+Z112-AD112-AC112+AK112+AM112+BB112 -> 19
A113: 資料來源:新竹市警察局刑警大隊。 | P113: Source:Criminal Investigation Corps of Hsinchu City Police Bureau. | BM113: 說 明:暴力犯罪包含故意殺人、擄人勒贖、強盜、搶奪、重傷害、重大恐嚇財取及強制性交(含共同強制性交及對幼性交)，自106年起不含對幼性交。 | CA113: Note:Violent Crimes include Willfulness,Kidnapping,Robbery,Forceful Taking,Serious Injruy, Serious Intimidation
CA114: and ExtortionForcible ,Forcible Rape (include Gang Rape,Child Rape) ,From 2017, not include Child Rape.
A116: 說 明:傷害、妨害風化自89年起重分類:94年3月前詐欺包含背信。 | P116: Note:From 2000, Aggravated Assault、Obscenity reclassified;Fraud includes breach of trust before March, 2005. | AG116: 說 明:恐嚇取財自89年起改細項分類;87年5月20日修正公布「違反毒品危害防制條例」。 | AW116: Note:From 2000,Intimidation reclassified;From 1998,Against Narcotics Act reclassified. | BM116: 說 明:暴力犯罪1.88年以前分類含:故意殺人、擄人勒贖、強盜、搶奪、恐嚇財取及強姦(含輪姦)。 | CA116: Note:1.Before 1999,Violent Crimes include Willfulness,Kidnapping,Robbery,Hold-up,Intimidation and Forcible Rape (include Gang Rape).
BM117: 2.89年起修訂為故意殺人、擄人勒贖、強盜、搶奪、重傷害、重大恐嚇財取及強制性交(含共同強制性交及對幼性交)。 | CA117: 2.From 2000,Violent Crimes include Willfulness,Kidnapping,Robbery,Forceful Taking,Serious Injruy, Serious Intimidation and ExtortionForcible ,Forcible Rape (include Gang Rape,Child Rape).
G120: 39 | W120: 40 | AN120: 43 | BD120: 44 | BS120: 47 | CG120: 48
K122: 表1、新竹市 | P122: 刑事案件(續1) | AR122: 表1、新竹市 | AW122: 刑事案件(續3) | BV122: 表1、新竹市 | CA122: 刑事案件(續5完)
J123: Table 1、Criminal Cases | P123: in Hsinchu City（Cont.1） | AP123: Table 1、Criminal Cases | AW123: in Hsinchu City（Cont.3） | BV123: Table 1、Criminal Cases | CA123: in Hsinchu City（Cont.5 End）
AC124: 單位：件,人 | BI124: 單位：件,人 | CI124: 單位：件,人
AC125: Unit:Case,Person | BI125: Unit:Case,Person | CI125: Unit:Case,Person
A126: 年(月)別 | D126: 總 | E126: 竊 盜 Larceny | J126: 贓 | K126: 賭 | L126: 傷 害 Injury | P126: 詐欺背信 Fraudulence | S126: 妨 | T126: 殺 人 Murder | W126: 駕 | X126: 妨害 | Y126: 妨害 | Z126: 妨害性自主罪 Offense Against Sexual Autonomy | AE126: 內 | AG126: 年(月)別 | AJ126: 恐嚇取財 Intimidation and Extortion | AM126: 擄 | AN126: 侵 | AO126: 偽造 | AP126: 違反毒品危害防制條例 Violation of the Narcotics Endangerment Prevention Act | AW126: 毀 | AX126: 妨 | AY126: 違反 著作 權法 | AZ126: 違反 商標 法 | BA126: 妨害 電腦 使用 | BB126: 強盜搶奪 Robbery & Forceful Taking | BE126: 竊 | BF126: 偽造 有價 證券 | BG126: 妨 | BH126: 違反 藥事 法 | BI126: 違反 | BJ126: 違反 森林 法 | BK126: 公 | BM126: 年(月)別 | BP126: 侵害 墳墓 屍體 | BQ126: 重 | BR126: 妨 | BS126: 違反 選罷 法 | BT126: 妨 | BU126: 遺 | BV126: 違反 | BW126: 懲治 走私 條例 | BX126: 妨 | BY126: 偽 | CA126: 偽造 度量 衡 | CB126: 偽 | CC126: 誣 | CD126: 湮 | CE126: 瀆 | CF126: 脫 | CG126: 藏 | CH126: 違反槍 | CI126: 違反 | CJ126: 其 | CK126: 暴
F127: 重 大 | G127: 普 通 | H127: 汽 車 | I127: 機 車 | M127: 重 | N127: 一 般 | Q127: 詐 | R127: 背 | S127: 害 | U127: 故 意 | V127: 過 失 | W127: 駛 | X127: 婚姻 | AA127: 強制 | AB127: 共同 | AC127: 對幼 | AD127: 性交 | AK127: 重大 | AL127: 一般 | AM127: 人 | AO127: 文書 | AQ127: 第一 | AR127: 第二 | AS127: 第三 | AT127: 第四 | AU127: 其 | AW127: 棄 | AX127: 害 | AZ127: 商標 | BC127: 強 | BD127: 搶 | BG127: 害 | BI127: 國家 | BK127: 共 | BR127: 害 | BT127: 害 | BV127: 貪污 | BX127: 害 | BY127: 造 | CD127: 滅 | CG127: 匿 | CH127: 砲彈藥 | CI127: 就業 | CK127: 力
E128: 計 | L128: 計 | M128: 傷 | P128: 計 | S128: 自 | T128: 計 | W128: 過 | X128: 及 | Z128: 計 | AB128: 強制 | AJ128: 計 | AK128: 恐嚇 | AL128: 恐嚇 | AM128: 勒 | AP128: 計 | AQ128: 級 | AR128: 級 | AS128: 級 | AT128: 級 | AW128: 損 | AX128: 公 | AZ128: 法 | BB128: 計 | BG128: 秩 | BI128: 總動 | BK128: 危 | BR128: 名 | BT128: 秘 | BV128: 治罪 | BX128: 兵 | BY128: 貨 | CD128: 證 | CG128: 頂 | CH128: 刀械管 | CI128: 服務 | CK128: 犯
D129: 計 | F129: 竊 盜 | G129: 竊 盜 | H129: 竊 盜 | I129: 竊 盜 | J129: 物 | K129: 博 | M129: 害 | N129: 傷 害 | Q129: 欺 | R129: 信 | S129: 由 | U129: 殺 人 | V129: 殺 人 | W129: 失 | X129: 家庭 | Y129: 風化 | AA129: 性交 | AB129: 性交 | AC129: 性交 | AD129: 猥褻 | AE129: 亂 | AK129: 取財 | AL129: 取財 | AM129: 贖 | AN129: 占 | AO129: 印文 | AQ129: 毒品 | AR129: 毒品 | AS129: 毒品 | AT129: 毒品 | AU129: 他 | AW129: 壞 | AX129: 務 | BC129: 盜 | BD129: 奪 | BE129: 佔 | BG129: 序 | BI129: 員法 | BK129: 險 | BQ129: 利 | BR129: 譽 | BT129: 密 | BU129: 棄 | BV129: 條例 | BX129: 役 | BY129: 幣 | CB129: 證 | CC129: 告 | CD129: 據 | CE129: 職 | CF129: 逃 | CG129: 替 | CH129: 制條例 | CI129: 法 | CJ129: 他 | CK129: 罪
A130: Year(Month) | D130: Grand Total | E130: Total | F130: Serious Larceny | G130: General Larceny | H130: Motor Vehicle Theft | I130: Motorcycle Theft | J130: Stolen Property | K130: Gambling | L130: Total | M130: Serious Injury | N130: General Injury | P130: Total | Q130: Fraud | R130: Breach of trust | S130: Asainst Personal Liberty | T130: Total | U130: Willful- ness | V130: Negligence | W130: Driver Negligence | X130: Against Marriage & Family | Y130: Offense Against Sexual Morality | Z130: Total | AA130: Forcible Rape | AB130: Gang Rape | AC130: Child Rape | AD130: Obscene Rape | AE130: Sedition | AG130: Year(Month) | AJ130: Total | AK130: Serious Intimida- tion and Extortion | AL130: General Intimida- tion and Extortion | AM130: Kidna- pping for Ransom | AN130: Offense of Misapprop-riation | AO130: Forging Instrumen-ts or Seals | AP130: Total | AQ130: First Grade Drugs | AR130: Second Grade Drugs | AS130: Third Grade Drugs | AT130: Fourth Grade Drugs | AU130: Others | AW130: Destruc-tion and Damage | AX130: Offense of Interference with Legal Activities | AY130: Offense of Copyright Law | AZ130: Offense of Tradema-rk Law | BA130: Impairm-ent to Use of Computers | BB130: Total | BC130: Robbery | BD130: Forceful Taking | BE130: Offense of Occupying Real Property | BF130: Counterf-eiting Valuable Securities | BG130: Interfer-ence with Public Order | BH130: Offense of Meducube Control Law | BI130: Offense of Mobiliza-tion Law | BJ130: Against Protecting Forest Act | BK130: Against Public Safety | BM130: Year(Month) | BP130: Against Graves and Corpses | BQ130: Usury | BR130: Against Reputation | BS130: Offense of Election and Rdpudiation Law | BT130: Against Privacy | BU130: Abandon ment of Helpless Persons | BV130: Against Accepting Bribes Law | BW130: Violation of the Smuggling Punishment Act | BX130: Against Conscription | BY130: Counter-feiting Currency | CA130: Falsifying Weights and Measrues | CB130: Perjury | CC130: Offense of Malicious Accusation | CD130: Offense of Destruction of Evidence | CE130: Malfeasance in Office | CF130: Escape | CG130: Concealment and Replacement | CH130: Violation of the Statue of Controlling Guns Ammunition and Knives | CI130: Violation of the Employment Service Law | CJ130: Others | CK130: Violent Crime
B134: 發生數 | C134: Offense Known to the Police | D134: 243 | E134: 36 | F134: 0 | G134: 19 | H134: 2 | I134: 15 | J134: 0 | K134: 7 | L134: 19 | M134: 0 | N134: 19 | P134: 25 | Q134: 25 | R134: 0 | S134: 8 | T134: 0 | U134: 0 | V134: 0 | W134: 14 | X134: 0 | Y134: 0 | Z134: 7 | AA134: 0 | AB134: 0 | AC134: 0 | AD134: 7 | AE134: 0 | AH134: 發生數 | AI134: Offense Known to the Police | AJ134: 1 | AK134: 0 | AL134: 1 | AM134: 0 | AN134: 8 | AO134: 1 | AP134: 26 | AQ134: 5 | AR134: 19 | AS134: 2 | AT134: 0 | AU134: 0 | AW134: 4 | AX134: 1 | AY134: 1 | AZ134: 0 | BA134: 0 | BB134: 2 | BC134: 1 | BD134: 1 | BE134: 0 | BF134: 0 | BG134: 0 | BH134: 0 | BI134: 0 | BJ134: 0 | BK134: 67 | BN134: 發生數 | BO134: Offense Known to the Police | BP134: 0 | BQ134: 1 | BR134: 8 | BS134: 0 | BT134: 0 | BU134: 0 | BV134: 0 | BW134: 0 | BX134: 0 | BY134: 0 | CA134: 0 | CB134: 0 | CC134: 1 | CD134: 0 | CE134: 0 | CF134: 0 | CG134: 0 | CH134: 3 | CI134: 0 | CJ134: 3 | CK134: =M134+U134+Z134-AD134-AC134+AK134+AM134+BB134 -> 2
A135: 1 月 | B135: 破獲數 | C135: Offense Cleared | D135: 280 | E135: 54 | F135: 0 | G135: 32 | H135: 2 | I135: 20 | J135: 0 | K135: 9 | L135: 19 | M135: 0 | N135: 19 | P135: 44 | Q135: 44 | R135: 0 | S135: 7 | T135: 0 | U135: 0 | V135: 0 | W135: 14 | X135: 0 | Y135: 1 | Z135: 8 | AA135: 0 | AB135: 0 | AC135: 0 | AD135: 8 | AE135: 0 | AG135: 1 月 | AH135: 破獲數 | AI135: Offense Cleared | AJ135: 2 | AK135: 0 | AL135: 2 | AM135: 0 | AN135: 7 | AO135: 1 | AP135: 26 | AQ135: 8 | AR135: 16 | AS135: 2 | AT135: 0 | AU135: 0 | AW135: 4 | AX135: 1 | AY135: 0 | AZ135: 0 | BA135: 0 | BB135: 2 | BC135: 1 | BD135: 1 | BE135: 0 | BF135: 0 | BG135: 0 | BH135: 0 | BI135: 0 | BJ135: 0 | BK135: 67 | BM135: 1 月 | BN135: 破獲數 | BO135: Offense Cleared | BP135: 0 | BQ135: 1 | BR135: 6 | BS135: 0 | BT135: 0 | BU135: 0 | BV135: 0 | BW135: 0 | BX135: 0 | BY135: 0 | CA135: 0 | CB135: 0 | CC135: 1 | CD135: 0 | CE135: 0 | CF135: 0 | CG135: 0 | CH135: 4 | CI135: 0 | CJ135: 2 | CK135: =M135+U135+Z135-AD135-AC135+AK135+AM135+BB135 -> 2
...

Sheet 2嫌犯年齡
F2: 表2、新竹市刑事案件 | O2: 嫌疑犯人數-按年齡組別
F3: Table 2、Offenders by | O3: Age in Hsinchu City
Z4: 單位:人
Z5: Unit:persons
A6: 年 別 | B6: 總計 Total | G6: 兒童嫌疑犯 Children Offenders | L6: 少年嫌疑 | O6: 犯Juvenile Offenders | R6: 青年嫌疑犯 Adolescent Offenders | W6: 成年嫌疑犯 Adult Offenders
B7: 全般 | C7: 竊盜 | D7: 暴力犯罪 | E7: 毒品 | F7: 其他 | G7: 全般 | H7: 竊盜 | I7: 暴力犯罪 | J7: 毒品 | K7: 其他 | L7: 全般 | M7: 竊盜 | O7: 暴力犯罪 | P7: 毒品 | Q7: 其他 | R7: 全般 | S7: 竊盜 | T7: 暴力犯罪 | U7: 毒品 | V7: 其他 | W7: 全般 | X7: 竊盜 | Y7: 暴力犯罪 | Z7: 毒品 | AA7: 其他
A8: Year | B8: Grand Total | C8: Larc-eny | D8: Violent Crime | E8: Against Narco-tics Act | F8: Others | G8: Grand Total | H8: Larc-eny | I8: Violent Crime | J8: Against Narco-tics Act | K8: Others | L8: Grand Total | M8: Larc-eny | O8: Violent Crime | P8: Against Narco-tics Act | Q8: Others | R8: Grand Total | S8: Larc-eny | T8: Violent Crime | U8: Against Narco-tics Act | V8: Others | W8: Grand Total | X8: Larc-eny | Y8: Violent Crime | Z8: Against Narco-tics Act | AA8: Others
A9: 民國八十二年 | B9: =G9+L9+R9+W9 -> 3453 | C9: =H9+M9+S9+X9 -> 610 | D9: =I9+O9+T9+Y9 -> 227 | E9: … | F9: =B9-SUM(C9:E9) -> 2616 | G9: 26 | H9: 25 | I9: 0 | J9: … | K9: =G9-SUM(H9:J9) -> 1 | L9: 698 | M9: 297 | O9: 93 | P9: … | Q9: =M9-SUM(N9:P9) -> 204 | R9: 684 | S9: 85 | T9: 55 | U9: … | V9: =R9-SUM(S9:U9) -> 544 | W9: 2045 | X9: 203 | Y9: 79 | Z9: … | AA9: =W9-SUM(X9:Z9) -> 1763
A10: 民國八十三年 | B10: =G10+L10+R10+W10 -> 3237 | C10: =H10+M10+S10+X10 -> 573 | D10: =I10+O10+T10+Y10 -> 215 | E10: … | F10: =B10-SUM(C10:E10) -> 2449 | G10: 22 | H10: 19 | I10: 0 | J10: … | K10: =G10-SUM(H10:J10) -> 3 | L10: 553 | M10: 271 | O10: 58 | P10: … | Q10: =M10-SUM(N10:P10) -> 213 | R10: 560 | S10: 81 | T10: 46 | U10: … | V10: =R10-SUM(S10:U10) -> 433 | W10: 2102 | X10: 202 | Y10: 111 | Z10: … | AA10: =W10-SUM(X10:Z10) -> 1789
A11: 民國八十四年 | B11: =G11+L11+R11+W11 -> 3297 | C11: =H11+M11+S11+X11 -> 653 | D11: =I11+O11+T11+Y11 -> 273 | E11: … | F11: =B11-SUM(C11:E11) -> 2371 | G11: 29 | H11: 28 | I11: 1 | J11: … | K11: =G11-SUM(H11:J11) -> 0 | L11: 628 | M11: 327 | O11: 83 | P11: … | Q11: =M11-SUM(N11:P11) -> 244 | R11: 567 | S11: 75 | T11: 64 | U11: … | V11: =R11-SUM(S11:U11) -> 428 | W11: 2073 | X11: 223 | Y11: 125 | Z11: … | AA11: =W11-SUM(X11:Z11) -> 1725
A12: 民國八十五年 | B12: =G12+L12+R12+W12 -> 2883 | C12: =H12+M12+S12+X12 -> 694 | D12: =I12+O12+T12+Y12 -> 195 | E12: 0 | F12: =B12-SUM(C12:E12) -> 1994 | G12: 14 | H12: 13 | I12: 0 | J12: 0 | K12: =G12-SUM(H12:J12) -> 1 | L12: 510 | M12: 283 | O12: 37 | P12: 0 | Q12: =M12-SUM(N12:P12) -> 246 | R12: 474 | S12: 87 | T12: 35 | U12: 0 | V12: =R12-SUM(S12:U12) -> 352 | W12: 1885 | X12: 311 | Y12: 123 | Z12: 0 | AA12: =W12-SUM(X12:Z12) -> 1451
A13: 民國86年 1997 | B13: =G13+L13+R13+W13 -> 3063 | C13: =H13+M13+S13+X13 -> 668 | D13: =I13+O13+T13+Y13 -> 231 | E13: 0 | F13: =B13-SUM(C13:E13) -> 2164 | G13: 9 | H13: 8 | I13: 0 | J13: 0 | K13: =G13-SUM(H13:J13) -> 1 | L13: 481 | M13: 274 | O13: 62 | P13: 0 | Q13: =M13-SUM(N13:P13) -> 212 | R13: 575 | S13: 103 | T13: 63 | U13: 0 | V13: =R13-SUM(S13:U13) -> 409 | W13: 1998 | X13: 283 | Y13: 106 | Z13: 0 | AA13: =W13-SUM(X13:Z13) -> 1609
A14: 民國87年 1998 | B14: =G14+L14+R14+W14 -> 2818 | C14: =H14+M14+S14+X14 -> 690 | D14: =I14+O14+T14+Y14 -> 259 | E14: =J14+P14+U14+Z14 -> 811 | F14: =B14-SUM(C14:E14) -> 1058 | G14: 15 | H14: 12 | I14: 3 | J14: 0 | K14: =G14-SUM(H14:J14) -> 0 | L14: 475 | M14: 302 | O14: 72 | P14: 45 | Q14: =M14-SUM(N14:P14) -> 185 | R14: 565 | S14: 102 | T14: 67 | U14: 224 | V14: =R14-SUM(S14:U14) -> 172 | W14: 1763 | X14: 274 | Y14: 117 | Z14: 542 | AA14: =W14-SUM(X14:Z14) -> 830
A15: 民國88年 1999 | B15: =G15+L15+R15+W15 -> 3600 | C15: =H15+M15+S15+X15 -> 993 | D15: =I15+O15+T15+Y15 -> 215 | E15: =J15+P15+U15+Z15 -> 1108 | F15: =B15-SUM(C15:E15) -> 1284 | G15: 15 | H15: 14 | I15: 1 | J15: 0 | K15: =G15-SUM(H15:J15) -> 0 | L15: 518 | M15: 354 | O15: 44 | P15: 72 | Q15: =M15-SUM(N15:P15) -> 238 | R15: 716 | S15: 182 | T15: 54 | U15: 258 | V15: =R15-SUM(S15:U15) -> 222 | W15: 2351 | X15: 443 | Y15: 116 | Z15: 778 | AA15: =W15-SUM(X15:Z15) -> 1014
A16: 民國89年 2000 | B16: =G16+L16+R16+W16 -> 2973 | C16: =H16+M16+S16+X16 -> 826 | D16: =I16+O16+T16+Y16 -> 189 | E16: =J16+P16+U16+Z16 -> 824 | F16: =B16-SUM(C16:E16) -> 1134 | G16: 8 | H16: 8 | I16: 0 | J16: 0 | K16: =G16-SUM(H16:J16) -> 0 | L16: 358 | M16: 244 | O16: 18 | P16: 34 | Q16: =M16-SUM(N16:P16) -> 192 | R16: 655 | S16: 163 | T16: 64 | U16: 224 | V16: =R16-SUM(S16:U16) -> 204 | W16: 1952 | X16: 411 | Y16: 107 | Z16: 566 | AA16: =W16-SUM(X16:Z16) -> 868
A17: 民國90年 2001 | B17: =G17+L17+R17+W17 -> 3368 | C17: =H17+M17+S17+X17 -> 811 | D17: =I17+O17+T17+Y17 -> 269 | E17: =J17+P17+U17+Z17 -> 609 | F17: =B17-SUM(C17:E17) -> 1679 | G17: 12 | H17: 11 | I17: 0 | J17: 0 | K17: =G17-SUM(H17:J17) -> 1 | L17: 395 | M17: 230 | O17: 32 | P17: 25 | Q17: =L17-SUM(M17:P17) -> 108 | R17: 640 | S17: 128 | T17: 89 | U17: 149 | V17: =R17-SUM(S17:U17) -> 274 | W17: 2321 | X17: 442 | Y17: 148 | Z17: 435 | AA17: =W17-SUM(X17:Z17) -> 1296
A18: 民國91年 2002 | B18: =G18+L18+R18+W18 -> 3904 | C18: =H18+M18+S18+X18 -> 919 | D18: =I18+O18+T18+Y17171+Y18 -> 308 | E18: =J18+P18+U18+Z18 -> 807 | F18: =B18-SUM(C18:E18) -> 1870 | G18: 9 | H18: 9 | I18: 0 | J18: 0 | K18: =G18-SUM(H18:J18) -> 0 | L18: 319 | M18: 158 | O18: 47 | P18: 26 | Q18: =L18-SUM(M18:P18) -> 88 | R18: 686 | S18: 165 | T18: 109 | U18: 205 | V18: =R18-SUM(S18:U18) -> 207 | W18: 2890 | X18: 587 | Y18: 152 | Z18: 576 | AA18: =W18-SUM(X18:Z18) -> 1575
A19: 民國92年 2003 | B19: =G19+L19+R19+W19 -> 2502 | C19: =H19+M19+S19+X19 -> 595 | D19: =I19+O19+T19+Y17172+Y19 -> 183 | E19: =J19+P19+U19+Z19 -> 480 | F19: =B19-SUM(C19:E19) -> 1244 | G19: 7 | H19: 5 | I19: 0 | J19: 0 | K19: =G19-SUM(H19:J19) -> 2 | L19: 264 | M19: 126 | O19: 17 | P19: 19 | Q19: =L19-SUM(M19:P19) -> 102 | R19: 430 | S19: 105 | T19: 63 | U19: 95 | V19: =R19-SUM(S19:U19) -> 167 | W19: 1801 | X19: 359 | Y19: 103 | Z19: 366 | AA19: =W19-SUM(X19:Z19) -> 973
A20: 民國93年 2004 | B20: =G20+L20+R20+W20 -> 3435 | C20: =H20+M20+S20+X20 -> 682 | D20: =I20+O20+T20+Y17173+Y20 -> 172 | E20: =J20+P20+U20+Z20 -> 774 | F20: =B20-SUM(C20:E20) -> 1807 | G20: 4 | H20: 4 | I20: 0 | J20: 0 | K20: =G20-SUM(H20:J20) -> 0 | L20: 316 | M20: 133 | O20: 36 | P20: 52 | Q20: =L20-SUM(M20:P20) -> 95 | R20: 468 | S20: 76 | T20: 31 | U20: 138 | V20: =R20-SUM(S20:U20) -> 223 | W20: 2647 | X20: 469 | Y20: 105 | Z20: 584 | AA20: =W20-SUM(X20:Z20) -> 1489
A21: 民國 94年 2005 | B21: =G21+L21+R21+W21 -> 4051 | C21: =H21+M21+S21+X21 -> 819 | D21: =I21+O21+T21+Y17174+Y21 -> 173 | E21: =J21+P21+U21+Z21 -> 1112 | F21: =B21-SUM(C21:E21) -> 1947 | G21: 13 | H21: 11 | I21: 2 | J21: 0 | K21: =G21-SUM(H21:J21) -> 0 | L21: 247 | M21: 111 | O21: 28 | P21: 25 | Q21: =L21-SUM(M21:P21) -> 83 | R21: 465 | S21: 96 | T21: 48 | U21: 96 | V21: =R21-SUM(S21:U21) -> 225 | W21: 3326 | X21: 601 | Y21: 95 | Z21: 991 | AA21: =W21-SUM(X21:Z21) -> 1639
A22: 民國 95年 2006 | B22: =G22+L22+R22+W22 -> 4231 | C22: =H22+M22+S22+X22 -> 725 | D22: =I22+O22+T22+Y17175+Y22 -> 198 | E22: =J22+P22+U22+Z22 -> 960 | F22: =B22-SUM(C22:E22) -> 2348 | G22: 5 | H22: 4 | I22: 0 | J22: 0 | K22: =G22-SUM(H22:J22) -> 1 | L22: 397 | M22: 178 | O22: 31 | P22: 47 | Q22: =L22-SUM(M22:P22) -> 141 | R22: 589 | S22: 94 | T22: 59 | U22: 96 | V22: =R22-SUM(S22:U22) -> 340 | W22: 3240 | X22: 449 | Y22: 108 | Z22: 817 | AA22: =W22-SUM(X22:Z22) -> 1866
A23: 民國 96年 2007 | B23: =G23+L23+R23+W23 -> 4499 | C23: =H23+M23+S23+X23 -> 694 | D23: =I23+O23+T23+Y17176+Y23 -> 155 | E23: =J23+P23+U23+Z23 -> 773 | F23: =B23-SUM(C23:E23) -> 2877 | G23: 6 | H23: 3 | I23: 3 | J23: 0 | K23: =G23-SUM(H23:J23) -> 0 | L23: 331 | M23: 134 | O23: 35 | P23: 20 | Q23: =L23-SUM(M23:P23) -> 142 | R23: 578 | S23: 62 | T23: 28 | U23: 70 | V23: =R23-SUM(S23:U23) -> 418 | W23: 3584 | X23: 495 | Y23: 89 | Z23: 683 | AA23: =W23-SUM(X23:Z23) -> 2317
A24: 民國 97年 2008 | B24: =G24+L24+R24+W24 -> 4575 | C24: =H24+M24+S24+X24 -> 779 | D24: =I24+O24+T24+Y17177+Y24 -> 160 | E24: =J24+P24+U24+Z24 -> 941 | F24: =B24-SUM(C24:E24) -> 2695 | G24: 10 | H24: 8 | I24: 1 | J24: 0 | K24: =G24-SUM(H24:J24) -> 1 | L24: 215 | M24: 74 | O24: 35 | P24: 20 | Q24: =L24-SUM(M24:P24) -> 86 | R24: 539 | S24: 72 | T24: 51 | U24: 47 | V24: =R24-SUM(S24:U24) -> 369 | W24: 3811 | X24: 625 | Y24: 73 | Z24: 874 | AA24: =W24-SUM(X24:Z24) -> 2239
A25: 民國 98年 2009 | B25: =G25+L25+R25+W25 -> 4714 | C25: =H25+M25+S25+X25 -> 768 | D25: =I25+O25+T25+Y17178+Y25 -> 109 | E25: =J25+P25+U25+Z25 -> 742 | F25: =B25-SUM(C25:E25) -> 3095 | G25: 6 | H25: 5 | I25: 0 | J25: 0 | K25: =G25-SUM(H25:J25) -> 1 | L25: 267 | M25: 94 | O25: 21 | P25: 11 | Q25: =L25-SUM(M25:P25) -> 141 | R25: 510 | S25: 67 | T25: 22 | U25: 70 | V25: =R25-SUM(S25:U25) -> 351 | W25: 3931 | X25: 602 | Y25: 66 | Z25: 661 | AA25: =W25-SUM(X25:Z25) -> 2602
A26: 民國 99年 2010 | B26: =G26+L26+R26+W26 -> 5049 | C26: =H26+M26+S26+X26 -> 801 | D26: =I26+O26+T26+Y17179+Y26 -> 98 | E26: =J26+P26+U26+Z26 -> 956 | F26: =B26-SUM(C26:E26) -> 3194 | G26: 6 | H26: 5 | I26: 0 | J26: 0 | K26: =G26-SUM(H26:J26) -> 1 | L26: 323 | M26: 99 | O26: 17 | P26: 45 | Q26: =L26-SUM(M26:P26) -> 162 | R26: 707 | S26: 61 | T26: 27 | U26: 155 | V26: =R26-SUM(S26:U26) -> 464 | W26: 4013 | X26: 636 | Y26: 54 | Z26: 756 | AA26: =W26-SUM(X26:Z26) -> 2567
A27: 民國100年 2011 | B27: =G27+L27+R27+W27 -> 5498 | C27: =H27+M27+S27+X27 -> 745 | D27: =I27+O27+T27+Y17180+Y27 -> 96 | E27: =J27+P27+U27+Z27 -> 930 | F27: =B27-SUM(C27:E27) -> 3727 | G27: 4 | H27: 3 | I27: 0 | J27: 0 | K27: =G27-SUM(H27:J27) -> 1 | L27: 480 | M27: 119 | O27: 37 | P27: 70 | Q27: =L27-SUM(M27:P27) -> 254 | R27: 734 | S27: 61 | T27: 28 | U27: 185 | V27: =R27-SUM(S27:U27) -> 460 | W27: 4280 | X27: 562 | Y27: 31 | Z27: 675 | AA27: =W27-SUM(X27:Z27) -> 3012
A28: 民國101年 2012 | B28: =G28+L28+R28+W28 -> 5525 | C28: =H28+M28+S28+X28 -> 748 | D28: =I28+O28+T28+Y17181+Y28 -> 125 | E28: =J28+P28+U28+Z28 -> 757 | F28: =B28-SUM(C28:E28) -> 3895 | G28: 13 | H28: 8 | I28: 0 | J28: 0 | K28: =G28-SUM(H28:J28) -> 5 | L28: 413 | M28: 101 | O28: 25 | P28: 51 | Q28: =L28-SUM(M28:P28) -> 236 | R28: 782 | S28: 80 | T28: 44 | U28: 142 | V28: =R28-SUM(S28:U28) -> 516 | W28: 4317 | X28: 559 | Y28: 56 | Z28: 564 | AA28: =W28-SUM(X28:Z28) -> 3138
A29: 民國102年 2013 | B29: =G29+L29+R29+W29 -> 5170 | C29: =H29+M29+S29+X29 -> 671 | D29: =I29+O29+T29+Y17182+Y29 -> 135 | E29: =J29+P29+U29+Z29 -> 740 | F29: =B29-SUM(C29:E29) -> 3624 | G29: 9 | H29: 5 | I29: 0 | J29: 0 | K29: =G29-SUM(H29:J29) -> 4 | L29: 355 | M29: 73 | O29: 38 | P29: 41 | Q29: =L29-SUM(M29:P29) -> 203 | R29: 770 | S29: 83 | T29: 36 | U29: 161 | V29: =R29-SUM(S29:U29) -> 490 | W29: 4036 | X29: 510 | Y29: 61 | Z29: 538 | AA29: =W29-SUM(X29:Z29) -> 2927
... A31: 民國104年 2015 | B31: =G31+L31+R31+W31 -> 5137 | C31: =H31+M31+S31+X31 -> 711 | D31: =I31+O31+T31+Y17184+Y31 -> 72 | E31: =J31+P31+U31+Z31 -> 775 | F31: =B31-SUM(C31:E31) -> 3579 | G31: 3 | H31: 3 | I31: 0 | J31: 0 | K31: =G31-SUM(H31:J31) -> 0 | L31: 262 | M31: 74 | O31: 8 | P31: 37 | Q31: =L31-SUM(M31:P31) -> 143 | R31: 798 | S31: 69 | T31: 22 | U31: 550 | V31: =R31-SUM(S31:U31) -> 157 | W31: 4074 | X31: 565 | Y31: 42 | Z31: 188 | AA31: =W31-SUM(X31:Z31) -> 3279
A32: 民國105年 2016 | B32: =G32+L32+R32+W32 -> 4935 | C32: =H32+M32+S32+X32 -> 620 | D32: =I32+O32+T32+Y17185+Y32 -> 54 | E32: =J32+P32+U32+Z32 -> 785 | F32: =B32-SUM(C32:E32) -> 3476 | G32: 9 | H32: 3 | I32: 1 | J32: 0 | K32: =G32-SUM(H32:J32) -> 5 | L32: 236 | M32: 44 | N32: 3 | O32: 7 | P32: 27 | Q32: =L32-SUM(M32:P32) -> 155 | R32: 753 | S32: 65 | T32: 17 | U32: 108 | V32: =R32-SUM(S32:U32) -> 563 | W32: 3937 | X32: 508 | Y32: 29 | Z32: 650 | AA32: =W32-SUM(X32:Z32) -> 2750
A33: 民國106年 2017 | B33: =G33+L33+R33+W33 -> 4345 | C33: =H33+M33+S33+X33 -> 468 | D33: =I33+O33+T33+Y17186+Y33 -> 20 | E33: =J33+P33+U33+Z33 -> 978 | F33: =B33-SUM(C33:E33) -> 2879 | G33: 7 | H33: 5 | I33: 0 | J33: 0 | K33: =G33-SUM(H33:J33) -> 2 | L33: 226 | M33: 38 | N33: 3 | O33: 1 | P33: 40 | Q33: =L33-SUM(M33:P33) -> 144 | R33: 686 | S33: 40 | T33: 4 | U33: 126 | V33: =R33-SUM(S33:U33) -> 516 | W33: 3426 | X33: 385 | Y33: 15 | Z33: 812 | AA33: =W33-SUM(X33:Z33) -> 2214
A34: 民國107年 2018 | B34: =G34+L34+R34+W34 -> 4778 | C34: =H34+M34+S34+X34 -> 558 | D34: =I34+O34+T34+Y17187+Y34 -> 8 | E34: =J34+P34+U34+Z34 -> 767 | F34: =B34-SUM(C34:E34) -> 3445 | G34: 5 | H34: 3 | I34: 0 | J34: 0 | K34: =G34-SUM(H34:J34) -> 2 | L34: 220 | M34: 54 | N34: 3 | O34: 0 | P34: 14 | Q34: =L34-SUM(M34:P34) -> 149 | R34: 779 | S34: 61 | T34: 6 | U34: 97 | V34: =R34-SUM(S34:U34) -> 615 | W34: 3774 | X34: 440 | Y34: 2 | Z34: 656 | AA34: =W34-SUM(X34:Z34) -> 2676
A35: 民國108年 2019 | B35: =G35+L35+R35+W35 -> 4961 | C35: =H35+M35+S35+X35 -> 538 | D35: =I35+O35+T35+Y17188+Y35 -> 9 | E35: =J35+P35+U35+Z35 -> 876 | F35: =B35-SUM(C35:E35) -> 3538 | G35: 5 | H35: 2 | I35: 0 | J35: 0 | K35: =G35-SUM(H35:J35) -> 3 | L35: 163 | M35: 36 | N35: 3 | O35: 0 | P35: 7 | Q35: =L35-SUM(M35:P35) -> 117 | R35: 647 | S35: 40 | T35: 0 | U35: 58 | V35: =R35-SUM(S35:U35) -> 549 | W35: 4146 | X35: 460 | Y35: 9 | Z35: 811 | AA35: =W35-SUM(X35:Z35) -> 2866
A36: 民國109年 2020 | B36: =G36+L36+R36+W36 -> 4714 | C36: =H36+M36+S36+X36 -> 581 | D36: =I36+O36+T36+Y17189+Y36 -> 19 | E36: =J36+P36+U36+Z36 -> 718 | F36: =B36-SUM(C36:E36) -> 3396 | G36: 8 | H36: 8 | I36: 0 | J36: 0 | K36: =G36-SUM(H36:J36) -> 0 | L36: 201 | M36: 40 | N36: 3 | O36: 2 | P36: 12 | Q36: =L36-SUM(M36:P36) -> 144 | R36: 659 | S36: 51 | T36: 4 | U36: 69 | V36: =R36-SUM(S36:U36) -> 535 | W36: 3846 | X36: 482 | Y36: 13 | Z36: 637 | AA36: =W36-SUM(X36:Z36) -> 2714
A37: 資料來源:警政署統計室-統計資料庫。 | O37: Source:The Statistics data base from Statistics Office of National Police Agency.
A38: 說 明:87年5月20日修正公布「違反毒品危害防制條例」。 | O38: Note:From 1998,Against Narcotics Act reclassified.
F40: 51 | U40: 52

Sheet 3毒品
H2: 表3、新竹市檢 | L2: 肅毒品數量
E3: Table 3、The Quantities of | L3: Drugs in Hsinchu City
V4: 單位：公克
W5: Unit:gm
A6: 年 (月) 別 | B6: 總 計 | C6: 第一級毒品 First Grade Drugs | J6: 第二 | L6: 級毒品 Second Grade Drugs | P6: 第三級毒品 Third Grade Drugs | V6: 第四級毒品 | W6: 其他 Others
C7: 計 | D7: 海洛因 | E7: 嗎啡 | F7: 鴉片 | G7: 古柯鹼及其他 | H7: 計 | I7: 罌粟 | J7: 大麻 | L7: 安非他命 | M7: MDMA | N7: 可待因 | O7: 其他 | P7: 計 | Q7: 可待因 | R7: FM2 | S7: K他命 | T7: 硝甲西泮 | U7: 其他 | W7: 種子 | X7: 其他
A8: Year(Month) | N8: (高含量) | Q8: (低含量)
B9: Total | C9: Subtotal | D9: Heroin | E9: Morp- hine | F9: Opium | G9: Cocaine and others | H9: Subtotal | I9: Opium Poppy | J9: Mari- juana | L9: Amphetamine | N9: Codeine (high content) | O9: Others | P9: Subtotal | Q9: Codeine (low content) | S9: Ketamin | T9: Nimeta- zepam | U9: Others | V9: Fourth Grade Drugs | W9: Seed | X9: Others
A10: 民國87年 1998 | B10: 2220.92 | C10: 196.21 | D10: 196.21 | E10: 0 | F10: 0 | G10: 0 | H10: 2024.71 | I10: 0 | J10: 1.4 | L10: 2023.31 | M10: 0 | N10: 0 | O10: 0 | P10: 0 | Q10: 0 | R10: 0 | S10: 0 | U10: 0 | V10: 0 | W10: 0 | X10: 0
A11: 民國88年 1999 | B11: 3194.91 | C11: 133.28 | D11: 133.28 | E11: 0 | F11: 0 | G11: 0 | H11: 3059.13 | I11: 0 | J11: 0.82 | L11: 3057.11 | M11: 0 | N11: 0 | O11: 1.2 | P11: =SUM(Q11:U11) -> 2.5 | Q11: 0 | R11: 0 | S11: 0 | U11: 2.5 | V11: 0 | W11: 0 | X11: 0
A12: 民國89年 2000 | B12: 9580.79 | C12: 1749.99 | D12: 1749.99 | E12: 0 | F12: 0 | G12: 0 | H12: 1830.43 | I12: 0 | J12: 5.7 | L12: 1821.73 | M12: 0.2 | N12: 2.8 | O12: 0 | P12: =SUM(Q12:U12) -> 6000.37 | Q12: 0 | R12: 0.37 | S12: 0 | U12: 6000 | V12: 0 | W12: 0 | X12: 0
A13: 民國90年 2001 | B13: 5750.86 | C13: 989.96 | D13: 989.96 | E13: 0 | F13: 0 | G13: 0 | H13: 4717.9 | I13: 0 | J13: 1.1 | L13: 4707.41 | M13: 0.2 | N13: 0 | O13: 9.19 | P13: =SUM(Q13:U13) -> 43 | Q13: 0 | R13: 43 | S13: 0 | T13: 0 | U13: 0 | V13: 0 | W13: 0 | X13: 0
A14: 民國91年 2002 | B14: 4308.31 | C14: 2207.71 | D14: 2207.71 | E14: 0 | F14: 0 | G14: 0 | H14: 2024.95 | I14: 0 | J14: 124.91 | L14: 1757.15 | M14: 140.89 | N14: 0 | O14: 2 | P14: =SUM(Q14:U14) -> 75.65 | Q14: 0 | R14: 74.95 | S14: 0 | T14: 0 | U14: 0.7 | V14: 0 | W14: 0 | X14: 0
A15: 民國92年 2003 | B15: 9262.2 | C15: 1725.38 | D15: 1725.38 | E15: 0 | F15: 0 | G15: 0 | H15: 7490.16 | I15: 0 | J15: 16 | L15: 7239.18 | M15: 222.18 | N15: 0 | O15: 12.8 | P15: =SUM(Q15:U15) -> 46.66 | Q15: 0 | R15: 0 | S15: 0 | T15: 0 | U15: 46.66 | V15: 0 | W15: 0 | X15: 0
A16: 民國93年 2004 | B16: 4556.94 | C16: 1141.13 | D16: 1141.13 | E16: 0 | F16: 0 | G16: 0 | H16: 3011.64 | I16: 0 | J16: 108.02 | L16: 2395.61 | M16: 492.61 | N16: 0 | O16: 15.4 | P16: =SUM(Q16:U16) -> 404.17 | Q16: 0 | R16: 20.1 | S16: 0 | T16: 0 | U16: 384.07 | V16: 0 | W16: 0 | X16: 0
A17: 民國 94年 2005 | B17: 4663.53 | C17: 982.64 | D17: 982.64 | E17: 0 | F17: 0 | G17: 0 | H17: 2948.83 | I17: 0 | J17: 161.34 | L17: 1842.17 | M17: =SUM(M18:M29) -> 945.32 | N17: 0 | O17: 0 | P17: =SUM(Q17:S17) -> 732.06 | Q17: 0 | R17: 12 | S17: 720.06 | T17: 0 | U17: 0 | V17: 0 | W17: 0 | X17: 0
A18: 1 月 Mar. | B18: 2444.06 | C18: 275.07 | D18: 275.07 | E18: 0 | F18: 0 | G18: 0 | H18: 1558.68 | I18: 0 | J18: 159.64 | L18: 777.33 | M18: 621.71 | N18: 0 | O18: 0 | P18: =SUM(Q18:S18) -> 610.31 | Q18: 0 | R18: 0 | S18: 610.31 | T18: 0 | U18: 0 | V18: 0 | W18: 0 | X18: 0
A19: 2 月 Feb. | B19: 318.67 | C19: 205.42 | D19: 205.42 | E19: 0 | F19: 0 | G19: 0 | H19: 113.25 | I19: 0 | J19: 0 | L19: 113.15 | M19: 0.1 | N19: 0 | O19: 0 | P19: =SUM(Q19:S19) -> 0 | Q19: 0 | R19: 0 | S19: 0 | T19: 0 | U19: 0 | V19: 0 | W19: 0 | X19: 0
A20: 3 月 Mar. | B20: 134.28 | C20: 53.97 | D20: 53.97 | E20: 0 | F20: 0 | G20: 0 | H20: 69.06 | I20: 0 | J20: 0.7 | L20: 48.36 | M20: 20 | N20: 0 | O20: 0 | P20: =SUM(Q20:S20) -> 11.25 | Q20: 0 | R20: 0 | S20: 11.25 | T20: 0 | U20: 0 | V20: 0 | W20: 0 | X20: 0
A21: 4 月 Apr. | B21: 113.83 | C21: 40.69 | D21: 40.69 | E21: 0 | F21: 0 | G21: 0 | H21: 66.14 | I21: 0 | J21: 0 | L21: 66.14 | M21: 0 | N21: 0 | O21: 0 | P21: =SUM(Q21:S21) -> 7 | Q21: 0 | R21: 4 | S21: 3 | T21: 0 | U21: 0 | V21: 0 | W21: 0 | X21: 0
A22: 5 月 May | B22: 143.55 | C22: 102.17 | D22: 102.17 | E22: 0 | F22: 0 | G22: 0 | H22: 38.68 | I22: 0 | J22: 0 | L22: 38.68 | M22: 0 | N22: 0 | O22: 0 | P22: =SUM(Q22:S22) -> 2.7 | Q22: 0 | R22: 0 | S22: 2.7 | T22: 0 | U22: 0 | V22: 0 | W22: 0 | X22: 0
A23: 6 月 June | B23: 241.26 | C23: 47.41 | D23: 47.41 | E23: 0 | F23: 0 | G23: 0 | H23: 190.85 | I23: 0 | J23: 1 | L23: 189.85 | M23: 0 | N23: 0 | O23: 0 | P23: =SUM(Q23:S23) -> 3 | Q23: 0 | R23: 0 | S23: 3 | T23: 0 | U23: 0 | V23: 0 | W23: 0 | X23: 0
A24: 7 月 July | B24: 398.35 | C24: 86.38 | D24: 86.38 | E24: 0 | F24: 0 | G24: 0 | H24: 214.17 | I24: 0 | J24: 0 | L24: 212.97 | M24: 1.2 | N24: 0 | O24: 0 | P24: =SUM(Q24:S24) -> 97.8 | Q24: 0 | R24: 8 | S24: 89.8 | T24: 0 | U24: 0 | V24: 0 | W24: 0 | X24: 0
A25: 8 月 Aug. | B25: 268.67 | C25: 61.02 | D25: 61.02 | E25: 0 | F25: 0 | G25: 0 | H25: 207.65 | I25: 0 | J25: 0 | L25: 206.35 | M25: 1.3 | N25: 0 | O25: 0 | P25: =SUM(Q25:S25) -> 0 | Q25: 0 | R25: 0 | S25: 0 | T25: 0 | U25: 0 | V25: 0 | W25: 0 | X25: 0
A26: 9 月 Sept. | B26: 54.5 | C26: 28.78 | D26: 28.78 | E26: 0 | F26: 0 | G26: 0 | H26: 25.72 | I26: 0 | J26: 0 | L26: 25.71 | M26: 0.01 | N26: 0 | O26: 0 | P26: =SUM(Q26:S26) -> 0 | Q26: 0 | R26: 0 | S26: 0 | T26: 0 | U26: 0 | V26: 0 | W26: 0 | X26: 0
A27: 10 月 Oct. | B27: 147.14 | C27: 31.21 | D27: 31.21 | E27: 0 | F27: 0 | G27: 0 | H27: 115.93 | I27: 0 | J27: 0 | L27: 115.93 | M27: 0 | N27: 0 | O27: 0 | P27: =SUM(Q27:S27) -> 0 | Q27: 0 | R27: 0 | S27: 0 | T27: 0 | U27: 0 | V27: 0 | W27: 0 | X27: 0
A28: 11 月 Nov. | B28: 365.33 | C28: 38.9 | D28: 38.9 | E28: 0 | F28: 0 | G28: 0 | H28: 326.43 | I28: 0 | J28: 0 | L28: 25.43 | M28: 301 | N28: 0 | O28: 0 | P28: =SUM(Q28:S28) -> 0 | Q28: 0 | R28: 0 | S28: 0 | T28: 0 | U28: 0 | V28: 0 | W28: 0 | X28: 0
A29: 12 月 Dec. | B29: 33.89 | C29: 11.62 | D29: 11.62 | E29: 0 | F29: 0 | G29: 0 | H29: 22.27 | I29: 0 | J29: 0 | L29: 22.27 | M29: 0 | N29: 0 | O29: 0 | P29: =SUM(Q29:S29) -> 0 | Q29: 0 | R29: 0 | S29: 0 | T29: 0 | U29: 0 | V29: 0 | W29: 0 | X29: 0
A30: 民國 95年 2006 | B30: 5571.05 | C30: 3786.13 | D30: 3786.13 | E30: 0 | F30: 0 | G30: 0 | H30: 1725.12 | I30: 0 | J30: 38.63 | L30: 1599.04 | M30: 87.45 | N30: 0 | O30: 0 | P30: 59.6 | Q30: 0 | R30: 0 | S30: 59.6 | T30: 0 | U30: 0 | V30: 0.2 | W30: 0 | X30: 0
